Workbook

Sheet Expectativa de Vida - BM
A1: Data Source | B1: World Development Indicators
A2: Last Updated Date | B2: 42592
A4: Country Name | B4: Country Code | C4: Indicator Name | D4: Indicator Code | E4: 1960 | F4: 1961 | G4: 1962 | H4: 1963 | I4: 1964 | J4: 1965 | K4: 1966 | L4: 1967 | M4: 1968 | N4: 1969 | O4: 1970 | P4: 1971 | Q4: 1972 | R4: 1973 | S4: 1974 | T4: 1975 | U4: 1976 | V4: 1977 | W4: 1978 | X4: 1979 | Y4: 1980 | Z4: 1981 | AA4: 1982 | AB4: 1983 | AC4: 1984 | AD4: 1985 | AE4: 1986 | AF4: 1987 | AG4: 1988 | AH4: 1989 | AI4: 1990 | AJ4: 1991 | AK4: 1992 | AL4: 1993 | AM4: 1994 | AN4: 1995 | AO4: 1996 | AP4: 1997 | AQ4: 1998 | AR4: 1999 | AS4: 2000 | AT4: 2001 | AU4: 2002 | AV4: 2003 | AW4: 2004 | AX4: 2005 | AY4: 2006 | AZ4: 2007 | BA4: 2008 | BB4: 2009 | BC4: 2010 | BD4: 2011 | BE4: 2012 | BF4: 2013 | BG4: 2014 | BH4: 2015
A5: Aruba | B5: ABW | C5: Life expectancy at birth, total (years) | D5: SP.DYN.LE00.IN | E5: 65.569366 | F5: 65.988024 | G5: 66.365537 | H5: 66.713976 | I5: 67.044293 | J5: 67.369756 | K5: 67.699 | L5: 68.034683 | M5: 68.377146 | N5: 68.728415 | O5: 69.086146 | P5: 69.446098 | Q5: 69.799146 | R5: 70.139659 | S5: 70.465293 | T5: 70.777805 | U5: 71.080829 | V5: 71.377707 | W5: 71.66978 | X5: 71.952854 | Y5: 72.220146 | Z5: 72.462341 | AA5: 72.673195 | AB5: 72.849024 | AC5: 72.989756 | AD5: 73.097976 | AE5: 73.179366 | AF5: 73.242707 | AG5: 73.296244 | AH5: 73.344488 | AI5: 73.389976 | AJ5: 73.433122 | AK5: 73.471756 | AL5: 73.505317 | AM5: 73.535756 | AN5: 73.56361 | AO5: 73.589951 | AP5: 73.616341 | AQ5: 73.644854 | AR5: 73.679488 | AS5: 73.724195 | AT5: 73.784439 | AU5: 73.862171 | AV5: 73.958829 | AW5: 74.071902 | AX5: 74.199902 | AY5: 74.338829 | AZ5: 74.482756 | BA5: 74.627683 | BB5: 74.771146 | BC5: 74.910634 | BD5: 75.047659 | BE5: 75.183195 | BF5: 75.319732 | BG5: 75.45678 | BH5: 75.594341
A6: Afghanistan | B6: AFG | C6: Life expectancy at birth, total (years) | D6: SP.DYN.LE00.IN | E6: 32.337561 | F6: 32.786976 | G6: 33.228927 | H6: 33.666902 | I6: 34.101902 | J6: 34.534902 | K6: 34.966927 | L6: 35.398927 | M6: 35.832415 | N6: 36.26939 | O6: 36.712829 | P6: 37.161756 | Q6: 37.620171 | R6: 38.088585 | S6: 38.571 | T6: 39.069439 | U6: 39.58539 | V6: 40.119854 | W6: 40.676829 | X6: 41.258805 | Y6: 41.875244 | Z6: 42.53361 | AA6: 43.235902 | AB6: 43.980098 | AC6: 44.762195 | AD6: 45.57922 | AE6: 46.427659 | AF6: 47.296561 | AG6: 48.170463 | AH6: 49.031366 | AI6: 49.857805 | AJ6: 50.627756 | AK6: 51.332756 | AL6: 51.970268 | AM6: 52.543829 | AN6: 53.062415 | AO6: 53.543537 | AP6: 54.009707 | AQ6: 54.482902 | AR6: 54.975146 | AS6: 55.498927 | AT6: 56.060707 | AU6: 56.653537 | AV6: 57.265878 | AW6: 57.89122 | AX6: 58.515585 | AY6: 59.125951 | AZ6: 59.708854 | BA6: 60.256732 | BB6: 60.76461 | BC6: 61.235463 | BD6: 61.674244 | BE6: 62.092976 | BF6: 62.50161 | BG6: 62.902683 | BH6: 63.298195
A7: Angola | B7: AGO | C7: Life expectancy at birth, total (years) | D7: SP.DYN.LE00.IN | E7: 33.226024 | F7: 33.547756 | G7: 33.888 | H7: 34.244732 | I7: 34.617463 | J7: 35.00222 | K7: 35.396512 | L7: 35.797854 | M7: 36.202268 | N7: 36.60722 | O7: 37.01422 | P7: 37.425756 | Q7: 37.843317 | R7: 38.261854 | S7: 38.675317 | T7: 39.072122 | U7: 39.441195 | V7: 39.772463 | W7: 40.061488 | X7: 40.30778 | Y7: 40.510927 | Z7: 40.675585 | AA7: 40.814366 | AB7: 40.937829 | AC7: 41.053024 | AD7: 41.161341 | AE7: 41.260707 | AF7: 41.351488 | AG7: 41.44161 | AH7: 41.543585 | AI7: 41.669488 | AJ7: 41.828463 | AK7: 42.034659 | AL7: 42.303098 | AM7: 42.650293 | AN7: 43.098122 | AO7: 43.665951 | AP7: 44.355146 | AQ7: 45.159585 | AR7: 46.07078 | AS7: 47.076756 | AT7: 48.162634 | AU7: 49.301561 | AV7: 50.466122 | AW7: 51.632854 | AX7: 52.787707 | AY7: 53.927122 | AZ7: 55.047512 | BA7: 56.139293 | BB7: 57.181 | BC7: 58.141122 | BD7: 58.991244 | BE7: 59.718439 | BF7: 60.321756 | BG7: 60.806732 | BH7: 61.189341
A8: Albania | B8: ALB | C8: Life expectancy at birth, total (years) | D8: SP.DYN.LE00.IN | E8: 62.254366 | F8: 63.273463 | G8: 64.162854 | H8: 64.887098 | I8: 65.438195 | J8: 65.82739 | K8: 66.089317 | L8: 66.28722 | M8: 66.474951 | N8: 66.68161 | O8: 66.932585 | P8: 67.238878 | Q8: 67.585951 | R8: 67.957951 | S8: 68.348341 | T8: 68.74122 | U8: 69.115512 | V8: 69.456171 | W8: 69.754244 | X8: 70.009659 | Y8: 70.235976 | Z8: 70.454463 | AA8: 70.685122 | AB8: 70.93739 | AC8: 71.206537 | AD8: 71.47122 | AE8: 71.697561 | AF8: 71.861951 | AG8: 71.953293 | AH8: 71.978585 | AI8: 71.95878 | AJ8: 71.926268 | AK8: 71.917976 | AL8: 71.964805 | AM8: 72.080732 | AN8: 72.276268 | AO8: 72.551488 | AP8: 72.883951 | AQ8: 73.250634 | AR8: 73.635537 | AS8: 74.014024 | AT8: 74.362927 | AU8: 74.670659 | AV8: 74.934707 | AW8: 75.157098 | AX8: 75.357024 | AY8: 75.561244 | AZ8: 75.794927 | BA8: 76.072659 | BB8: 76.394878 | BC8: 76.747902 | BD8: 77.108463 | BE8: 77.448268 | BF8: 77.747098 | BG8: 77.99839 | BH8: 78.203146
A9: Andorra | B9: AND | C9: Life expectancy at birth, total (years) | D9: SP.DYN.LE00.IN
A10: Arab World | B10: ARB | C10: Life expectancy at birth, total (years) | D10: SP.DYN.LE00.IN | E10: 46.815045 | F10: 47.397232 | G10: 47.977768 | H10: 48.560874 | I10: 49.147395 | J10: 49.732657 | K10: 50.306779 | L10: 50.864002 | M10: 51.403916 | N10: 51.932732 | O10: 52.461087 | P10: 53.004296 | Q10: 53.572348 | R10: 54.166482 | S10: 54.780343 | T10: 55.405284 | U10: 56.030123 | V10: 56.645952 | W10: 57.251884 | X10: 57.855794 | Y10: 58.469154 | Z10: 59.10246 | AA10: 59.75808 | AB10: 60.43014 | AC10: 61.104082 | AD10: 61.758484 | AE10: 62.373326 | AF10: 62.936413 | AG10: 63.440542 | AH10: 63.887033 | AI10: 64.319273 | AJ10: 64.687537 | AK10: 64.981542 | AL10: 65.345648 | AM10: 65.713361 | AN10: 66.124964 | AO10: 66.484175 | AP10: 66.82631 | AQ10: 67.14321 | AR10: 67.434597 | AS10: 67.703474 | AT10: 67.956683 | AU10: 68.202171 | AV10: 68.448209 | AW10: 68.698538 | AX10: 68.951805 | AY10: 69.203319 | AZ10: 69.445691 | BA10: 69.671638 | BB10: 69.879299 | BC10: 70.071361 | BD10: 70.255694 | BE10: 70.440675 | BF10: 70.631378 | BG10: 70.827589 | BH10: 71.028439
A11: United Arab Emirates | B11: ARE | C11: Life expectancy at birth, total (years) | D11: SP.DYN.LE00.IN | E11: 52.288707 | F11: 53.334049 | G11: 54.376488 | H11: 55.415 | I11: 56.446073 | J11: 57.461195 | K11: 58.449341 | L11: 59.400463 | M11: 60.306049 | N11: 61.162073 | O11: 61.967049 | P11: 62.722439 | Q11: 63.436293 | R11: 64.114098 | S11: 64.760854 | T11: 65.378561 | U11: 65.968244 | V11: 66.528878 | W11: 67.063463 | X11: 67.573024 | Y11: 68.058049 | Z11: 68.520537 | AA11: 68.959976 | AB11: 69.377878 | AC11: 69.775244 | AD11: 70.154561 | AE11: 70.515341 | AF11: 70.858073 | AG11: 71.185756 | AH11: 71.499415 | AI11: 71.802024 | AJ11: 72.094122 | AK11: 72.377195 | AL11: 72.653268 | AM11: 72.924293 | AN11: 73.192268 | AO11: 73.458634 | AP11: 73.723902 | AQ11: 73.987512 | AR11: 74.250024 | AS11: 74.509463 | AT11: 74.766878 | AU11: 75.018317 | AV11: 75.263829 | AW11: 75.501415 | AX11: 75.728537 | AY11: 75.944195 | AZ11: 76.148341 | BA11: 76.340415 | BB11: 76.522439 | BC11: 76.694878 | BD11: 76.85978 | BE11: 77.019146 | BF11: 77.175 | BG11: 77.329366 | BH11: 77.484244
A12: Argentina | B12: ARG | C12: Life expectancy at birth, total (years) | D12: SP.DYN.LE00.IN | E12: 65.215537 | F12: 65.338512 | G12: 65.43261 | H12: 65.50939 | I12: 65.582415 | J12: 65.668683 | K12: 65.782244 | L12: 65.930024 | M12: 66.113488 | N12: 66.335098 | O12: 66.590829 | P12: 66.873122 | Q12: 67.167951 | R12: 67.465317 | S12: 67.758659 | T12: 68.047951 | U12: 68.336707 | V12: 68.629439 | W12: 68.926634 | X12: 69.224317 | Y12: 69.514488 | Z12: 69.786659 | AA12: 70.035317 | AB12: 70.257 | AC12: 70.454195 | AD12: 70.63139 | AE12: 70.799073 | AF12: 70.967756 | AG12: 71.145902 | AH12: 71.337537 | AI12: 71.543659 | AJ12: 71.763293 | AK12: 71.988951 | AL12: 72.215659 | AM12: 72.44139 | AN12: 72.665122 | AO12: 72.887341 | AP12: 73.108049 | AQ12: 73.327683 | AR12: 73.544268 | AS12: 73.755805 | AT12: 73.960317 | AU12: 74.15578 | AV12: 74.341268 | AW12: 74.51878 | AX12: 74.688317 | AY12: 74.851415 | AZ12: 75.011561 | BA12: 75.171293 | BB12: 75.331098 | BC12: 75.492024 | BD12: 75.653561 | BE12: 75.814756 | BF12: 75.974561 | BG12: 76.134 | BH12: 76.293024
A13: Armenia | B13: ARM | C13: Life expectancy at birth, total (years) | D13: SP.DYN.LE00.IN | E13: 65.863463 | F13: 66.28439 | G13: 66.709854 | H13: 67.137854 | I13: 67.565415 | J13: 67.991537 | K13: 68.414732 | L13: 68.830488 | M13: 69.229268 | N13: 69.600049 | O13: 69.924268 | P13: 70.182878 | Q13: 70.367341 | R13: 70.479659 | S13: 70.526341 | T13: 70.531927 | U13: 70.529415 | V13: 70.542902 | W13: 70.582976 | X13: 70.641268 | Y13: 70.684537 | Z13: 70.66161 | AA13: 70.535512 | AB13: 70.290146 | AC13: 69.935683 | AD13: 69.5 | AE13: 69.024293 | AF13: 68.567561 | AG13: 68.182098 | AH13: 67.899512 | AI13: 67.74878 | AJ13: 67.742683 | AK13: 67.86261 | AL13: 68.085659 | AM13: 68.39861 | AN13: 68.789512 | AO13: 69.243122 | AP13: 69.738854 | AQ13: 70.248171 | AR13: 70.745341 | AS13: 71.199659 | AT13: 71.581976 | AU13: 71.88839 | AV13: 72.120976 | AW13: 72.284732 | AX13: 72.39878 | AY13: 72.491244 | AZ13: 72.593244 | BA13: 72.725902 | BB13: 72.898756 | BC13: 73.109293 | BD13: 73.345976 | BE13: 73.58622 | BF13: 73.811927 | BG13: 74.019585 | BH13: 74.206195
A14: American Samoa | B14: ASM | C14: Life expectancy at birth, total (years) | D14: SP.DYN.LE00.IN
A15: Antigua and Barbuda | B15: ATG | C15: Life expectancy at birth, total (years) | D15: SP.DYN.LE00.IN | E15: 61.782732 | F15: 62.195415 | G15: 62.598537 | H15: 62.992585 | I15: 63.378585 | J15: 63.756073 | K15: 64.125561 | L15: 64.488073 | M15: 64.842122 | N15: 65.189195 | O15: 65.529341 | P15: 65.862024 | Q15: 66.188268 | R15: 66.508 | S15: 66.82178 | T15: 67.130073 | U15: 67.43339 | V15: 67.730756 | W15: 68.022634 | X15: 68.309537 | Y15: 68.591976 | Z15: 68.868951 | AA15: 69.140927 | AB15: 69.407927 | AC15: 69.670463 | AD15: 69.928512 | AE15: 70.182561 | AF15: 70.432634 | AG15: 70.679732 | AH15: 70.922829 | AI15: 71.162951 | AJ15: 71.400585 | AK15: 71.634707 | AL15: 71.865854 | AM15: 72.093 | AN15: 72.317683 | AO15: 72.538854 | AP15: 72.757561 | AQ15: 72.97378 | AR15: 73.186024 | AS15: 73.397293 | AT15: 73.607098 | AU15: 73.815439 | AV15: 74.02178 | AW15: 74.226146 | AX15: 74.425439 | AY15: 74.619146 | AZ15: 74.804732 | BA15: 74.982195 | BB15: 75.151537 | BC15: 75.313293 | BD15: 75.469537 | BE15: 75.621805 | BF15: 75.773659 | BG15: 75.924098 | BH15: 76.075634
A16: Australia | B16: AUS | C16: Life expectancy at birth, total (years) | D16: SP.DYN.LE00.IN | E16: 70.817073 | F16: 70.973171 | G16: 70.942439 | H16: 70.911707 | I16: 70.880976 | J16: 70.850244 | K16: 70.819512 | L16: 70.869268 | M16: 70.919024 | N16: 70.96878 | O16: 71.018537 | P16: 71.068293 | Q16: 71.457561 | R16: 71.846829 | S16: 72.236098 | T16: 72.625366 | U16: 73.014634 | V16: 73.34439 | W16: 73.674146 | X16: 74.003902 | Y16: 74.333659 | Z16: 74.663415 | AA16: 74.904878 | AB16: 75.146341 | AC16: 75.387805 | AD16: 75.629268 | AE16: 75.870732 | AF16: 76.151707 | AG16: 76.432683 | AH16: 76.713659 | AI16: 76.994634 | AJ16: 77.27561 | AK16: 77.378049 | AL16: 77.878049 | AM16: 77.878049 | AN16: 77.829268 | AO16: 78.078049 | AP16: 78.480488 | AQ16: 78.631707 | AR16: 78.931707 | AS16: 79.234146 | AT16: 79.634146 | AU16: 79.936585 | AV16: 80.239024 | AW16: 80.490244 | AX16: 80.841463 | AY16: 81.041463 | AZ16: 81.292683 | BA16: 81.395122 | BB16: 81.543902 | BC16: 81.695122 | BD16: 81.895122 | BE16: 82.046341 | BF16: 82.14878 | BG16: 82.3 | BH16: 82.45122
A17: Austria | B17: AUT | C17: Life expectancy at birth, total (years) | D17: SP.DYN.LE00.IN | E17: 68.58561 | F17: 69.577317 | G17: 69.309512 | H17: 69.443659 | I17: 69.921951 | J17: 69.722195 | K17: 70.045854 | L17: 69.917805 | M17: 70.057561 | N17: 69.833171 | O17: 69.914634 | P17: 70.114634 | Q17: 70.463415 | R17: 71.014634 | S17: 71.012195 | T17: 71.114634 | U17: 71.565854 | V17: 71.914634 | W17: 72.012195 | X17: 72.312195 | Y17: 72.463415 | Z17: 72.812195 | AA17: 72.960976 | AB17: 73.012195 | AC17: 73.612195 | AD17: 73.814634 | AE17: 74.317073 | AF17: 74.768293 | AG17: 75.217073 | AH17: 75.265854 | AI17: 75.568293 | AJ17: 75.617073 | AK17: 75.817073 | AL17: 76.068293 | AM17: 76.419512 | AN17: 76.668293 | AO17: 76.870732 | AP17: 77.319512 | AQ17: 77.670732 | AR17: 77.87561 | AS17: 78.126829 | AT17: 78.57561 | AU17: 78.678049 | AV17: 78.631707 | AW17: 79.180488 | AX17: 79.331707 | AY17: 79.880488 | AZ17: 80.180488 | BA17: 80.431707 | BB17: 80.331707 | BC17: 80.580488 | BD17: 80.982927 | BE17: 80.936585 | BF17: 81.136585 | BG17: 81.490244 | BH17: 81.843902
A18: Azerbaijan | B18: AZE | C18: Life expectancy at birth, total (years) | D18: SP.DYN.LE00.IN | E18: 60.780854 | F18: 60.99639 | G18: 61.202927 | H18: 61.407488 | I18: 61.612585 | J18: 61.82222 | K18: 62.03639 | L18: 62.250098 | M18: 62.457829 | N18: 62.657585 | O18: 62.84339 | P18: 63.009195 | Q18: 63.154024 | R18: 63.278366 | S18: 63.38222 | T18: 63.469098 | U18: 63.542512 | V18: 63.611463 | W18: 63.679951 | X18: 63.755951 | Y18: 63.848049 | Z18: 63.96778 | AA18: 64.112634 | AB18: 64.278024 | AC18: 64.454805 | AD18: 64.617073 | AE18: 64.733878 | AF18: 64.789537 | AG18: 64.782659 | AH18: 64.724512 | AI18: 64.64722 | AJ18: 64.594585 | AK18: 64.605805 | AL18: 64.706244 | AM18: 64.901098 | AN18: 65.174732 | AO18: 65.494366 | AP18: 65.821268 | AQ18: 66.127756 | AR18: 66.409854 | AS18: 66.681585 | AT18: 66.972488 | AU18: 67.31061 | AV18: 67.712561 | AW18: 68.173439 | AX18: 68.677098 | AY18: 69.199049 | AZ18: 69.70622 | BA18: 70.171 | BB18: 70.578488 | BC18: 70.91861 | BD18: 71.189634 | BE18: 71.405683 | BF18: 71.581415 | BG18: 71.724756 | BH18: 71.845195
A19: Burundi | B19: BDI | C19: Life expectancy at birth, total (years) | D19: SP.DYN.LE00.IN | E19: 41.236049 | F19: 41.545463 | G19: 41.86039 | H19: 42.177805 | I19: 42.49222 | J19: 42.790146 | K19: 43.055073 | L19: 43.280024 | M19: 43.467976 | N19: 43.627439 | O19: 43.781927 | P19: 43.959927 | Q19: 44.184951 | R19: 44.471463 | S19: 44.818463 | T19: 45.218902 | U19: 45.65322 | V19: 46.092415 | W19: 46.512976 | X19: 46.902439 | Y19: 47.262317 | Z19: 47.604683 | AA19: 47.939098 | AB19: 48.263122 | AC19: 48.562293 | AD19: 48.789171 | AE19: 48.884756 | AF19: 48.828049 | AG19: 48.629488 | AH19: 48.325024 | AI19: 48.000122 | AJ19: 47.762683 | AK19: 47.698659 | AL19: 47.854488 | AM19: 48.234683 | AN19: 48.797195 | AO19: 49.460049 | AP19: 50.118805 | AQ19: 50.692512 | AR19: 51.150195 | AS19: 51.487927 | AT19: 51.728756 | AU19: 51.933195 | AV19: 52.15222 | AW19: 52.403805 | AX19: 52.705366 | AY19: 53.06378 | AZ19: 53.466463 | BA19: 53.901878 | BB19: 54.362024 | BC19: 54.837 | BD19: 55.314415 | BE19: 55.782878 | BF19: 56.234512 | BG19: 56.663317 | BH19: 57.069341
A20: Belgium | B20: BEL | C20: Life expectancy at birth, total (years) | D20: SP.DYN.LE00.IN | E20: 69.701951 | F20: 70.520976 | G20: 70.219512 | H20: 70.051463 | I20: 70.755122 | J20: 70.625366 | K20: 70.706341 | L20: 71.012927 | M20: 70.693171 | N20: 70.764878 | O20: 70.971951 | P20: 71.060488 | Q20: 71.405122 | R20: 71.635366 | S20: 71.985854 | T20: 71.97122 | U20: 72.119756 | V20: 72.773902 | W20: 72.698049 | X20: 73.193659 | Y20: 73.207073 | Z20: 73.621707 | AA20: 73.888049 | AB20: 73.869024 | AC20: 74.404878 | AD20: 74.520244 | AE20: 74.731707 | AF20: 75.365854 | AG20: 75.565854 | AH20: 75.632683 | AI20: 76.051951 | AJ20: 76.192195 | AK20: 76.35122 | AL20: 76.345366 | AM20: 76.691707 | AN20: 76.840732 | AO20: 77.187317 | AP20: 77.370732 | AQ20: 77.473171 | AR20: 77.619512 | AS20: 77.721951 | AT20: 77.973171 | AU20: 78.07561 | AV20: 78.129268 | AW20: 78.878049 | AX20: 78.980488 | AY20: 79.380488 | AZ20: 79.782927 | BA20: 79.680488 | BB20: 79.982927 | BC20: 80.182927 | BD20: 80.585366 | BE20: 80.385366 | BF20: 80.587805 | BG20: 81.287805 | BH20: 81.287805
A21: Benin | B21: BEN | C21: Life expectancy at birth, total (years) | D21: SP.DYN.LE00.IN | E21: 37.286415 | F21: 37.738854 | G21: 38.193707 | H21: 38.653902 | I21: 39.12239 | J21: 39.599537 | K21: 40.08622 | L21: 40.580415 | M21: 41.082146 | N21: 41.589951 | O21: 42.107463 | P21: 42.637244 | Q21: 43.179 | R21: 43.729854 | S21: 44.284463 | T21: 44.828902 | U21: 45.345707 | V21: 45.828341 | W21: 46.279341 | X21: 46.70578 | Y21: 47.129732 | Z21: 47.579317 | AA21: 48.077537 | AB21: 48.637927 | AC21: 49.261439 | AD21: 49.95161 | AE21: 50.703951 | AF21: 51.490854 | AG21: 52.278146 | AH21: 53.03461 | AI21: 53.713951 | AJ21: 54.267854 | AK21: 54.678171 | AL21: 54.945805 | AM21: 55.079756 | AN21: 55.110122 | AO21: 55.080122 | AP21: 55.045585 | AQ21: 55.054707 | AR21: 55.135585 | AS21: 55.310756 | AT21: 55.589171 | AU21: 55.948659 | AV21: 56.362098 | AW21: 56.814927 | AX21: 57.28561 | AY21: 57.749122 | AZ21: 58.188976 | BA21: 58.590707 | BB21: 58.946805 | BC21: 59.259268 | BD21: 59.53661 | BE21: 59.797854 | BF21: 60.056512 | BG21: 60.318122 | BH21: 60.584683
A22: Burkina Faso | B22: BFA | C22: Life expectancy at birth, total (years) | D22: SP.DYN.LE00.IN | E22: 34.477902 | F22: 34.938634 | G22: 35.405878 | H22: 35.879659 | I22: 36.358951 | J22: 36.837756 | K22: 37.309049 | L22: 37.768317 | M22: 38.216537 | N22: 38.657732 | O22: 39.096878 | P22: 39.538512 | Q22: 39.995171 | R22: 40.480341 | S22: 41.006585 | T22: 41.60639 | U22: 42.313293 | V22: 43.130244 | W22: 44.03978 | X22: 45.01339 | Y22: 45.997561 | Z22: 46.928317 | AA22: 47.749634 | AB22: 48.422 | AC22: 48.924366 | AD22: 49.25122 | AE22: 49.417537 | AF22: 49.472268 | AG22: 49.462902 | AH22: 49.419878 | AI22: 49.36561 | AJ22: 49.316463 | AK22: 49.277951 | AL22: 49.259659 | AM22: 49.277707 | AN22: 49.340317 | AO22: 49.450805 | AP22: 49.605878 | AQ22: 49.806659 | AR22: 50.060659 | AS22: 50.382854 | AT22: 50.78861 | AU22: 51.281659 | AV22: 51.857268 | AW22: 52.507244 | AX22: 53.218439 | AY22: 53.975244 | AZ22: 54.755659 | BA22: 55.535707 | BB22: 56.294878 | BC22: 57.014683 | BD22: 57.681122 | BE22: 58.295829 | BF22: 58.860366 | BG22: 59.375293 | BH22: 59.844659
A23: Bangladesh | B23: BGD | C23: Life expectancy at birth, total (years) | D23: SP.DYN.LE00.IN | E23: 45.829829 | F23: 46.457927 | G23: 47.083463 | H23: 47.691439 | I23: 48.25339 | J23: 48.686463 | K23: 48.891829 | L23: 48.834049 | M23: 48.533122 | N23: 48.048463 | O23: 47.522854 | P23: 47.137049 | Q23: 47.033293 | R23: 47.293488 | S23: 47.926634 | T23: 48.865805 | U23: 49.981244 | V23: 51.097683 | W23: 52.080341 | X23: 52.877293 | Y23: 53.477049 | Z23: 53.917024 | AA23: 54.292561 | AB23: 54.679561 | AC23: 55.104439 | AD23: 55.580659 | AE23: 56.105195 | AF23: 56.659073 | AG23: 57.225878 | AH23: 57.806146 | AI23: 58.408561 | AJ23: 59.040268 | AK23: 59.707341 | AL23: 60.407293 | AM23: 61.132024 | AN23: 61.872366 | AO23: 62.612561 | AP23: 63.338878 | AQ23: 64.038195 | AR23: 64.702415 | AS23: 65.325122 | AT23: 65.904463 | AU23: 66.449659 | AV23: 66.967366 | AW23: 67.46261 | AX23: 67.941293 | AY23: 68.410268 | AZ23: 68.873902 | BA23: 69.333683 | BB23: 69.791171 | BC23: 70.242049 | BD23: 70.680561 | BE23: 71.100902 | BF23: 71.497756 | BG23: 71.871659 | BH23: 72.22161
A24: Bulgaria | B24: BGR | C24: Life expectancy at birth, total (years) | D24: SP.DYN.LE00.IN | E24: 69.247561 | F24: 70.19561 | G24: 69.491951 | H24: 70.309268 | I24: 71.12122 | J24: 71.293902 | K24: 71.223415 | L24: 70.413902 | M24: 71.225122 | N24: 70.43 | O24: 71.256341 | P24: 70.873659 | Q24: 70.899512 | R24: 71.342195 | S24: 71.208049 | T24: 71.049756 | U24: 71.394878 | V24: 70.816098 | W24: 71.184634 | X24: 71.308293 | Y24: 71.157561 | Z24: 71.571951 | AA24: 71.186098 | AB24: 71.386341 | AC24: 71.499756 | AD24: 71.228049 | AE24: 71.730732 | AF24: 71.526829 | AG24: 71.60439 | AH24: 71.722439 | AI24: 71.641463 | AJ24: 71.560976 | AK24: 71.49439 | AL24: 71.346829 | AM24: 71.20878 | AN24: 71.053415 | AO24: 70.897317 | AP24: 70.35122 | AQ24: 71.060976 | AR24: 71.412195 | AS24: 71.663415 | AT24: 71.768293 | AU24: 71.865854 | AV24: 72.065854 | AW24: 72.563415 | AX24: 72.560976 | AY24: 72.612195 | AZ24: 72.663415 | BA24: 72.963415 | BB24: 73.412195 | BC24: 73.512195 | BD24: 74.163415 | BE24: 74.314634 | BF24: 74.860976 | BG24: 74.465854 | BH24: 74.465854
A25: Bahrain | B25: BHR | C25: Life expectancy at birth, total (years) | D25: SP.DYN.LE00.IN | E25: 52.092439 | F25: 53.460561 | G25: 54.819293 | H25: 56.147098 | I25: 57.425878 | J25: 58.640073 | K25: 59.78261 | L25: 60.858 | M25: 61.869732 | N25: 62.817293 | O25: 63.699195 | P25: 64.517976 | Q25: 65.277707 | R25: 65.986415 | S25: 66.64661 | T25: 67.263829 | U25: 67.840049 | V25: 68.37778 | W25: 68.878976 | X25: 69.345122 | Y25: 69.777195 | Z25: 70.172659 | AA25: 70.531512 | AB25: 70.854707 | AC25: 71.14678 | AD25: 71.412732 | AE25: 71.656585 | AF25: 71.883366 | AG25: 72.099098 | AH25: 72.308805 | AI25: 72.515976 | AJ25: 72.72261 | AK25: 72.927195 | AL25: 73.129244 | AM25: 73.330244 | AN25: 73.530732 | AO25: 73.732244 | AP25: 73.934293 | AQ25: 74.134366 | AR25: 74.332976 | AS25: 74.528024 | AT25: 74.717976 | AU25: 74.90078 | AV25: 75.076902 | AW25: 75.245366 | AX25: 75.407171 | AY25: 75.56339 | AZ25: 75.714561 | BA25: 75.863268 | BB25: 76.010024 | BC25: 76.155317 | BD25: 76.299634 | BE25: 76.442951 | BF25: 76.58522 | BG25: 76.725463 | BH25: 76.865195
A26: Bahamas, The | B26: BHS | C26: Life expectancy at birth, total (years) | D26: SP.DYN.LE00.IN | E26: 62.729049 | F26: 63.072512 | G26: 63.408024 | H26: 63.737049 | I26: 64.059098 | J26: 64.374683 | K26: 64.68378 | L26: 64.98739 | M26: 65.285024 | N26: 65.576683 | O26: 65.863854 | P26: 66.145561 | Q26: 66.422268 | R26: 66.693 | S26: 66.958756 | T26: 67.220024 | U26: 67.476317 | V26: 67.728122 | W26: 67.974951 | X26: 68.21878 | Y26: 68.45861 | Z26: 68.695415 | AA26: 68.929683 | AB26: 69.160463 | AC26: 69.387244 | AD26: 69.61061 | AE26: 69.829098 | AF26: 70.04278 | AG26: 70.249659 | AH26: 70.44778 | AI26: 70.630659 | AJ26: 70.791805 | AK26: 70.929634 | AL26: 71.048146 | AM26: 71.154805 | AN26: 71.262561 | AO26: 71.390439 | AP26: 71.549878 | AQ26: 71.747878 | AR26: 71.984366 | AS26: 72.254293 | AT26: 72.545098 | AU26: 72.841268 | AV26: 73.127293 | AW26: 73.394659 | AX26: 73.639366 | AY26: 73.859463 | AZ26: 74.061463 | BA26: 74.250951 | BB26: 74.428415 | BC26: 74.596902 | BD26: 74.757927 | BE26: 74.913976 | BF26: 75.066537 | BG26: 75.217634 | BH26: 75.36878
... A29: Belize | B29: BLZ | C29: Life expectancy at birth, total (years) | D29: SP.DYN.LE00.IN | E29: 59.961366 | F29: 60.51278 | G29: 61.074341 | H29: 61.646049 | I29: 62.224829 | J29: 62.806122 | K29: 63.385341 | L29: 63.95439 | M29: 64.507707 | N29: 65.039195 | O29: 65.546268 | P29: 66.026317 | Q29: 66.480902 | R29: 66.912098 | S29: 67.324 | T29: 67.718756 | U29: 68.102098 | V29: 68.478146 | W29: 68.847024 | X29: 69.208756 | Y29: 69.566366 | Z29: 69.919756 | AA29: 70.264268 | AB29: 70.589268 | AC29: 70.883171 | AD29: 71.131366 | AE29: 71.317341 | AF29: 71.430585 | AG29: 71.46561 | AH29: 71.418488 | AI29: 71.283732 | AJ29: 71.054415 | AK29: 70.74661 | AL29: 70.38239 | AM29: 69.986293 | AN29: 69.58878 | AO29: 69.219805 | AP29: 68.901854 | AQ29: 68.653902 | AR29: 68.489512 | AS29: 68.418878 | AT29: 68.444122 | AU29: 68.544366 | AV29: 68.697122 | AW29: 68.884829 | AX29: 69.085366 | AY29: 69.275976 | AZ29: 69.443488 | BA29: 69.579707 | BB29: 69.683561 | BC29: 69.762024 | BD29: 69.830171 | BE29: 69.908659 | BF29: 70.013073 | BG29: 70.147512 | BH29: 70.310976
A30: Bermuda | B30: BMU | C30: Life expectancy at birth, total (years) | D30: SP.DYN.LE00.IN | J30: 68.897805 | O30: 70.29 | Y30: 72.304634 | AJ30: 74.029512 | AS30: 77.885366 | AT30: 77.885366 | AU30: 78.087805 | AV30: 78.334146 | AW30: 78.485366 | AX30: 78.685366 | AY30: 78.887805 | AZ30: 78.934146 | BA30: 79.236585 | BB30: 79.388439 | BC30: 79.288537 | BD30: 81.152683 | BE30: 81.677805 | BF30: 80.572439 | BG30: 80.797317 | BH30: 81.012195
A31: Bolivia | B31: BOL | C31: Life expectancy at birth, total (years) | D31: SP.DYN.LE00.IN | E31: 42.118317 | F31: 42.433439 | G31: 42.757049 | H31: 43.089146 | I31: 43.43022 | J31: 43.77978 | K31: 44.137805 | L31: 44.504805 | M31: 44.879756 | N31: 45.263683 | O31: 45.655561 | P31: 46.05539 | Q31: 46.46322 | R31: 46.878512 | S31: 47.302293 | T31: 47.733024 | U31: 48.171732 | V31: 48.618902 | W31: 49.073024 | X31: 49.53461 | Y31: 50.004146 | Z31: 50.482146 | AA31: 50.968098 | AB31: 51.461537 | AC31: 51.962927 | AD31: 52.470805 | AE31: 52.985659 | AF31: 53.507976 | AG31: 54.035268 | AH31: 54.569049 | AI31: 55.107293 | AJ31: 55.650024 | AK31: 56.198244 | AL31: 56.749439 | AM31: 57.305122 | AN31: 57.863293 | AO31: 58.424951 | AP31: 58.98861 | AQ31: 59.554268 | AR31: 60.121415 | AS31: 60.690049 | AT31: 61.259195 | AU31: 61.828829 | AV31: 62.398976 | AW31: 62.968634 | AX31: 63.53978 | AY31: 64.114951 | AZ31: 64.693634 | BA31: 65.272829 | BB31: 65.846561 | BC31: 66.405805 | BD31: 66.94161 | BE31: 67.446951 | BF31: 67.917366 | BG31: 68.350317 | BH31: 68.749805
A32: Brazil | B32: BRA | C32: Life expectancy at birth, total (years) | D32: SP.DYN.LE00.IN | E32: 54.213024 | F32: 54.726756 | G32: 55.244707 | H32: 55.760927 | I32: 56.271512 | J32: 56.775439 | K32: 57.273268 | L32: 57.764512 | M32: 58.246244 | N32: 58.713561 | O32: 59.155585 | P32: 59.562463 | Q32: 59.929244 | R32: 60.255439 | S32: 60.544512 | T32: 60.802927 | U32: 61.041073 | V32: 61.27178 | W32: 61.506951 | X32: 61.754976 | Y32: 62.020293 | Z32: 62.303878 | AA32: 62.602244 | AB32: 62.911463 | AC32: 63.232073 | AD32: 63.562561 | AE32: 63.900463 | AF32: 64.245829 | AG32: 64.59822 | AH32: 64.961195 | AI32: 65.340317 | AJ32: 65.742683 | AK32: 66.171805 | AL32: 66.627683 | AM32: 67.106829 | AN32: 67.601683 | AO32: 68.104732 | AP32: 68.605854 | AQ32: 69.095049 | AR32: 69.56722 | AS32: 70.01639 | AT32: 70.442561 | AU32: 70.84922 | AV32: 71.240439 | AW32: 71.618195 | AX32: 71.986 | AY32: 72.349341 | AZ32: 72.709732 | BA32: 73.068659 | BB32: 73.423098 | BC32: 73.769561 | BD32: 74.100512 | BE32: 74.410439 | BF32: 74.696341 | BG32: 74.958244 | BH32: 75.199122
A33: Barbados | B33: BRB | C33: Life expectancy at birth, total (years) | D33: SP.DYN.LE00.IN | E33: 60.738049 | F33: 61.215098 | G33: 61.696171 | H33: 62.182268 | I33: 62.672878 | J33: 63.161024 | K33: 63.638634 | L33: 64.098732 | M33: 64.535268 | N33: 64.94578 | O33: 65.331244 | P33: 65.695171 | Q33: 66.044073 | R33: 66.382488 | S33: 66.71439 | T33: 67.040805 | U33: 67.36222 | V33: 67.677146 | W33: 67.984561 | X33: 68.284463 | Y33: 68.577366 | Z33: 68.86378 | AA33: 69.143683 | AB33: 69.41661 | AC33: 69.684024 | AD33: 69.944951 | AE33: 70.201366 | AF33: 70.45178 | AG33: 70.696683 | AH33: 70.936585 | AI33: 71.171951 | AJ33: 71.403341 | AK33: 71.63122 | AL33: 71.854098 | AM33: 72.072488 | AN33: 72.28439 | AO33: 72.488805 | AP33: 72.68422 | AQ33: 72.870659 | AR33: 73.048585 | AS33: 73.219512 | AT33: 73.383927 | AU33: 73.546317 | AV33: 73.707171 | AW33: 73.868024 | AX33: 74.030341 | AY33: 74.193634 | AZ33: 74.357415 | BA33: 74.521707 | BB33: 74.685488 | BC33: 74.848805 | BD33: 75.010146 | BE33: 75.170024 | BF33: 75.327951 | BG33: 75.483902 | BH33: 75.637902
A34: Brunei Darussalam | B34: BRN | C34: Life expectancy at birth, total (years) | D34: SP.DYN.LE00.IN | E34: 62.500366 | F34: 63.048951 | G34: 63.575902 | H34: 64.076195 | I34: 64.548317 | J34: 64.992293 | K34: 65.412122 | L34: 65.81439 | M34: 66.205146 | N34: 66.588415 | O34: 66.965195 | P34: 67.335512 | Q34: 67.698854 | R34: 68.053683 | S34: 68.400537 | T34: 68.73939 | U34: 69.071244 | V34: 69.396098 | W34: 69.713439 | X34: 70.024805 | Y34: 70.329659 | Z34: 70.627512 | AA34: 70.919366 | AB34: 71.20622 | AC34: 71.486073 | AD34: 71.759927 | AE34: 72.02878 | AF34: 72.292634 | AG34: 72.550488 | AH34: 72.803341 | AI34: 73.051195 | AJ34: 73.295049 | AK34: 73.53339 | AL34: 73.767244 | AM34: 73.997098 | AN34: 74.222951 | AO34: 74.444317 | AP34: 74.662171 | AQ34: 74.875537 | AR34: 75.085415 | AS34: 75.29478 | AT34: 75.507659 | AU34: 75.723024 | AV34: 75.938878 | AW34: 76.14922 | AX34: 76.341585 | AY34: 76.500439 | AZ34: 76.619341 | BA34: 76.695756 | BB34: 76.736707 | BC34: 76.754195 | BD34: 76.767195 | BE34: 76.795195 | BF34: 76.85122 | BG34: 76.941732 | BH34: 77.066756
A35: Bhutan | B35: BTN | C35: Life expectancy at birth, total (years) | D35: SP.DYN.LE00.IN | E35: 34.52339 | F35: 34.886732 | G35: 35.288171 | H35: 35.73222 | I35: 36.217902 | J35: 36.74322 | K35: 37.301098 | L35: 37.879463 | M35: 38.467317 | N35: 39.055659 | O35: 39.634512 | P35: 40.193976 | Q35: 40.735073 | R35: 41.262878 | S35: 41.783341 | T35: 42.309439 | U35: 42.858634 | V35: 43.443829 | W35: 44.072488 | X35: 44.746561 | Y35: 45.459024 | Z35: 46.198415 | AA35: 46.948756 | AB35: 47.696585 | AC35: 48.436415 | AD35: 49.168244 | AE35: 49.895585 | AF35: 50.626439 | AG35: 51.366293 | AH35: 52.115683 | AI35: 52.872073 | AJ35: 53.630463 | AK35: 54.385878 | AL35: 55.13878 | AM35: 55.889171 | AN35: 56.647537 | AO35: 57.422341 | AP35: 58.221098 | AQ35: 59.04478 | AR35: 59.888902 | AS35: 60.748439 | AT35: 61.614439 | AU35: 62.473878 | AV35: 63.311293 | AW35: 64.114707 | AX35: 64.869659 | AY35: 65.56522 | AZ35: 66.20039 | BA35: 66.777659 | BB35: 67.299488 | BC35: 67.774293 | BD35: 68.210951 | BE35: 68.624902 | BF35: 69.025073 | BG35: 69.417976 | BH35: 69.807122
A36: Botswana | B36: BWA | C36: Life expectancy at birth, total (years) | D36: SP.DYN.LE00.IN | E36: 50.547732 | F36: 50.907634 | G36: 51.255024 | H36: 51.593415 | I36: 51.928756 | J36: 52.272537 | K36: 52.635707 | L36: 53.028244 | M36: 53.457634 | N36: 53.927878 | O36: 54.443463 | P36: 55.008415 | Q36: 55.612732 | R36: 56.245 | S36: 56.894732 | T36: 57.550488 | U36: 58.204317 | V36: 58.845268 | W36: 59.460293 | X36: 60.035927 | Y36: 60.565634 | Z36: 61.049878 | AA36: 61.486098 | AB36: 61.864732 | AC36: 62.170707 | AD36: 62.392902 | AE36: 62.526171 | AF36: 62.557024 | AG36: 62.464024 | AH36: 62.22078 | AI36: 61.761512 | AJ36: 61.012439 | AK36: 59.962268 | AL36: 58.641732 | AM36: 57.112902 | AN36: 55.454976 | AO36: 53.764024 | AP36: 52.159415 | AQ36: 50.76239 | AR36: 49.66822 | AS36: 48.982585 | AT36: 48.783195 | AU36: 49.04378 | AV36: 49.713561 | AW36: 50.746366 | AX36: 52.070317 | AY36: 53.593683 | AZ36: 55.20961 | BA36: 56.819463 | BB36: 58.354659 | BC36: 59.780927 | BD36: 61.098098 | BE36: 62.347244 | BF36: 63.550659 | BG36: 64.69439 | BH36: 65.751098
A37: Central African Republic | B37: CAF | C37: Life expectancy at birth, total (years) | D37: SP.DYN.LE00.IN | E37: 36.482634 | F37: 36.895707 | G37: 37.31878 | H37: 37.760341 | I37: 38.225366 | J37: 38.725854 | K37: 39.272756 | L37: 39.868561 | M37: 40.512756 | N37: 41.202366 | O37: 41.935415 | P37: 42.708951 | Q37: 43.508512 | R37: 44.316122 | S37: 45.113756 | T37: 45.88339 | U37: 46.610439 | V37: 47.284366 | W37: 47.893171 | X37: 48.424902 | Y37: 48.870122 | Z37: 49.223927 | AA37: 49.492439 | AB37: 49.67922 | AC37: 49.784854 | AD37: 49.807854 | AE37: 49.745707 | AF37: 49.601878 | AG37: 49.383805 | AH37: 49.098463 | AI37: 48.746878 | AJ37: 48.328585 | AK37: 47.850561 | AL37: 47.32878 | AM37: 46.782171 | AN37: 46.227171 | AO37: 45.674244 | AP37: 45.140805 | AQ37: 44.649756 | AR37: 44.229463 | AS37: 43.914293 | AT37: 43.733585 | AU37: 43.696317 | AV37: 43.805488 | AW37: 44.057634 | AX37: 44.442829 | AY37: 44.94322 | AZ37: 45.526463 | BA37: 46.163171 | BB37: 46.834927 | BC37: 47.532707 | BD37: 48.256976 | BE37: 49.012146 | BF37: 49.795659 | BG37: 50.591049 | BH37: 51.377854
A38: Canada | B38: CAN | C38: Life expectancy at birth, total (years) | D38: SP.DYN.LE00.IN | E38: 71.133171 | F38: 71.346098 | G38: 71.367073 | H38: 71.380732 | I38: 71.776341 | J38: 71.872195 | K38: 72.00439 | L38: 72.207805 | M38: 72.353415 | N38: 72.501463 | O38: 72.700488 | P38: 73.029268 | Q38: 72.933902 | R38: 73.162683 | S38: 73.237561 | T38: 73.521707 | U38: 73.856098 | V38: 74.21561 | W38: 74.529756 | X38: 74.866341 | Y38: 75.078049 | Z38: 75.478537 | AA38: 75.680488 | AB38: 76.036341 | AC38: 76.317561 | AD38: 76.303415 | AE38: 76.44 | AF38: 76.739512 | AG38: 76.809268 | AH38: 77.06561 | AI38: 77.377073 | AJ38: 77.553415 | AK38: 77.320732 | AL38: 77.685122 | AM38: 77.861951 | AN38: 77.977561 | AO38: 78.230488 | AP38: 78.480488 | AQ38: 78.662439 | AR38: 78.882927 | AS38: 79.236585 | AT38: 79.487805 | AU38: 79.590244 | AV38: 79.839024 | AW38: 80.141463 | AX38: 80.292683 | AY38: 80.292683 | AZ38: 80.543902 | BA38: 80.695122 | BB38: 80.946341 | BC38: 81.197561 | BD38: 81.44878 | BE38: 81.583512 | BF38: 81.772049 | BG38: 81.953049 | BH38: 82.129024
A39: Central Europe and the Baltics | B39: CEB | C39: Life expectancy at birth, total (years) | D39: SP.DYN.LE00.IN | E39: 67.821395 | F39: 68.262044 | G39: 68.006775 | H39: 68.69587 | I39: 69.052276 | J39: 69.276822 | K39: 69.527008 | L39: 69.272735 | M39: 69.536058 | N39: 69.275798 | O39: 69.446971 | P39: 69.485129 | Q39: 69.925368 | R39: 70.067697 | S39: 70.305874 | T39: 70.174405 | U39: 70.319141 | V39: 70.242241 | W39: 70.147839 | X39: 70.239355 | Y39: 69.890213 | Z39: 70.37147 | AA39: 70.455134 | AB39: 70.389611 | AC39: 70.349018 | AD39: 70.312757 | AE39: 70.564922 | AF39: 70.611765 | AG39: 70.861718 | AH39: 70.73197 | AI39: 70.656367 | AJ39: 70.572608 | AK39: 70.732348 | AL39: 70.84623 | AM39: 70.869527 | AN39: 71.025893 | AO39: 71.335465 | AP39: 71.517589 | AQ39: 71.898118 | AR39: 72.184735 | AS39: 72.71969 | AT39: 73.097993 | AU39: 73.244314 | AV39: 73.383829 | AW39: 73.739404 | AX39: 73.840047 | AY39: 74.094725 | AZ39: 74.252383 | BA39: 74.577539 | BB39: 74.931826 | BC39: 75.295349 | BD39: 75.888475 | BE39: 75.993489 | BF39: 76.355163 | BG39: 76.685476 | BH39: 77.026907
A40: Switzerland | B40: CHE | C40: Life expectancy at birth, total (years) | D40: SP.DYN.LE00.IN | E40: 71.313415 | F40: 71.644878 | G40: 71.196098 | H40: 71.187561 | I40: 72.077805 | J40: 72.201707 | K40: 72.33561 | L40: 72.636585 | M40: 72.590244 | N40: 72.612683 | O40: 73.020244 | P40: 73.130732 | Q40: 73.64439 | R40: 73.940976 | S40: 74.287073 | T40: 74.66561 | U40: 74.785366 | V40: 75.238049 | W40: 75.187317 | X40: 75.466098 | Y40: 75.459268 | Z40: 75.693171 | AA40: 76.033902 | AB40: 76.03122 | AC40: 76.608537 | AD40: 76.733659 | AE40: 76.899024 | AF40: 77.197561 | AG40: 77.226585 | AH40: 77.42122 | AI40: 77.242439 | AJ40: 77.514634 | AK40: 77.806098 | AL40: 78.085366 | AM40: 78.35 | AN40: 78.417073 | AO40: 78.896098 | AP40: 79.079512 | AQ40: 79.32439 | AR40: 79.580488 | AS40: 79.680488 | AT40: 80.180488 | AU40: 80.385366 | AV40: 80.536585 | AW40: 81.087805 | AX40: 81.236585 | AY40: 81.490244 | AZ40: 81.741463 | BA40: 81.992683 | BB40: 82.043902 | BC40: 82.246341 | BD40: 82.695122 | BE40: 82.697561 | BF40: 82.797561 | BG40: 83.197561 | BH40: 83.197561
A41: Channel Islands | B41: CHI | C41: Life expectancy at birth, total (years) | D41: SP.DYN.LE00.IN | E41: 70.63978 | F41: 70.734415 | G41: 70.830098 | H41: 70.933317 | I41: 71.047585 | J41: 71.171927 | K41: 71.299341 | L41: 71.421854 | M41: 71.535976 | N41: 71.640707 | O41: 71.739049 | P41: 71.836 | Q41: 71.938049 | R41: 72.050171 | S41: 72.177366 | T41: 72.32461 | U41: 72.493902 | V41: 72.685244 | W41: 72.893122 | X41: 73.116024 | Y41: 73.344951 | Z41: 73.573927 | AA41: 73.795927 | AB41: 74.006463 | AC41: 74.206537 | AD41: 74.398122 | AE41: 74.587732 | AF41: 74.781829 | AG41: 74.985463 | AH41: 75.198585 | AI41: 75.418244 | AJ41: 75.636927 | AK41: 75.849683 | AL41: 76.053 | AM41: 76.24739 | AN41: 76.436854 | AO41: 76.627878 | AP41: 76.827 | AQ41: 77.039659 | AR41: 77.268341 | AS41: 77.514 | AT41: 77.776634 | AU41: 78.051683 | AV41: 78.333171 | AW41: 78.616098 | AX41: 78.894 | AY41: 79.161927 | AZ41: 79.415415 | BA41: 79.652488 | BB41: 79.871146 | BC41: 80.071341 | BD41: 80.253024 | BE41: 80.422122 | BF41: 80.581122 | BG41: 80.735 | BH41: 80.885268
A42: Chile | B42: CHL | C42: Life expectancy at birth, total (years) | D42: SP.DYN.LE00.IN | E42: 57.263512 | F42: 57.659415 | G42: 58.073024 | H42: 58.507805 | I42: 58.965244 | J42: 59.449829 | K42: 59.961024 | L42: 60.500293 | M42: 61.064122 | N42: 61.652463 | O42: 62.263829 | P42: 62.899195 | Q42: 63.554537 | R42: 64.225927 | S42: 64.907317 | T42: 65.595732 | U42: 66.288634 | V42: 66.982073 | W42: 67.670049 | X42: 68.343098 | Y42: 68.989805 | Z42: 69.60022 | AA42: 70.168902 | AB42: 70.695854 | AC42: 71.179049 | AD42: 71.623463 | AE42: 72.036049 | AF42: 72.427707 | AG42: 72.807341 | AH42: 73.177902 | AI42: 73.54378 | AJ42: 73.903463 | AK42: 74.253415 | AL42: 74.590659 | AM42: 74.914732 | AN42: 75.227659 | AO42: 75.531488 | AP42: 75.825293 | AQ42: 76.110146 | AR42: 76.385098 | AS42: 76.644707 | AT42: 76.887024 | AU42: 77.108024 | AV42: 77.307683 | AW42: 77.487 | AX42: 77.647439 | AY42: 77.790951 | AZ42: 77.923 | BA42: 78.050024 | BB42: 78.176512 | BC42: 78.308927 | BD42: 78.452756 | BE42: 78.609537 | BF42: 78.780268 | BG42: 78.964488 | BH42: 79.160683
... A53: Cuba | B53: CUB | C53: Life expectancy at birth, total (years) | D53: SP.DYN.LE00.IN | E53: 63.904659 | F53: 64.516439 | G53: 65.13822 | H53: 65.768024 | I53: 66.401805 | J53: 67.031561 | K53: 67.649244 | L53: 68.247854 | M53: 68.820878 | N53: 69.365805 | O53: 69.883098 | P53: 70.378293 | Q53: 70.85639 | R53: 71.320951 | S53: 71.769488 | T53: 72.19761 | U53: 72.598854 | V53: 72.966268 | W53: 73.295829 | X53: 73.584537 | Y53: 73.831756 | Z53: 74.036366 | AA53: 74.203268 | AB53: 74.33939 | AC53: 74.447756 | AD53: 74.528927 | AE53: 74.581537 | AF53: 74.607707 | AG53: 74.618049 | AH53: 74.623098 | AI53: 74.643805 | AJ53: 74.700561 | AK53: 74.803293 | AL53: 74.958927 | AM53: 75.163976 | AN53: 75.409 | AO53: 75.675634 | AP53: 75.941976 | AQ53: 76.193073 | AR53: 76.425878 | AS53: 76.644805 | AT53: 76.86522 | AU53: 77.102463 | AV53: 77.363951 | AW53: 77.644683 | AX53: 77.932146 | AY53: 78.205951 | AZ53: 78.449707 | BA53: 78.651537 | BB53: 78.811512 | BC53: 78.936659 | BD53: 79.040537 | BE53: 79.142122 | BF53: 79.256341 | BG53: 79.389707 | BH53: 79.543707
A54: Curacao | B54: CUW | C54: Life expectancy at birth, total (years) | D54: SP.DYN.LE00.IN | AY54: 74.709756 | AZ54: 75.363415 | BA54: 75.309756 | BB54: 76.156098 | BD54: 77.473171 | BG54: 77.82439
A55: Cayman Islands | B55: CYM | C55: Life expectancy at birth, total (years) | D55: SP.DYN.LE00.IN
A56: Cyprus | B56: CYP | C56: Life expectancy at birth, total (years) | D56: SP.DYN.LE00.IN | E56: 69.593927 | F56: 69.927829 | G56: 70.251244 | H56: 70.564683 | I56: 70.869122 | J56: 71.165073 | K56: 71.452537 | L56: 71.731 | M56: 72.002488 | N56: 72.265976 | O56: 72.522976 | P56: 72.772976 | Q56: 73.016976 | R56: 73.254463 | S56: 73.485463 | T56: 73.710439 | U56: 73.930415 | V56: 74.144878 | W56: 74.353854 | X56: 74.557829 | Y56: 74.756805 | Z56: 74.951293 | AA56: 75.140756 | AB56: 75.325244 | AC56: 75.50622 | AD56: 75.682707 | AE56: 75.856171 | AF56: 76.025122 | AG56: 76.191073 | AH56: 76.354024 | AI56: 76.513951 | AJ56: 76.67139 | AK56: 76.826317 | AL56: 76.978268 | AM56: 77.127707 | AN56: 77.274659 | AO56: 77.419098 | AP56: 77.561024 | AQ56: 77.700927 | AR56: 77.837805 | AS56: 77.971683 | AT56: 78.100561 | AU56: 78.223951 | AV56: 78.345341 | AW56: 78.465756 | AX56: 78.590122 | AY56: 78.723366 | AZ56: 78.869512 | BA56: 79.029049 | BB56: 79.202 | BC56: 79.384951 | BD56: 79.573024 | BE56: 79.76178 | BF56: 79.94478 | BG56: 80.122049 | BH56: 80.291049
A57: Czech Republic | B57: CZE | C57: Life expectancy at birth, total (years) | D57: SP.DYN.LE00.IN | E57: 70.34878 | F57: 70.512683 | G57: 69.786829 | H57: 70.30439 | I57: 70.459512 | J57: 70.163171 | K57: 70.384878 | L57: 70.264146 | M57: 69.840732 | N57: 69.367073 | O57: 69.440244 | P57: 69.677073 | Q57: 70.176585 | R57: 70.022683 | S57: 70.086585 | T57: 70.414634 | U57: 70.532683 | V57: 70.573415 | W57: 70.643902 | X57: 70.749512 | Y57: 70.278049 | Z57: 70.722195 | AA57: 70.807805 | AB57: 70.591463 | AC57: 70.837561 | AD57: 71.046341 | AE57: 70.997317 | AF57: 71.44561 | AG57: 71.641463 | AH57: 71.67561 | AI57: 71.383902 | AJ57: 71.898293 | AK57: 72.271707 | AL57: 72.767805 | AM57: 72.972683 | AN57: 73.074878 | AO57: 73.714634 | AP57: 73.824878 | AQ57: 74.514634 | AR57: 74.668293 | AS57: 74.968293 | AT57: 75.173171 | AU57: 75.221951 | AV57: 75.170732 | AW57: 75.721951 | AX57: 75.92439 | AY57: 76.52439 | AZ57: 76.72439 | BA57: 76.97561 | BB57: 77.078049 | BC57: 77.42439 | BD57: 77.873171 | BE57: 78.07561 | BF57: 78.17561 | BG57: 78.82439 | BH57: 79.473171
A58: Germany | B58: DEU | C58: Life expectancy at birth, total (years) | D58: SP.DYN.LE00.IN | E58: 69.310024 | F58: 69.508 | G58: 69.691537 | H58: 69.85961 | I58: 70.013707 | J58: 70.151829 | K58: 70.271415 | L58: 70.374 | M58: 70.465098 | N58: 70.550683 | O58: 70.63978 | P58: 70.742878 | Q58: 70.867 | R58: 71.016683 | S58: 71.195415 | T58: 71.401732 | U58: 71.634146 | V58: 71.883683 | W58: 72.143293 | X58: 72.408537 | Y58: 72.677902 | Z58: 72.95039 | AA58: 73.227 | AB58: 73.505195 | AC58: 73.782927 | AD58: 74.054634 | AE58: 74.313732 | AF58: 74.559683 | AG58: 74.792488 | AH58: 75.013146 | AI58: 75.227756 | AJ58: 75.319512 | AK58: 75.819512 | AL58: 75.870732 | AM58: 76.270732 | AN58: 76.421951 | AO58: 76.673171 | AP58: 77.073171 | AQ58: 77.47561 | AR58: 77.726829 | AS58: 77.926829 | AT58: 78.329268 | AU58: 78.229268 | AV58: 78.380488 | AW58: 78.680488 | AX58: 78.931707 | AY58: 79.131707 | AZ58: 79.534146 | BA58: 79.736585 | BB58: 79.836585 | BC58: 79.987805 | BD58: 80.436585 | BE58: 80.539024 | BF58: 80.490244 | BG58: 81.090244 | BH58: 81.090244
A59: Djibouti | B59: DJI | C59: Life expectancy at birth, total (years) | D59: SP.DYN.LE00.IN | E59: 44.021268 | F59: 44.451341 | G59: 44.874439 | H59: 45.291049 | I59: 45.708634 | J59: 46.147146 | K59: 46.633512 | L59: 47.181659 | M59: 47.791634 | N59: 48.452927 | O59: 49.136098 | P59: 49.801756 | Q59: 50.415488 | R59: 50.954854 | S59: 51.413902 | T59: 51.80361 | U59: 52.149976 | V59: 52.486902 | W59: 52.839878 | X59: 53.217366 | Y59: 53.617341 | Z59: 54.028854 | AA59: 54.432415 | AB59: 54.811 | AC59: 55.158634 | AD59: 55.472732 | AE59: 55.756732 | AF59: 56.016659 | AG59: 56.255927 | AH59: 56.47361 | AI59: 56.663171 | AJ59: 56.816146 | AK59: 56.929585 | AL59: 57.003585 | AM59: 57.043659 | AN59: 57.053415 | AO59: 57.038415 | AP59: 57.011195 | AQ59: 56.987732 | AR59: 56.981463 | AS59: 57.010341 | AT59: 57.088244 | AU59: 57.220561 | AV59: 57.41122 | AW59: 57.663634 | AX59: 57.984293 | AY59: 58.377683 | AZ59: 58.831878 | BA59: 59.328415 | BB59: 59.848854 | BC59: 60.366732 | BD59: 60.854585 | BE59: 61.295463 | BF59: 61.677366 | BG59: 61.994317 | BH59: 62.249829
A60: Dominica | B60: DMA | C60: Life expectancy at birth, total (years) | D60: SP.DYN.LE00.IN | AA60: 71.463415 | AF60: 71.963415 | AK60: 73.95122 | AP60: 75.95122 | AU60: 76.597561
A61: Denmark | B61: DNK | C61: Life expectancy at birth, total (years) | D61: SP.DYN.LE00.IN | E61: 72.176585 | F61: 72.438293 | G61: 72.319756 | H61: 72.400488 | I61: 72.485122 | J61: 72.370732 | K61: 72.444146 | L61: 72.922195 | M61: 73.121463 | N61: 73.220976 | O61: 73.343415 | P61: 73.414634 | Q61: 73.439024 | R61: 73.682195 | S61: 73.808293 | T61: 74.075122 | U61: 73.739756 | V61: 74.632439 | W61: 74.392927 | X61: 74.219268 | Y61: 74.101707 | Z61: 74.230488 | AA61: 74.55122 | AB61: 74.420488 | AC61: 74.562195 | AD61: 74.427561 | AE61: 74.579756 | AF61: 74.69122 | AG61: 74.771707 | AH61: 74.799756 | AI61: 74.805366 | AJ61: 75.157805 | AK61: 75.194146 | AL61: 75.116829 | AM61: 75.375122 | AN61: 75.212683 | AO61: 75.591463 | AP61: 75.945122 | AQ61: 76.139024 | AR61: 76.341463 | AS61: 76.592683 | AT61: 76.792683 | AU61: 76.895122 | AV61: 77.143902 | AW61: 77.492683 | AX61: 77.843902 | AY61: 78.095122 | AZ61: 78.195122 | BA61: 78.446341 | BB61: 78.597561 | BC61: 79.1 | BD61: 79.8 | BE61: 80.05122 | BF61: 80.3 | BG61: 80.7 | BH61: 81.1
A62: Dominican Republic | B62: DOM | C62: Life expectancy at birth, total (years) | D62: SP.DYN.LE00.IN | E62: 51.845268 | F62: 52.578244 | G62: 53.299244 | H62: 54.00678 | I62: 54.700317 | J62: 55.378829 | K62: 56.044268 | L62: 56.695098 | M62: 57.330341 | N62: 57.946512 | O62: 58.539683 | P62: 59.104902 | Q62: 59.639268 | R62: 60.143268 | S62: 60.616927 | T62: 61.062195 | U62: 61.481049 | V62: 61.878902 | W62: 62.265146 | X62: 62.647268 | Y62: 63.035683 | Z62: 63.439366 | AA62: 63.862829 | AB62: 64.308073 | AC62: 64.777634 | AD62: 65.272537 | AE62: 65.79578 | AF62: 66.338927 | AG62: 66.888561 | AH62: 67.432707 | AI62: 67.950415 | AJ62: 68.42222 | AK62: 68.837122 | AL62: 69.190634 | AM62: 69.483268 | AN62: 69.720512 | AO62: 69.916341 | AP62: 70.091732 | AQ62: 70.263659 | AR62: 70.442146 | AS62: 70.633732 | AT62: 70.838927 | AU62: 71.051805 | AV62: 71.266829 | AW62: 71.483537 | AX62: 71.70039 | AY62: 71.915829 | AZ62: 72.128854 | BA62: 72.338366 | BB62: 72.54439 | BC62: 72.744878 | BD62: 72.941341 | BE62: 73.135293 | BF62: 73.327244 | BG62: 73.516195 | BH62: 73.703683
A63: Algeria | B63: DZA | C63: Life expectancy at birth, total (years) | D63: SP.DYN.LE00.IN | E63: 46.135122 | F63: 46.590317 | G63: 47.045 | H63: 47.496195 | I63: 47.941902 | J63: 48.376098 | K63: 48.790805 | L63: 49.187512 | M63: 49.572707 | N63: 49.955902 | O63: 50.343634 | P63: 50.743927 | Q63: 51.171805 | R63: 51.645707 | S63: 52.188073 | T63: 52.836244 | U63: 53.630512 | V63: 54.578268 | W63: 55.667537 | X63: 56.874878 | Y63: 58.164024 | Z63: 59.486756 | AA63: 60.786341 | AB63: 62.008951 | AC63: 63.117122 | AD63: 64.073756 | AE63: 64.857195 | AF63: 65.487146 | AG63: 65.989439 | AH63: 66.382049 | AI63: 66.693024 | AJ63: 66.955 | AK63: 67.200659 | AL63: 67.46061 | AM63: 67.755366 | AN63: 68.098366 | AO63: 68.491024 | AP63: 68.914707 | AQ63: 69.357317 | AR63: 69.814293 | AS63: 70.285683 | AT63: 70.772024 | AU63: 71.27039 | AV63: 71.774317 | AW63: 72.275829 | AX63: 72.761415 | AY63: 73.219561 | AZ63: 73.642707 | BA63: 74.025317 | BB63: 74.367854 | BC63: 74.66978 | BD63: 74.937561 | BE63: 75.181195 | BF63: 75.412171 | BG63: 75.635024 | BH63: 75.855293
A64: East Asia & Pacific (excluding high income) | B64: EAP | C64: Life expectancy at birth, total (years) | D64: SP.DYN.LE00.IN | E64: 45.791422 | F64: 46.23055 | G64: 46.941025 | H64: 47.960716 | I64: 49.297086 | J64: 50.87458 | K64: 52.577026 | L64: 54.270048 | M64: 55.834316 | N64: 57.212557 | O64: 58.378772 | P64: 59.349611 | Q64: 60.193435 | R64: 60.96961 | S64: 61.696306 | T64: 62.385298 | U64: 63.042454 | V64: 63.659487 | W64: 64.231794 | X64: 64.757424 | Y64: 65.234561 | Z64: 65.66478 | AA64: 66.054203 | AB64: 66.405039 | AC64: 66.722652 | AD64: 67.011276 | AE64: 67.273443 | AF64: 67.510782 | AG64: 67.726615 | AH64: 67.927109 | AI64: 68.11579 | AJ64: 68.29662 | AK64: 68.472526 | AL64: 68.651803 | AM64: 68.841207 | AN64: 69.053248 | AO64: 69.299204 | AP64: 69.580741 | AQ64: 69.896009 | AR64: 70.240317 | AS64: 70.605186 | AT64: 70.979486 | AU64: 71.348908 | AV64: 71.701335 | AW64: 72.030461 | AX64: 72.330937 | AY64: 72.602277 | AZ64: 72.849513 | BA64: 73.079179 | BB64: 73.29302 | BC64: 73.491428 | BD64: 73.677868 | BE64: 73.85301 | BF64: 74.020969 | BG64: 74.18315 | BH64: 74.341831
A65: Early-demographic dividend | B65: EAR | C65: Life expectancy at birth, total (years) | D65: SP.DYN.LE00.IN | E65: 45.208935 | F65: 45.876906 | G65: 46.485364 | H65: 47.033416 | I65: 47.635463 | J65: 48.230589 | K65: 48.867808 | L65: 49.432104 | M65: 49.978155 | N65: 50.509894 | O65: 51.033309 | P65: 51.556605 | Q65: 52.083285 | R65: 52.623556 | S65: 53.171572 | T65: 53.725772 | U65: 54.281205 | V65: 54.824241 | W65: 55.349118 | X65: 55.848622 | Y65: 56.320817 | Z65: 56.768158 | AA65: 57.198992 | AB65: 57.624148 | AC65: 58.04763 | AD65: 58.472619 | AE65: 58.898097 | AF65: 59.324927 | AG65: 59.747667 | AH65: 60.17479 | AI65: 60.606378 | AJ65: 61.034422 | AK65: 61.462359 | AL65: 61.890424 | AM65: 62.310034 | AN65: 62.715384 | AO65: 63.104028 | AP65: 63.472222 | AQ65: 63.823302 | AR65: 64.160584 | AS65: 64.486329 | AT65: 64.806454 | AU65: 65.124859 | AV65: 65.448673 | AW65: 65.780928 | AX65: 66.123739 | AY65: 66.480801 | AZ65: 66.847439 | BA65: 67.220262 | BB65: 67.594124 | BC65: 67.961348 | BD65: 68.315377 | BE65: 68.651855 | BF65: 68.96754 | BG65: 69.259561 | BH65: 69.52779
A66: East Asia & Pacific | B66: EAS | C66: Life expectancy at birth, total (years) | D66: SP.DYN.LE00.IN | E66: 48.507263 | F66: 49.03312 | G66: 49.698902 | H66: 50.669365 | I66: 51.861601 | J66: 53.226664 | K66: 54.756385 | L66: 56.241423 | M66: 57.613016 | N66: 58.850062 | O66: 59.897384 | P66: 60.815058 | Q66: 61.607866 | R66: 62.303176 | S66: 63.000676 | T66: 63.669989 | U66: 64.278163 | V66: 64.858458 | W66: 65.381415 | X66: 65.871314 | Y66: 66.284068 | Z66: 66.699385 | AA66: 67.087731 | AB66: 67.404828 | AC66: 67.733323 | AD66: 68.021748 | AE66: 68.294141 | AF66: 68.544223 | AG66: 68.733548 | AH66: 68.947632 | AI66: 69.124736 | AJ66: 69.31499 | AK66: 69.478184 | AL66: 69.657189 | AM66: 69.85755 | AN66: 70.038432 | AO66: 70.314634 | AP66: 70.594919 | AQ66: 70.889887 | AR66: 71.214791 | AS66: 71.588232 | AT66: 71.958651 | AU66: 72.311463 | AV66: 72.647141 | AW66: 72.972265 | AX66: 73.245343 | AY66: 73.529813 | AZ66: 73.774154 | BA66: 73.99649 | BB66: 74.223648 | BC66: 74.402401 | BD66: 74.563434 | BE66: 74.757063 | BF66: 74.936119 | BG66: 75.102553 | BH66: 75.256042
A67: Europe & Central Asia (excluding high income) | B67: ECA | C67: Life expectancy at birth, total (years) | D67: SP.DYN.LE00.IN | E67: 63.400927 | F67: 63.917646 | G67: 64.309485 | H67: 64.672065 | I67: 64.968672 | J67: 65.192498 | K67: 65.361554 | L67: 65.480415 | M67: 65.623893 | N67: 65.710504 | O67: 65.954082 | P67: 66.15753 | Q67: 66.202747 | R67: 66.312744 | S67: 66.417605 | T67: 66.248564 | U67: 66.236124 | V67: 66.246454 | W67: 66.309555 | X67: 66.251097 | Y67: 66.371389 | Z67: 66.586143 | AA67: 66.917468 | AB67: 67.033116 | AC67: 67.027211 | AD67: 67.440402 | AE67: 68.19543 | AF67: 68.36554 | AG67: 68.439801 | AH67: 68.399741 | AI67: 68.282541 | AJ67: 68.040729 | AK67: 67.398431 | AL67: 66.55608 | AM67: 66.317372 | AN67: 66.372519 | AO67: 66.863273 | AP67: 67.46455 | AQ67: 67.792771 | AR67: 67.653261 | AS67: 67.709627 | AT67: 67.894741 | AU67: 67.918697 | AV67: 68.047722 | AW67: 68.378621 | AX67: 68.510234 | AY67: 69.130899 | AZ67: 69.632265 | BA67: 69.923744 | BB67: 70.517881 | BC67: 70.819473 | BD67: 71.380268 | BE67: 71.702602 | BF67: 72.092972 | BG67: 72.295129 | BH67: 72.466892
A68: Europe & Central Asia | B68: ECS | C68: Life expectancy at birth, total (years) | D68: SP.DYN.LE00.IN | E68: 67.031908 | F68: 67.39443 | G68: 67.486592 | H68: 67.754479 | I68: 68.149807 | J68: 68.299455 | K68: 68.507878 | L68: 68.630216 | M68: 68.698922 | N68: 68.704313 | O68: 68.981447 | P68: 69.117806 | Q68: 69.321899 | R68: 69.417087 | S68: 69.620819 | T68: 69.595533 | U68: 69.696455 | V68: 69.869114 | W68: 69.958745 | X68: 70.078049 | Y68: 70.182545 | Z68: 70.447885 | AA68: 70.739057 | AB68: 70.808582 | AC68: 70.958974 | AD68: 71.171639 | AE68: 71.656866 | AF68: 71.874187 | AG68: 72.002474 | AH68: 72.066042 | AI68: 72.070058 | AJ68: 71.980347 | AK68: 71.911045 | AL68: 71.593845 | AM68: 71.662365 | AN68: 71.761423 | AO68: 72.147955 | AP68: 72.55455 | AQ68: 72.861767 | AR68: 72.911429 | AS68: 73.065512 | AT68: 73.341105 | AU68: 73.428301 | AV68: 73.539522 | AW68: 73.972618 | AX68: 74.134326 | AY68: 74.628639 | AZ68: 74.984615 | BA68: 75.241215 | BB68: 75.633294 | BC68: 75.921658 | BD68: 76.433338 | BE68: 76.57856 | BF68: 76.89108 | BG68: 77.207075 | BH68: 77.394873
A69: Ecuador | B69: ECU | C69: Life expectancy at birth, total (years) | D69: SP.DYN.LE00.IN | E69: 53.215 | F69: 53.820293 | G69: 54.387537 | H69: 54.910195 | I69: 55.387293 | J69: 55.820829 | K69: 56.219341 | L69: 56.599829 | M69: 56.977317 | N69: 57.363756 | O69: 57.770122 | P69: 58.20439 | Q69: 58.666488 | R69: 59.155415 | S69: 59.672195 | T69: 60.212854 | U69: 60.773463 | V69: 61.346561 | W69: 61.925195 | X69: 62.506902 | Y69: 63.092195 | Z69: 63.684049 | AA69: 64.285439 | AB69: 64.896317 | AC69: 65.512195 | AD69: 66.127537 | AE69: 66.737317 | AF69: 67.334049 | AG69: 67.91322 | AH69: 68.468341 | AI69: 68.995366 | AJ69: 69.493268 | AK69: 69.963585 | AL69: 70.408829 | AM69: 70.829049 | AN69: 71.226829 | AO69: 71.604732 | AP69: 71.964317 | AQ69: 72.308146 | AR69: 72.635244 | AS69: 72.944171 | AT69: 73.230439 | AU69: 73.492 | AV69: 73.727805 | AW69: 73.942317 | AX69: 74.138463 | AY69: 74.320732 | AZ69: 74.496561 | BA69: 74.67039 | BB69: 74.848683 | BC69: 75.03339 | BD69: 75.229488 | BE69: 75.432976 | BF69: 75.64339 | BG69: 75.859732 | BH69: 76.081512
A70: Egypt, Arab Rep. | B70: EGY | C70: Life expectancy at birth, total (years) | D70: SP.DYN.LE00.IN | E70: 48.013707 | F70: 48.581585 | G70: 49.106512 | H70: 49.601951 | I70: 50.07539 | J70: 50.52039 | K70: 50.920488 | L70: 51.268244 | M70: 51.568683 | N70: 51.84178 | O70: 52.122488 | P70: 52.455244 | Q70: 52.869951 | R70: 53.383585 | S70: 53.99661 | T70: 54.693512 | U70: 55.441829 | V70: 56.200122 | W70: 56.936439 | X70: 57.639317 | Y70: 58.313268 | Z70: 58.976854 | AA70: 59.653073 | AB70: 60.353902 | AC70: 61.072366 | AD70: 61.786439 | AE70: 62.466585 | AF70: 63.088805 | AG70: 63.640049 | AH70: 64.120805 | AI70: 64.549585 | AJ70: 64.955854 | AK70: 65.370146 | AL70: 65.810951 | AM70: 66.278805 | AN70: 66.760683 | AO70: 67.232098 | AP70: 67.664073 | AQ70: 68.036098 | AR70: 68.343683 | AS70: 68.588317 | AT70: 68.783024 | AU70: 68.948268 | AV70: 69.104073 | AW70: 69.260415 | AX70: 69.424341 | AY70: 69.598341 | AZ70: 69.779439 | BA70: 69.963098 | BB70: 70.15078 | BC70: 70.341415 | BD70: 70.534902 | BE70: 70.728195 | BF70: 70.920244 | BG70: 71.109561 | BH70: 71.295659
A71: Euro area | B71: EMU | C71: Life expectancy at birth, total (years) | D71: SP.DYN.LE00.IN | E71: 69.274432 | F71: 69.645221 | G71: 69.603843 | H71: 69.773486 | I71: 70.233442 | J71: 70.319728 | K71: 70.596622 | L71: 70.736796 | M71: 70.787033 | N71: 70.793806 | O71: 71.158199 | P71: 71.266163 | Q71: 71.605699 | R71: 71.700934 | S71: 72.02676 | T71: 72.170183 | U71: 72.435688 | V71: 72.790997 | W71: 73.01212 | X71: 73.335312 | Y71: 73.529549 | Z71: 73.812268 | AA71: 74.155135 | AB71: 74.229647 | AC71: 74.587796 | AD71: 74.757479 | AE71: 75.056837 | AF71: 75.347993 | AG71: 75.5356 | AH71: 75.761431 | AI71: 75.911355 | AJ71: 76.024967 | AK71: 76.379987 | AL71: 76.48663 | AM71: 76.794918 | AN71: 76.955583 | AO71: 77.218109 | AP71: 77.581254 | AQ71: 77.796832 | AR71: 78.020887 | AS71: 78.27478 | AT71: 78.596998 | AU71: 78.684347 | AV71: 78.707059 | AW71: 79.278578 | AX71: 79.426159 | AY71: 79.856004 | AZ71: 80.099752 | BA71: 80.30278 | BB71: 80.503392 | BC71: 80.746632 | BD71: 81.23265 | BE71: 81.22695 | BF71: 81.51282 | BG71: 81.934874 | BH71: 82.070221
A72: Eritrea | B72: ERI | C72: Life expectancy at birth, total (years) | D72: SP.DYN.LE00.IN | E72: 38.40422 | F72: 39.060707 | G72: 39.679341 | H72: 40.245585 | I72: 40.754463 | J72: 41.207854 | K72: 41.617659 | L72: 42.003293 | M72: 42.38222 | N72: 42.761951 | O72: 43.147098 | P72: 43.53678 | Q72: 43.926122 | R72: 44.30822 | S72: 44.68261 | T72: 45.045756 | U72: 45.396049 | V72: 45.73139 | W72: 46.051195 | X72: 46.356927 | Y72: 46.647146 | Z72: 46.920951 | AA72: 47.181902 | AB72: 47.435024 | AC72: 47.68822 | AD72: 47.948341 | AE72: 48.221146 | AF72: 48.513 | AG72: 48.831366 | AH72: 49.184268 | AI72: 49.581927 | AJ72: 50.034098 | AK72: 50.540561 | AL72: 51.094976 | AM72: 51.689829 | AN72: 52.308 | AO72: 52.929195 | AP72: 53.537634 | AQ72: 54.126659 | AR72: 54.697268 | AS72: 55.265049 | AT72: 55.856732 | AU72: 56.493098 | AV72: 57.18478 | AW72: 57.924854 | AX72: 58.69778 | AY72: 59.475927 | AZ72: 60.230122 | BA72: 60.937707 | BB72: 61.587122 | BC72: 62.175854 | BD72: 62.711927 | BE72: 63.212927 | BF72: 63.694902 | BG72: 64.16339 | BH72: 64.62439
... A80: France | B80: FRA | C80: Life expectancy at birth, total (years) | D80: SP.DYN.LE00.IN | E80: 69.868293 | F80: 70.117073 | G80: 70.314634 | H80: 70.514634 | I80: 70.663415 | J80: 70.812195 | K80: 70.960976 | L80: 71.160976 | M80: 71.309756 | N80: 71.458537 | O80: 71.658537 | P80: 71.907317 | Q80: 72.107317 | R80: 72.356098 | S80: 72.604878 | T80: 72.853659 | U80: 73.102439 | V80: 73.35122 | W80: 73.602439 | X80: 73.85122 | Y80: 74.05122 | Z80: 74.3 | AA80: 74.5 | AB80: 74.8 | AC80: 75 | AD80: 75.3 | AE80: 75.6 | AF80: 75.8 | AG80: 76.1 | AH80: 76.34878 | AI80: 76.6 | AJ80: 76.84878 | AK80: 77.1 | AL80: 77.3 | AM80: 77.64878 | AN80: 77.75122 | AO80: 77.953659 | AP80: 78.304878 | AQ80: 78.604878 | AR80: 78.756098 | AS80: 79.056098 | AT80: 79.158537 | AU80: 79.260976 | AV80: 79.114634 | AW80: 80.163415 | AX80: 80.163415 | AY80: 80.812195 | AZ80: 81.112195 | BA80: 81.214634 | BB80: 81.414634 | BC80: 81.663415 | BD80: 82.114634 | BE80: 81.968293 | BF80: 82.219512 | BG80: 82.670732 | BH80: 82.670732
A81: Faroe Islands | B81: FRO | C81: Life expectancy at birth, total (years) | D81: SP.DYN.LE00.IN | R81: 74.497561 | W81: 75.985366 | AE81: 75.265854 | AF81: 75.465854 | AG81: 75.714634 | AH81: 75.914634 | AI81: 76.114634 | AJ81: 76.363415 | AK81: 76.614634 | AL81: 76.914634 | AM81: 77.165854 | AN81: 77.365854 | AO81: 77.617073 | AP81: 77.821951 | AQ81: 78.026829 | AR81: 78.231707 | AS81: 78.436585 | AT81: 78.641463 | AU81: 78.843902 | AV81: 78.943902 | AW81: 79.141463 | AX81: 79.290244 | AY81: 79.587805 | AZ81: 79.836585 | BA81: 80.136585 | BB81: 80.387805 | BC81: 80.639024 | BD81: 80.939024 | BE81: 81.190244 | BF81: 81.441463 | BG81: 81.485366 | BH81: 81.634146
A82: Micronesia, Fed. Sts. | B82: FSM | C82: Life expectancy at birth, total (years) | D82: SP.DYN.LE00.IN | E82: 57.586585 | F82: 57.985585 | G82: 58.383585 | H82: 58.781585 | I82: 59.179585 | J82: 59.578585 | K82: 59.981585 | L82: 60.387585 | M82: 60.797585 | N82: 61.211585 | O82: 61.633585 | P82: 62.070585 | Q82: 62.520585 | R82: 62.975585 | S82: 63.426585 | T82: 63.854585 | U82: 64.239585 | V82: 64.567585 | W82: 64.833585 | X82: 65.036585 | Y82: 65.183585 | Z82: 65.289585 | AA82: 65.373585 | AB82: 65.453585 | AC82: 65.539585 | AD82: 65.636585 | AE82: 65.745585 | AF82: 65.858585 | AG82: 65.972585 | AH82: 66.084585 | AI82: 66.197585 | AJ82: 66.310122 | AK82: 66.422659 | AL82: 66.535707 | AM82: 66.648244 | AN82: 66.759756 | AO82: 66.867707 | AP82: 66.97161 | AQ82: 67.072902 | AR82: 67.172634 | AS82: 67.275244 | AT82: 67.386317 | AU82: 67.508341 | AV82: 67.642317 | AW82: 67.786268 | AX82: 67.93461 | AY82: 68.081317 | AZ82: 68.218341 | BA82: 68.342195 | BB82: 68.452415 | BC82: 68.550561 | BD82: 68.64222 | BE82: 68.733976 | BF82: 68.830854 | BG82: 68.934902 | BH82: 69.046634
A83: Gabon | B83: GAB | C83: Life expectancy at birth, total (years) | D83: SP.DYN.LE00.IN | E83: 39.570122 | F83: 39.928049 | G83: 40.374 | H83: 40.924951 | I83: 41.585415 | J83: 42.34439 | K83: 43.179366 | L83: 44.052341 | M83: 44.933317 | N83: 45.803805 | O83: 46.655268 | P83: 47.486756 | Q83: 48.310732 | R83: 49.134707 | S83: 49.958683 | T83: 50.785146 | U83: 51.61461 | V83: 52.447073 | W83: 53.281024 | X83: 54.112976 | Y83: 54.948951 | Z83: 55.797927 | AA83: 56.654951 | AB83: 57.506 | AC83: 58.329098 | AD83: 59.092756 | AE83: 59.760951 | AF83: 60.310683 | AG83: 60.727463 | AH83: 61.005317 | AI83: 61.145756 | AJ83: 61.16178 | AK83: 61.085439 | AL83: 60.94722 | AM83: 60.768683 | AN83: 60.557854 | AO83: 60.313293 | AP83: 60.038 | AQ83: 59.748951 | AR83: 59.474049 | AS83: 59.251805 | AT83: 59.121195 | AU83: 59.105585 | AV83: 59.217854 | AW83: 59.46378 | AX83: 59.842561 | AY83: 60.339878 | AZ83: 60.922122 | BA83: 61.552805 | BB83: 62.205024 | BC83: 62.856537 | BD83: 63.488683 | BE83: 64.095341 | BF83: 64.670878 | BG83: 65.203024 | BH83: 65.684415
A84: United Kingdom | B84: GBR | C84: Life expectancy at birth, total (years) | D84: SP.DYN.LE00.IN | E84: 71.126829 | F84: 70.878049 | G84: 70.926829 | H84: 70.826829 | I84: 71.62439 | J84: 71.62439 | K84: 71.573171 | L84: 72.12439 | M84: 71.72439 | N84: 71.721951 | O84: 71.973171 | P84: 72.273171 | Q84: 72.12439 | R84: 72.32439 | S84: 72.52439 | T84: 72.72439 | U84: 72.77561 | V84: 73.22439 | W84: 73.17561 | X84: 73.27561 | Y84: 73.67561 | Z84: 74.026829 | AA84: 74.178049 | AB84: 74.378049 | AC84: 74.778049 | AD84: 74.629268 | AE84: 74.929268 | AF84: 75.280488 | AG84: 75.380488 | AH84: 75.582927 | AI84: 75.880488 | AJ84: 76.082927 | AK84: 76.434146 | AL84: 76.385366 | AM84: 76.885366 | AN84: 76.836585 | AO84: 77.087805 | AP84: 77.210976 | AQ84: 77.190244 | AR84: 77.390244 | AS84: 77.741463 | AT84: 77.992683 | AU84: 78.143902 | AV84: 78.446341 | AW84: 78.746341 | AX84: 79.04878 | AY84: 79.24878 | AZ84: 79.44878 | BA84: 79.6 | BB84: 80.05122 | BC84: 80.402439 | BD84: 80.95122 | BE84: 80.904878 | BF84: 81.004878 | BG84: 81.304878 | BH84: 81.604878
A85: Georgia | B85: GEO | C85: Life expectancy at birth, total (years) | D85: SP.DYN.LE00.IN | E85: 63.431854 | F85: 63.831854 | G85: 64.234341 | H85: 64.638829 | I85: 65.041805 | J85: 65.43678 | K85: 65.818756 | L85: 66.182244 | M85: 66.525732 | N85: 66.84922 | O85: 67.15922 | P85: 67.466195 | Q85: 67.777171 | R85: 68.091122 | S85: 68.402585 | T85: 68.694561 | U85: 68.943585 | V85: 69.135659 | W85: 69.266293 | X85: 69.339488 | Y85: 69.376244 | Z85: 69.404024 | AA85: 69.449293 | AB85: 69.528049 | AC85: 69.641244 | AD85: 69.774854 | AE85: 69.900805 | AF85: 69.992634 | AG85: 70.035341 | AH85: 70.032463 | AI85: 69.99961 | AJ85: 69.960829 | AK85: 69.947732 | AL85: 69.982341 | AM85: 70.075683 | AN85: 70.235756 | AO85: 70.466049 | AP85: 70.747463 | AQ85: 71.057902 | AR85: 71.381756 | AS85: 71.69339 | AT85: 71.970683 | AU85: 72.198561 | AV85: 72.369512 | AW85: 72.481049 | AX85: 72.535195 | AY85: 72.542488 | AZ85: 72.525073 | BA85: 72.503122 | BB85: 72.489732 | BC85: 72.498049 | BD85: 72.536171 | BE85: 72.603634 | BF85: 72.698463 | BG85: 72.820634 | BH85: 72.966122
A86: Ghana | B86: GHA | C86: Life expectancy at birth, total (years) | D86: SP.DYN.LE00.IN | E86: 45.831463 | F86: 46.266707 | G86: 46.682537 | H86: 47.078439 | I86: 47.453366 | J86: 47.807634 | K86: 48.140976 | L86: 48.455244 | M86: 48.756415 | N86: 49.048073 | O86: 49.334976 | P86: 49.621951 | Q86: 49.912293 | R86: 50.207293 | S86: 50.509512 | T86: 50.813951 | U86: 51.115463 | V86: 51.409829 | W86: 51.697293 | X86: 51.98178 | Y86: 52.27178 | Z86: 52.578317 | AA86: 52.910439 | AB86: 53.273683 | AC86: 53.670488 | AD86: 54.109707 | AE86: 54.602683 | AF86: 55.137317 | AG86: 55.693634 | AH86: 56.247171 | AI86: 56.751634 | AJ86: 57.157268 | AK86: 57.43678 | AL86: 57.579805 | AM86: 57.594829 | AN86: 57.502707 | AO86: 57.34078 | AP86: 57.164244 | AQ86: 57.023927 | AR86: 56.953707 | AS86: 56.985098 | AT86: 57.13861 | AU86: 57.399927 | AV86: 57.750146 | AW86: 58.175341 | AX86: 58.652024 | AY86: 59.15122 | AZ86: 59.643878 | BA86: 60.106024 | BB86: 60.523634 | BC86: 60.893732 | BD86: 61.22078 | BE86: 61.524317 | BF86: 61.820317 | BG86: 62.11378 | BH86: 62.407244
A87: Gibraltar | B87: GIB | C87: Life expectancy at birth, total (years) | D87: SP.DYN.LE00.IN
A88: Guinea | B88: GIN | C88: Life expectancy at birth, total (years) | D88: SP.DYN.LE00.IN | E88: 34.88639 | F88: 35.081122 | G88: 35.26039 | H88: 35.425171 | I88: 35.580927 | J88: 35.73161 | K88: 35.88161 | L88: 36.038439 | M88: 36.211585 | N88: 36.410073 | O88: 36.643488 | P88: 36.920439 | Q88: 37.242 | R88: 37.609244 | S88: 38.024683 | T88: 38.483268 | U88: 38.976951 | V88: 39.499634 | W88: 40.050268 | X88: 40.630805 | Y88: 41.25878 | Z88: 41.955707 | AA88: 42.731171 | AB88: 43.583195 | AC88: 44.496366 | AD88: 45.454732 | AE88: 46.435341 | AF88: 47.405195 | AG88: 48.329317 | AH88: 49.178195 | AI88: 49.918854 | AJ88: 50.527341 | AK88: 51.004098 | AL88: 51.355537 | AM88: 51.587585 | AN88: 51.696707 | AO88: 51.683878 | AP88: 51.578024 | AQ88: 51.422463 | AR88: 51.264537 | AS88: 51.173805 | AT88: 51.222854 | AU88: 51.444537 | AV88: 51.850463 | AW88: 52.433902 | AX88: 53.156927 | AY88: 53.956244 | AZ88: 54.757512 | BA88: 55.501585 | BB88: 56.163561 | BC88: 56.743244 | BD88: 57.260659 | BE88: 57.761122 | BF88: 58.27961 | BG88: 58.824902 | BH88: 59.398951
A89: Gambia, The | B89: GMB | C89: Life expectancy at birth, total (years) | D89: SP.DYN.LE00.IN | E89: 32.04222 | F89: 32.325634 | G89: 32.661098 | H89: 33.062098 | I89: 33.537634 | J89: 34.093195 | K89: 34.732244 | L89: 35.443268 | M89: 36.211244 | N89: 37.024171 | O89: 37.870561 | P89: 38.737415 | Q89: 39.613756 | R89: 40.490122 | S89: 41.356976 | T89: 42.210366 | U89: 43.053268 | V89: 43.888683 | W89: 44.720098 | X89: 45.542024 | Y89: 46.350951 | Z89: 47.144854 | AA89: 47.918244 | AB89: 48.661634 | AC89: 49.368024 | AD89: 50.019439 | AE89: 50.600439 | AF89: 51.107512 | AG89: 51.543195 | AH89: 51.916951 | AI89: 52.245732 | AJ89: 52.551512 | AK89: 52.85622 | AL89: 53.179341 | AM89: 53.529902 | AN89: 53.910951 | AO89: 54.318585 | AP89: 54.737878 | AQ89: 55.156829 | AR89: 55.570415 | AS89: 55.978024 | AT89: 56.381 | AU89: 56.78122 | AV89: 57.178634 | AW89: 57.571732 | AX89: 57.956585 | AY89: 58.328317 | AZ89: 58.684561 | BA89: 59.022951 | BB89: 59.343512 | BC89: 59.645732 | BD89: 59.930561 | BE89: 60.20139 | BF89: 60.462171 | BG89: 60.713854 | BH89: 60.957439
A90: Guinea-Bissau | B90: GNB | C90: Life expectancy at birth, total (years) | D90: SP.DYN.LE00.IN | E90: 37.840439 | F90: 38.143293 | G90: 38.46722 | H90: 38.813707 | I90: 39.181268 | J90: 39.565878 | K90: 39.960024 | L90: 40.357171 | M90: 40.750854 | N90: 41.139512 | O90: 41.521683 | P90: 41.899902 | Q90: 42.279171 | R90: 42.662463 | S90: 43.051683 | T90: 43.448732 | U90: 43.856927 | V90: 44.273195 | W90: 44.696024 | X90: 45.120463 | Y90: 45.53861 | Z90: 45.943634 | AA90: 46.329732 | AB90: 46.694537 | AC90: 47.039634 | AD90: 47.368 | AE90: 47.688024 | AF90: 48.00761 | AG90: 48.334707 | AH90: 48.67239 | AI90: 49.024293 | AJ90: 49.393512 | AK90: 49.775244 | AL90: 50.161073 | AM90: 50.544098 | AN90: 50.912488 | AO90: 51.248976 | AP90: 51.547902 | AQ90: 51.807024 | AR90: 52.030463 | AS90: 52.227049 | AT90: 52.411561 | AU90: 52.602 | AV90: 52.812171 | AW90: 53.051049 | AX90: 53.321902 | AY90: 53.623244 | AZ90: 53.947805 | BA90: 54.286683 | BB90: 54.638195 | BC90: 55.000537 | BD90: 55.373659 | BE90: 55.75778 | BF90: 56.149659 | BG90: 56.54822 | BH90: 56.95039
A91: Equatorial Guinea | B91: GNQ | C91: Life expectancy at birth, total (years) | D91: SP.DYN.LE00.IN | E91: 36.733049 | F91: 37.032488 | G91: 37.332415 | H91: 37.631829 | I91: 37.931732 | J91: 38.231634 | K91: 38.531561 | L91: 38.832049 | M91: 39.133049 | N91: 39.435585 | O91: 39.731146 | P91: 40.013707 | Q91: 40.282244 | R91: 40.544732 | S91: 40.813683 | T91: 41.116073 | U91: 41.486878 | V91: 41.94261 | W91: 42.485317 | X91: 43.102488 | Y91: 43.763707 | Z91: 44.425488 | AA91: 45.04539 | AB91: 45.593902 | AC91: 46.063024 | AD91: 46.457195 | AE91: 46.797854 | AF91: 47.121439 | AG91: 47.458415 | AH91: 47.821293 | AI91: 48.22161 | AJ91: 48.659927 | AK91: 49.125293 | AL91: 49.605805 | AM91: 50.093488 | AN91: 50.580854 | AO91: 51.059951 | AP91: 51.52322 | AQ91: 51.96461 | AR91: 52.38061 | AS91: 52.764146 | AT91: 53.111707 | AU91: 53.429244 | AV91: 53.723707 | AW91: 54.002024 | AX91: 54.279561 | AY91: 54.57022 | AZ91: 54.882976 | BA91: 55.221878 | BB91: 55.584976 | BC91: 55.958951 | BD91: 56.326024 | BE91: 56.668341 | BF91: 56.978 | BG91: 57.255537 | BH91: 57.50839
A92: Greece | B92: GRC | C92: Life expectancy at birth, total (years) | D92: SP.DYN.LE00.IN | E92: 68.163902 | F92: 68.548634 | G92: 68.892268 | H92: 69.185707 | I92: 69.429439 | J92: 69.638 | K92: 69.837463 | L92: 70.052463 | M92: 70.302561 | N92: 70.589293 | O92: 70.903634 | P92: 71.226561 | Q92: 71.535 | R92: 71.814854 | S92: 72.064634 | T92: 72.293707 | U92: 72.519561 | V92: 72.761659 | W92: 73.031073 | X92: 73.329366 | Y92: 73.647146 | Z92: 73.969488 | AA92: 74.279 | AB92: 74.565854 | AC92: 74.829122 | AD92: 75.078512 | AE92: 75.329707 | AF92: 75.598146 | AG92: 75.891244 | AH92: 76.687805 | AI92: 76.939024 | AJ92: 77.136585 | AK92: 77.382927 | AL92: 77.390244 | AM92: 77.639024 | AN92: 77.585366 | AO92: 77.685366 | AP92: 78.136585 | AQ92: 77.839024 | AR92: 77.987805 | AS92: 77.887805 | AT92: 78.387805 | AU92: 78.641463 | AV92: 78.841463 | AW92: 79.039024 | AX92: 79.239024 | AY92: 79.439024 | AZ92: 79.439024 | BA92: 79.939024 | BB92: 80.187805 | BC92: 80.387805 | BD92: 80.731707 | BE92: 80.634146 | BF92: 81.285366 | BG92: 81.436585 | BH92: 81.587805
A93: Grenada | B93: GRD | C93: Life expectancy at birth, total (years) | D93: SP.DYN.LE00.IN | E93: 59.815927 | F93: 60.249512 | G93: 60.669585 | H93: 61.076171 | I93: 61.470756 | J93: 61.852829 | K93: 62.222927 | L93: 62.581537 | M93: 62.928171 | N93: 63.264293 | O93: 63.590439 | P93: 63.907098 | Q93: 64.213756 | R93: 64.511927 | S93: 64.800585 | T93: 65.082244 | U93: 65.355415 | V93: 65.619585 | W93: 65.877268 | X93: 66.126951 | Y93: 66.369659 | Z93: 66.605366 | AA93: 66.835585 | AB93: 67.059293 | AC93: 67.278024 | AD93: 67.490756 | AE93: 67.698488 | AF93: 67.900732 | AG93: 68.097488 | AH93: 68.289756 | AI93: 68.475024 | AJ93: 68.653805 | AK93: 68.82561 | AL93: 68.99139 | AM93: 69.154195 | AN93: 69.317512 | AO93: 69.486317 | AP93: 69.661634 | AQ93: 69.847463 | AR93: 70.044293 | AS93: 70.25161 | AT93: 70.467927 | AU93: 70.690732 | AV93: 70.916024 | AW93: 71.142805 | AX93: 71.372585 | AY93: 71.606902 | AZ93: 71.846756 | BA93: 72.090146 | BB93: 72.334073 | BC93: 72.572 | BD93: 72.796415 | BE93: 73.003293 | BF93: 73.189098 | BG93: 73.353341 | BH93: 73.499537
A94: Greenland | B94: GRL | C94: Life expectancy at birth, total (years) | D94: SP.DYN.LE00.IN | W94: 63.414634 | X94: 63.954878 | Y94: 63.449756 | Z94: 63.074878 | AA94: 63.192683 | AB94: 63.3 | AC94: 63.466585 | AD94: 63.833659 | AE94: 64.24878 | AF94: 64.654146 | AG94: 64.582439 | AH94: 64.667561 | AI94: 65.068293 | AJ94: 65.031707 | AK94: 65.196098 | AL94: 65.585366 | AM94: 65.900976 | AN94: 65.644146 | AO94: 65.767317 | AP94: 65.798049 | AQ94: 66.157073 | AR94: 66.403415 | AS94: 66.963415 | AT94: 67.607805 | AU94: 68.162683 | AV94: 68.435366 | AW94: 68.806829 | AX94: 69.220732 | AY94: 69.519268 | AZ94: 69.982683 | BA94: 70.213415 | BB94: 70.467805 | BC94: 70.857073 | BD94: 71.062439 | BE94: 71.299024 | BF94: 71.830488
A95: Guatemala | B95: GTM | C95: Life expectancy at birth, total (years) | D95: SP.DYN.LE00.IN | E95: 46.701463 | F95: 47.219317 | G95: 47.750171 | H95: 48.296 | I95: 48.856829 | J95: 49.436659 | K95: 50.035488 | L95: 50.648829 | M95: 51.270171 | N95: 51.892976 | O95: 52.504732 | P95: 53.094902 | Q95: 53.656439 | R95: 54.185341 | S95: 54.68161 | T95: 55.145732 | U95: 55.584756 | V95: 56.007683 | W95: 56.427073 | X95: 56.849927 | Y95: 57.282732 | Z95: 57.731024 | AA95: 58.194293 | AB95: 58.672024 | AC95: 59.16422 | AD95: 59.669878 | AE95: 60.182976 | AF95: 60.701024 | AG95: 61.220049 | AH95: 61.73961 | AI95: 62.26378 | AJ95: 62.799146 | AK95: 63.348268 | AL95: 63.911683 | AM95: 64.486927 | AN95: 65.066512 | AO95: 65.644415 | AP95: 66.212098 | AQ95: 66.761463 | AR95: 67.283463 | AS95: 67.771024 | AT95: 68.216585 | AU95: 68.621122 | AV95: 68.991098 | AW95: 69.331488 | AX95: 69.654341 | AY95: 69.975683 | AZ95: 70.305585 | BA95: 70.651049 | BB95: 71.01261 | BC95: 71.38622 | BD95: 71.758854 | BE95: 72.118463 | BF95: 72.454024 | BG95: 72.762024 | BH95: 73.042976
A96: Guam | B96: GUM | C96: Life expectancy at birth, total (years) | D96: SP.DYN.LE00.IN | E96: 61.226341 | F96: 61.725293 | G96: 62.219195 | H96: 62.707 | I96: 63.186244 | J96: 63.657415 | K96: 64.119024 | L96: 64.571585 | M96: 65.014146 | N96: 65.446707 | O96: 65.867317 | P96: 66.275488 | Q96: 66.670732 | R96: 67.053049 | S96: 67.422439 | T96: 67.778902 | U96: 68.122415 | V96: 68.454439 | W96: 68.775488 | X96: 69.087512 | Y96: 69.390537 | Z96: 69.686537 | AA96: 69.975537 | AB96: 70.258537 | AC96: 70.535537 | AD96: 70.806537 | AE96: 71.068049 | AF96: 71.320073 | AG96: 71.564585 | AH96: 71.804098 | AI96: 72.044098 | AJ96: 72.28761 | AK96: 72.540073 | AL96: 72.804537 | AM96: 73.083951 | AN96: 73.381317 | AO96: 73.699171 | AP96: 74.034 | AQ96: 74.382293 | AR96: 74.738488 | AS96: 75.097512 | AT96: 75.45122 | AU96: 75.795073 | AV96: 76.125122 | AW96: 76.438976 | AX96: 76.740341 | AY96: 77.032463 | AZ96: 77.321049 | BA96: 77.610244 | BB96: 77.899024 | BC96: 78.182854 | BD96: 78.456561 | BE96: 78.71439 | BF96: 78.953634 | BG96: 79.173732 | BH96: 79.377634
A97: Guyana | B97: GUY | C97: Life expectancy at birth, total (years) | D97: SP.DYN.LE00.IN | E97: 60.278732 | F97: 60.462098 | G97: 60.647 | H97: 60.830902 | I97: 61.012293 | J97: 61.187171 | K97: 61.348488 | L97: 61.493244 | M97: 61.61939 | N97: 61.72739 | O97: 61.81822 | P97: 61.895829 | Q97: 61.966707 | R97: 62.034854 | S97: 62.103805 | T97: 62.17561 | U97: 62.249805 | V97: 62.325951 | W97: 62.402585 | X97: 62.479732 | Y97: 62.554829 | Z97: 62.627829 | AA97: 62.696683 | AB97: 62.762902 | AC97: 62.828073 | AD97: 62.895293 | AE97: 62.96822 | AF97: 63.049512 | AG97: 63.14222 | AH97: 63.247902 | AI97: 63.367561 | AJ97: 63.502171 | AK97: 63.649098 | AL97: 63.804756 | AM97: 63.967049 | AN97: 64.133463 | AO97: 64.300927 | AP97: 64.466463 | AQ97: 64.628049 | AR97: 64.783634 | AS97: 64.931195 | AT97: 65.069707 | AU97: 65.200659 | AV97: 65.325073 | AW97: 65.442927 | AX97: 65.553244 | AY97: 65.656537 | AZ97: 65.753829 | BA97: 65.84661 | BB97: 65.936829 | BC97: 66.026415 | BD97: 66.11878 | BE97: 66.215878 | BF97: 66.317659 | BG97: 66.426146 | BH97: 66.539366
A98: High income | B98: HIC | C98: Life expectancy at birth, total (years) | D98: SP.DYN.LE00.IN | E98: 68.497683 | F98: 68.882382 | G98: 68.861817 | H98: 69.076399 | I98: 69.482129 | J98: 69.595506 | K98: 69.864686 | L98: 70.095162 | M98: 70.039581 | N98: 70.244661 | O98: 70.57132 | P98: 70.8517 | Q98: 71.146475 | R98: 71.317188 | S98: 71.729384 | T98: 72.076508 | U98: 72.335053 | V98: 72.6866 | W98: 72.844316 | X98: 73.169952 | Y98: 73.196881 | Z98: 73.554576 | AA98: 73.880727 | AB98: 73.983907 | AC98: 74.268425 | AD98: 74.389937 | AE98: 74.636671 | AF98: 74.911923 | AG98: 75.025651 | AH98: 75.274424 | AI98: 75.431639 | AJ98: 75.60488 | AK98: 75.861524 | AL98: 75.942934 | AM98: 76.227199 | AN98: 76.292445 | AO98: 76.666441 | AP98: 76.999186 | AQ98: 77.183606 | AR98: 77.338209 | AS98: 77.616783 | AT98: 77.913275 | AU98: 78.055373 | AV98: 78.179798 | AW98: 78.600942 | AX98: 78.698425 | AY98: 79.002695 | AZ98: 79.235086 | BA98: 79.383391 | BB98: 79.660307 | BC98: 79.842182 | BD98: 80.081947 | BE98: 80.197968 | BF98: 80.380835 | BG98: 80.614838 | BH98: 80.74131
A99: Hong Kong SAR, China | B99: HKG | C99: Life expectancy at birth, total (years) | D99: SP.DYN.LE00.IN | E99: 66.961683 | F99: 67.548756 | G99: 68.105976 | H99: 68.625854 | I99: 69.104366 | J99: 69.542878 | K99: 69.94622 | L99: 70.32578 | M99: 70.690537 | N99: 71.044561 | O99: 71.386512 | P99: 71.458537 | Q99: 71.456098 | R99: 72.109756 | S99: 72.612195 | T99: 73.368293 | U99: 72.819512 | V99: 73.319512 | W99: 73.57561 | X99: 73.673171 | Y99: 74.673171 | Z99: 75.32439 | AA99: 75.429268 | AB99: 75.27561 | AC99: 76.029268 | AD99: 76.434146 | AE99: 76.685366 | AF99: 76.882927 | AG99: 77.082927 | AH99: 77.029268 | AI99: 77.380488 | AJ99: 77.882927 | AK99: 77.678049 | AL99: 78.031707 | AM99: 78.529268 | AN99: 78.682927 | AO99: 79.626829 | AP99: 80.126829 | AQ99: 80.131707 | AR99: 80.382927 | AS99: 80.878049 | AT99: 81.42439 | AU99: 81.478049 | AV99: 81.329268 | AW99: 81.780488 | AX99: 81.580488 | AY99: 82.37561 | AZ99: 82.326829 | BA99: 82.37561 | BB99: 82.77561 | BC99: 82.978049 | BD99: 83.421951 | BE99: 83.480488 | BF99: 83.831707 | BG99: 83.980488 | BH99: 84.278049
A100: Honduras | B100: HND | C100: Life expectancy at birth, total (years) | D100: SP.DYN.LE00.IN | E100: 46.288317 | F100: 46.963878 | G100: 47.632951 | H100: 48.289 | I100: 48.927976 | J100: 49.547366 | K100: 50.147659 | L100: 50.73739 | M100: 51.324634 | N100: 51.914878 | O100: 52.515146 | P100: 53.132951 | Q100: 53.770829 | R100: 54.430756 | S100: 55.115244 | T100: 55.823293 | U100: 56.554902 | V100: 57.303049 | W100: 58.063732 | X100: 58.832927 | Y100: 59.612122 | Z100: 60.405854 | AA100: 61.212073 | AB100: 62.024805 | AC100: 62.831537 | AD100: 63.613756 | AE100: 64.350951 | AF100: 65.030146 | AG100: 65.645293 | AH100: 66.194439 | AI100: 66.689049 | AJ100: 67.143634 | AK100: 67.579195 | AL100: 68.008756 | AM100: 68.436805 | AN100: 68.85839 | AO100: 69.261512 | AP100: 69.630707 | AQ100: 69.958976 | AR100: 70.245805 | AS100: 70.494195 | AT100: 70.712122 | AU100: 70.911049 | AV100: 71.102951 | AW100: 71.292829 | AX100: 71.482171 | AY100: 71.672976 | AZ100: 71.859268 | BA100: 72.041024 | BB100: 72.218293 | BC100: 72.395049 | BD100: 72.57278 | BE100: 72.754 | BF100: 72.939707 | BG100: 73.129902 | BH100: 73.32461
A101: Heavily indebted poor countries (HIPC) | B101: HPC | C101: Life expectancy at birth, total (years) | D101: SP.DYN.LE00.IN | E101: 39.560024 | F101: 39.994298 | G101: 40.421019 | H101: 40.838798 | I101: 41.247834 | J101: 41.650448 | K101: 42.049979 | L101: 42.450008 | M101: 42.852842 | N101: 43.259184 | O101: 43.669149 | P101: 44.082379 | Q101: 44.495553 | R101: 44.904564 | S101: 45.305758 | T101: 45.694434 | U101: 46.065794 | V101: 46.418932 | W101: 46.755636 | X101: 47.077945 | Y101: 47.390866 | Z101: 47.700312 | AA101: 48.008713 | AB101: 48.314506 | AC101: 48.613223 | AD101: 48.891212 | AE101: 49.131389 | AF101: 49.322704 | AG101: 49.463266 | AH101: 49.564477 | AI101: 49.649845 | AJ101: 49.747497 | AK101: 49.878926 | AL101: 50.049505 | AM101: 50.251557 | AN101: 50.479942 | AO101: 50.737187 | AP101: 51.028432 | AQ101: 51.360112 | AR101: 51.739553 | AS101: 52.177429 | AT101: 52.684624 | AU101: 53.262928 | AV101: 53.90681 | AW101: 54.604559 | AX101: 55.340841 | AY101: 56.098264 | AZ101: 56.856665 | BA101: 57.596804 | BB101: 58.303894 | BC101: 58.966467 | BD101: 59.578607 | BE101: 60.146512 | BF101: 60.675937 | BG101: 61.167241 | BH101: 61.622362
A102: Croatia | B102: HRV | C102: Life expectancy at birth, total (years) | D102: SP.DYN.LE00.IN | E102: 64.608659 | F102: 65.015512 | G102: 65.408244 | H102: 65.787878 | I102: 66.154439 | J102: 66.512049 | K102: 66.86278 | L102: 67.208732 | M102: 67.548927 | N102: 67.881366 | O102: 68.200488 | P102: 68.501634 | Q102: 68.778732 | R102: 69.029244 | S102: 69.252707 | T102: 70.001951 | U102: 70.455366 | V102: 70.74439 | W102: 70.53878 | X102: 70.427317 | Y102: 70.175366 | Z102: 70.34439 | AA102: 70.482683 | AB102: 70.274878 | AC102: 70.218537 | AD102: 70.886098 | AE102: 71.419024 | AF102: 71.470244 | AG102: 71.488293 | AH102: 71.844634 | AI102: 72.170488 | AJ102: 72.185366 | AK102: 71.241463 | AL102: 71.522439 | AM102: 71.803415 | AN102: 72.08439 | AO102: 72.365366 | AP102: 72.495122 | AQ102: 72.317073 | AR102: 72.641951 | AS102: 72.807805 | AT102: 74.512927 | AU102: 74.717317 | AV102: 74.613902 | AW102: 75.520244 | AX102: 75.244634 | AY102: 75.836829 | AZ102: 75.70561 | BA102: 75.912195 | BB102: 76.168293 | BC102: 76.47561 | BD102: 76.77561 | BE102: 76.92439 | BF102: 77.126829 | BG102: 77.478049 | BH102: 77.27561
A103: Haiti | B103: HTI | C103: Life expectancy at birth, total (years) | D103: SP.DYN.LE00.IN | E103: 42.100098 | F103: 42.683951 | G103: 43.263805 | H103: 43.836195 | I103: 44.398585 | J103: 44.942049 | K103: 45.45861 | L103: 45.942293 | M103: 46.391073 | N103: 46.80839 | O103: 47.199659 | P103: 47.576707 | Q103: 47.948488 | R103: 48.323463 | S103: 48.704171 | T103: 49.087268 | U103: 49.464951 | V103: 49.827878 | W103: 50.173659 | X103: 50.504293 | Y103: 50.828244 | Z103: 51.156854 | AA103: 51.500463 | AB103: 51.863902 | AC103: 52.24761 | AD103: 52.647537 | AE103: 53.053683 | AF103: 53.454634 | AG103: 53.842951 | AH103: 54.213683 | AI103: 54.569317 | AJ103: 54.914415 | AK103: 55.255951 | AL103: 55.598463 | AM103: 55.940512 | AN103: 56.275659 | AO103: 56.594951 | AP103: 56.892902 | AQ103: 57.169024 | AR103: 57.426268 | AS103: 57.676049 | AT103: 57.92978 | AU103: 58.199366 | AV103: 58.495244 | AW103: 58.820927 | AX103: 59.179463 | AY103: 59.569927 | AZ103: 59.982415 | BA103: 60.406537 | BB103: 60.83378 | BC103: 61.253195 | BD103: 61.655244 | BE103: 62.034366 | BF103: 62.388 | BG103: 62.713146 | BH103: 63.01078
A104: Hungary | B104: HUN | C104: Life expectancy at birth, total (years) | D104: SP.DYN.LE00.IN | E104: 68.003171 | F104: 68.936098 | G104: 67.865854 | H104: 68.874146 | I104: 69.380976 | J104: 69.07122 | K104: 69.822439 | L104: 69.407073 | M104: 69.230244 | N104: 69.314634 | O104: 69.164634 | P104: 69.052439 | Q104: 69.664634 | R104: 69.518049 | S104: 69.248049 | T104: 69.29 | U104: 69.573171 | V104: 69.848049 | W104: 69.393902 | X104: 69.615366 | Y104: 69.061707 | Z104: 69.139268 | AA104: 69.357805 | AB104: 68.973659 | AC104: 69.025854 | AD104: 68.972195 | AE104: 69.173415 | AF104: 69.65122 | AG104: 70.023415 | AH104: 69.461707 | AI104: 69.31561 | AJ104: 69.377073 | AK104: 69.117073 | AL104: 69.10122 | AM104: 69.469756 | AN104: 69.791707 | AO104: 70.32878 | AP104: 70.702439 | AQ104: 70.557805 | AR104: 70.677073 | AS104: 71.246341 | AT104: 72.24878 | AU104: 72.34878 | AV104: 72.3 | AW104: 72.64878 | AX104: 72.64878 | AY104: 73.097561 | AZ104: 73.15122 | BA104: 73.702439 | BB104: 73.904878 | BC104: 74.207317 | BD104: 74.858537 | BE104: 75.063415 | BF104: 75.565854 | BG104: 75.763415 | BH104: 75.960976
A105: IBRD only | B105: IBD | C105: Life expectancy at birth, total (years) | D105: SP.DYN.LE00.IN | E105: 48.702653 | F105: 49.222575 | G105: 49.821891 | H105: 50.560378 | I105: 51.425893 | J105: 52.399175 | K105: 53.413647 | L105: 54.412989 | M105: 55.379131 | N105: 56.238612 | O105: 57.035772 | P105: 57.738009 | Q105: 58.383316 | R105: 58.99346 | S105: 59.583885 | T105: 60.100041 | U105: 60.614827 | V105: 61.090085 | W105: 61.535639 | X105: 61.934529 | Y105: 62.30634 | Z105: 62.678366 | AA105: 63.032097 | AB105: 63.341425 | AC105: 63.624605 | AD105: 63.951701 | AE105: 64.323764 | AF105: 64.62442 | AG105: 64.915799 | AH105: 65.182224 | AI105: 65.441759 | AJ105: 65.690533 | AK105: 65.893955 | AL105: 66.082938 | AM105: 66.335135 | AN105: 66.622472 | AO105: 66.961431 | AP105: 67.318701 | AQ105: 67.651829 | AR105: 67.93842 | AS105: 68.251882 | AT105: 68.57579 | AU105: 68.878576 | AV105: 69.181604 | AW105: 69.497643 | AX105: 69.786313 | AY105: 70.114438 | AZ105: 70.425239 | BA105: 70.714178 | BB105: 71.025485 | BC105: 71.306963 | BD105: 71.602507 | BE105: 71.861532 | BF105: 72.115897 | BG105: 72.343356 | BH105: 72.55544
A106: IDA & IBRD total | B106: IBT | C106: Life expectancy at birth, total (years) | D106: SP.DYN.LE00.IN | E106: 47.573938 | F106: 48.084936 | G106: 48.667488 | H106: 49.369936 | I106: 50.175589 | J106: 51.066589 | K106: 51.986134 | L106: 52.884081 | M106: 53.746273 | N106: 54.513478 | O106: 55.224756 | P106: 55.856693 | Q106: 56.442611 | R106: 57.003098 | S106: 57.551193 | T106: 58.041834 | U106: 58.535396 | V106: 58.998103 | W106: 59.436113 | X106: 59.833404 | Y106: 60.20402 | Z106: 60.57245 | AA106: 60.920801 | AB106: 61.228128 | AC106: 61.509193 | AD106: 61.820068 | AE106: 62.16043 | AF106: 62.436033 | AG106: 62.696051 | AH106: 62.931584 | AI106: 63.155412 | AJ106: 63.372353 | AK106: 63.544761 | AL106: 63.710879 | AM106: 63.930123 | AN106: 64.181254 | AO106: 64.477548 | AP106: 64.796053 | AQ106: 65.090814 | AR106: 65.358495 | AS106: 65.65701 | AT106: 65.968549 | AU106: 66.272874 | AV106: 66.587884 | AW106: 66.922213 | AX106: 67.242794 | AY106: 67.599037 | AZ106: 67.944148 | BA106: 68.271347 | BB106: 68.611693 | BC106: 68.921979 | BD106: 69.235111 | BE106: 69.513576 | BF106: 69.7821 | BG106: 70.024029 | BH106: 70.24842
... A110: IDA only | B110: IDX | C110: Life expectancy at birth, total (years) | D110: SP.DYN.LE00.IN | E110: 41.111231 | F110: 41.599185 | G110: 42.094281 | H110: 42.595354 | I110: 43.096058 | J110: 43.577941 | K110: 44.018565 | L110: 44.403354 | M110: 44.727865 | N110: 44.997561 | O110: 45.23264 | P110: 45.463162 | Q110: 45.719097 | R110: 46.022003 | S110: 46.382866 | T110: 46.807025 | U110: 47.289836 | V110: 47.808214 | W110: 48.334712 | X110: 48.848187 | Y110: 49.335314 | Z110: 49.852384 | AA110: 50.294532 | AB110: 50.724549 | AC110: 51.141213 | AD110: 51.535435 | AE110: 51.896713 | AF110: 52.222652 | AG110: 52.509572 | AH110: 52.785691 | AI110: 53.039285 | AJ110: 53.301928 | AK110: 53.58254 | AL110: 53.885894 | AM110: 54.209501 | AN110: 54.558191 | AO110: 54.930012 | AP110: 55.314159 | AQ110: 55.710239 | AR110: 56.128856 | AS110: 56.568867 | AT110: 57.040478 | AU110: 57.544131 | AV110: 58.088492 | AW110: 58.661734 | AX110: 59.255165 | AY110: 59.858147 | AZ110: 60.459557 | BA110: 61.044044 | BB110: 61.599662 | BC110: 62.116124 | BD110: 62.594243 | BE110: 63.04082 | BF110: 63.459617 | BG110: 63.853122 | BH110: 64.222994
A111: Isle of Man | B111: IMN | C111: Life expectancy at birth, total (years) | D111: SP.DYN.LE00.IN | AM111: 76.529268 | AU111: 77.965854
A112: India | B112: IND | C112: Life expectancy at birth, total (years) | D112: SP.DYN.LE00.IN | E112: 41.169512 | F112: 41.789024 | G112: 42.416439 | H112: 43.052244 | I112: 43.696951 | J112: 44.351561 | K112: 45.015585 | L112: 45.687024 | M112: 46.36239 | N112: 47.040659 | O112: 47.719756 | P112: 48.399122 | Q112: 49.07722 | R112: 49.749561 | S112: 50.411707 | T112: 51.055244 | U112: 51.676805 | V112: 52.270488 | W112: 52.834902 | X112: 53.366098 | Y112: 53.860585 | Z112: 54.313415 | AA112: 54.729488 | AB112: 55.116195 | AC112: 55.483463 | AD112: 55.843707 | AE112: 56.212293 | AF112: 56.599707 | AG112: 57.01339 | AH112: 57.455829 | AI112: 57.926537 | AJ112: 58.422537 | AK112: 58.929415 | AL112: 59.43678 | AM112: 59.937707 | AN112: 60.424756 | AO112: 60.892976 | AP112: 61.342902 | AQ112: 61.775024 | AR112: 62.190854 | AS112: 62.59339 | AT112: 62.985634 | AU112: 63.374537 | AV112: 63.764976 | AW112: 64.15839 | AX112: 64.560098 | AY112: 64.970902 | AZ112: 65.389756 | BA112: 65.810659 | BB112: 66.230171 | BC112: 66.639927 | BD112: 67.031659 | BE112: 67.400073 | BF112: 67.739341 | BG112: 68.050024 | BH112: 68.33261
A113: Not classified | B113: INX | C113: Life expectancy at birth, total (years) | D113: SP.DYN.LE00.IN
A114: Ireland | B114: IRL | C114: Life expectancy at birth, total (years) | D114: SP.DYN.LE00.IN | E114: 69.796512 | F114: 69.978268 | G114: 70.134073 | H114: 70.272927 | I114: 70.401293 | J114: 70.523146 | K114: 70.638439 | L114: 70.745146 | M114: 70.844293 | N114: 70.937878 | O114: 71.031439 | P114: 71.128537 | Q114: 71.232244 | R114: 71.345561 | S114: 71.472024 | T114: 71.61661 | U114: 71.78278 | V114: 71.969 | W114: 72.173732 | X114: 72.393463 | Y114: 72.623244 | Z114: 72.856098 | AA114: 73.088073 | AB114: 73.313683 | AC114: 73.531463 | AD114: 73.742366 | AE114: 73.951415 | AF114: 74.162537 | AG114: 74.377707 | AH114: 74.595902 | AI114: 74.809098 | AJ114: 75.005268 | AK114: 75.180951 | AL114: 75.336122 | AM114: 75.476805 | AN114: 75.617561 | AO114: 75.831707 | AP114: 75.985366 | AQ114: 76.180488 | AR114: 76.082927 | AS114: 76.536585 | AT114: 77.134146 | AU114: 77.634146 | AV114: 78.139024 | AW114: 78.539024 | AX114: 78.943902 | AY114: 79.241463 | AZ114: 79.641463 | BA114: 80.095122 | BB114: 80.190244 | BC114: 80.743902 | BD114: 80.746341 | BE114: 80.846341 | BF114: 81 | BG114: 81.34878 | BH114: 81.502439
A115: Iran, Islamic Rep. | B115: IRN | C115: Life expectancy at birth, total (years) | D115: SP.DYN.LE00.IN | E115: 44.945512 | F115: 45.508951 | G115: 46.065805 | H115: 46.618073 | I115: 47.169805 | J115: 47.728146 | K115: 48.300756 | L115: 48.89222 | M115: 49.510585 | N115: 50.158341 | O115: 50.863976 | P115: 51.661585 | Q115: 52.544463 | R115: 53.478805 | S115: 54.410463 | T115: 55.212488 | U115: 55.730927 | V115: 55.896415 | W115: 55.71122 | X115: 55.239585 | Y115: 54.640439 | Z115: 54.127878 | AA115: 53.899098 | AB115: 54.092902 | AC115: 54.753878 | AD115: 55.871415 | AE115: 57.363659 | AF115: 59.050317 | AG115: 60.761829 | AH115: 62.401902 | AI115: 63.882878 | AJ115: 65.145341 | AK115: 66.203512 | AL115: 67.07822 | AM115: 67.77139 | AN115: 68.305927 | AO115: 68.722146 | AP115: 69.076317 | AQ115: 69.415561 | AR115: 69.765951 | AS115: 70.137195 | AT115: 70.521659 | AU115: 70.898439 | AV115: 71.253854 | AW115: 71.593634 | AX115: 71.930707 | AY115: 72.283634 | AZ115: 72.66322 | BA115: 73.073098 | BB115: 73.509195 | BC115: 73.956195 | BD115: 74.39461 | BE115: 74.802829 | BF115: 75.165415 | BG115: 75.478195 | BH115: 75.742634
A116: Iraq | B116: IRQ | C116: Life expectancy at birth, total (years) | D116: SP.DYN.LE00.IN | E116: 48.030683 | F116: 49.231634 | G116: 50.418366 | H116: 51.589415 | I116: 52.736829 | J116: 53.843122 | K116: 54.886415 | L116: 55.848805 | M116: 56.717902 | N116: 57.492341 | O116: 58.187683 | P116: 58.830585 | Q116: 59.441024 | R116: 60.022 | S116: 60.561146 | T116: 60.996659 | U116: 61.248195 | V116: 61.281537 | W116: 61.106317 | X116: 60.77339 | Y116: 60.394024 | Z116: 60.110049 | AA116: 60.038683 | AB116: 60.251415 | AC116: 60.766829 | AD116: 61.549512 | AE116: 62.520024 | AF116: 63.548512 | AG116: 64.524293 | AH116: 65.394439 | AI116: 66.131756 | AJ116: 66.740951 | AK116: 67.264439 | AL116: 67.735439 | AM116: 68.152756 | AN116: 68.510268 | AO116: 68.797293 | AP116: 69.00678 | AQ116: 69.138561 | AR116: 69.195927 | AS116: 69.179317 | AT116: 69.09 | AU116: 68.942024 | AV116: 68.757317 | AW116: 68.560122 | AX116: 68.381683 | AY116: 68.255024 | AZ116: 68.196537 | BA116: 68.214317 | BB116: 68.312463 | BC116: 68.482171 | BD116: 68.704732 | BE116: 68.950756 | BF116: 69.195463 | BG116: 69.42561 | BH116: 69.63461
A117: Iceland | B117: ISL | C117: Life expectancy at birth, total (years) | D117: SP.DYN.LE00.IN | E117: 73.423171 | F117: 73.503415 | G117: 73.721951 | H117: 73.042927 | I117: 73.541707 | J117: 73.86878 | K117: 73.300488 | L117: 73.783171 | M117: 74.005854 | N117: 73.776341 | O117: 73.933902 | P117: 73.570488 | Q117: 74.455854 | R117: 74.450976 | S117: 74.511707 | T117: 75.57878 | U117: 76.972195 | V117: 76.373659 | W117: 76.649268 | X117: 76.773171 | Y117: 76.846585 | Z117: 76.521463 | AA117: 77.037805 | AB117: 76.84561 | AC117: 77.576585 | AD117: 77.602439 | AE117: 77.990732 | AF117: 77.339024 | AG117: 77.082927 | AH117: 78.140976 | AI117: 78.036341 | AJ117: 77.991951 | AK117: 78.760244 | AL117: 78.934634 | AM117: 79.247073 | AN117: 77.98439 | AO117: 78.777805 | AP117: 78.885366 | AQ117: 79.602439 | AR117: 79.35122 | AS117: 79.653659 | AT117: 80.690244 | AU117: 80.502439 | AV117: 80.963415 | AW117: 80.997561 | AX117: 81.502439 | AY117: 81.158537 | AZ117: 81.453659 | BA117: 81.609756 | BB117: 81.75122 | BC117: 81.897561 | BD117: 82.358537 | BE117: 82.917073 | BF117: 82.060976 | BG117: 82.860976 | BH117: 82.860976
A118: Israel | B118: ISR | C118: Life expectancy at birth, total (years) | D118: SP.DYN.LE00.IN | F118: 72.006585 | G118: 72.112195 | K118: 72.28561 | L118: 71.509756 | M118: 71.056585 | N118: 70.970488 | O118: 71.213415 | P118: 71.719024 | Q118: 71.078049 | R118: 71.693415 | S118: 71.661707 | T118: 72.045122 | U118: 72.956098 | V118: 72.958537 | W118: 73.207317 | X118: 73.507317 | Y118: 73.87561 | Z118: 74.260976 | AA118: 74.109756 | AB118: 74.458537 | AC118: 74.807317 | AD118: 75.207317 | AE118: 74.956098 | AF118: 75.258537 | AG118: 74.436585 | AH118: 76.307317 | AI118: 76.607317 | AJ118: 76.758537 | AK118: 76.504878 | AL118: 77.153659 | AM118: 77.402439 | AN118: 77.45122 | AO118: 78.104878 | AP118: 78 | AQ118: 78.14878 | AR118: 78.658537 | AS118: 78.953659 | AT118: 79.407317 | AU118: 79.45122 | AV118: 79.64878 | AW118: 80.146341 | AX118: 80.15122 | AY118: 80.553659 | AZ118: 80.504878 | BA118: 80.95122 | BB118: 81.404878 | BC118: 81.602439 | BD118: 81.656098 | BE118: 81.704878 | BF118: 82.056098 | BG118: 82.153659 | BH118: 82.05122
A119: Italy | B119: ITA | C119: Life expectancy at birth, total (years) | D119: SP.DYN.LE00.IN | E119: 69.123902 | F119: 69.760244 | G119: 69.149756 | H119: 69.248049 | I119: 70.311707 | J119: 70.171707 | K119: 70.926098 | L119: 70.956585 | M119: 70.78 | N119: 70.811951 | O119: 71.55878 | P119: 71.806829 | Q119: 72.075366 | R119: 72.026341 | S119: 72.73439 | T119: 72.647317 | U119: 72.991951 | V119: 73.364634 | W119: 73.693171 | X119: 74.002683 | Y119: 73.943171 | Z119: 74.353902 | AA119: 74.814634 | AB119: 74.640244 | AC119: 75.389512 | AD119: 75.470732 | AE119: 75.770732 | AF119: 76.219512 | AG119: 76.370732 | AH119: 76.819512 | AI119: 76.970732 | AJ119: 77.019512 | AK119: 77.419512 | AL119: 77.721951 | AM119: 77.921951 | AN119: 78.170732 | AO119: 78.521951 | AP119: 78.82439 | AQ119: 78.97561 | AR119: 79.42439 | AS119: 79.778049 | AT119: 80.126829 | AU119: 80.229268 | AV119: 79.982927 | AW119: 80.780488 | AX119: 80.782927 | AY119: 81.282927 | AZ119: 81.434146 | BA119: 81.485366 | BB119: 81.636585 | BC119: 82.036585 | BD119: 82.187805 | BE119: 82.239024 | BF119: 82.690244 | BG119: 83.090244 | BH119: 83.490244
A120: Jamaica | B120: JAM | C120: Life expectancy at birth, total (years) | D120: SP.DYN.LE00.IN | E120: 64.308073 | F120: 64.876024 | G120: 65.396634 | H120: 65.87139 | I120: 66.305293 | J120: 66.69978 | K120: 67.057341 | L120: 67.382415 | M120: 67.683463 | N120: 67.969927 | O120: 68.251805 | P120: 68.540098 | Q120: 68.839268 | R120: 69.151854 | S120: 69.478341 | T120: 69.817707 | U120: 70.166463 | V120: 70.515098 | W120: 70.85161 | X120: 71.166 | Y120: 71.446293 | Z120: 71.681 | AA120: 71.866122 | AB120: 72.001634 | AC120: 72.088024 | AD120: 72.130244 | AE120: 72.135707 | AF120: 72.115366 | AG120: 72.083756 | AH120: 72.048927 | AI120: 72.015976 | AJ120: 71.987537 | AK120: 71.962732 | AL120: 71.943659 | AM120: 71.935366 | AN120: 71.94239 | AO120: 71.968195 | AP120: 72.015707 | AQ120: 72.086854 | AR120: 72.184659 | AS120: 72.313171 | AT120: 72.476951 | AU120: 72.675024 | AV120: 72.902927 | AW120: 73.15561 | AX120: 73.428024 | AY120: 73.715122 | AZ120: 74.00878 | BA120: 74.300439 | BB120: 74.582537 | BC120: 74.846488 | BD120: 75.085244 | BE120: 75.299829 | BF120: 75.490268 | BG120: 75.658537 | BH120: 75.806683
A121: Jordan | B121: JOR | C121: Life expectancy at birth, total (years) | D121: SP.DYN.LE00.IN | E121: 52.685268 | F121: 53.471512 | G121: 54.251317 | H121: 55.025195 | I121: 55.792659 | J121: 56.552171 | K121: 57.303268 | L121: 58.043976 | M121: 58.77278 | N121: 59.487683 | O121: 60.19022 | P121: 60.881341 | Q121: 61.561073 | R121: 62.22839 | S121: 62.880805 | T121: 63.512805 | U121: 64.117902 | V121: 64.693585 | W121: 65.237878 | X121: 65.749268 | Y121: 66.231293 | Z121: 66.687951 | AA121: 67.124756 | AB121: 67.545707 | AC121: 67.950268 | AD121: 68.33839 | AE121: 68.706561 | AF121: 69.049707 | AG121: 69.366805 | AH121: 69.657366 | AI121: 69.920854 | AJ121: 70.157317 | AK121: 70.372268 | AL121: 70.568756 | AM121: 70.751244 | AN121: 70.925732 | AO121: 71.095683 | AP121: 71.263561 | AQ121: 71.432878 | AR121: 71.605098 | AS121: 71.779756 | AT121: 71.956366 | AU121: 72.132488 | AV121: 72.30461 | AW121: 72.473756 | AX121: 72.638902 | AY121: 72.801561 | AZ121: 72.962195 | BA121: 73.122293 | BB121: 73.280854 | BC121: 73.43839 | BD121: 73.593902 | BE121: 73.746902 | BF121: 73.896927 | BG121: 74.044951 | BH121: 74.191024
A122: Japan | B122: JPN | C122: Life expectancy at birth, total (years) | D122: SP.DYN.LE00.IN | E122: 67.666098 | F122: 68.31 | G122: 68.594878 | H122: 69.658049 | I122: 70.132439 | J122: 70.201951 | K122: 70.986585 | L122: 71.276585 | M122: 71.61122 | N122: 71.83878 | O122: 71.950244 | P122: 72.882927 | Q122: 73.506585 | R122: 73.757561 | S122: 74.393902 | T122: 75.057317 | U122: 75.456829 | V122: 75.898293 | W122: 76.038293 | X122: 76.337561 | Y122: 76.091707 | Z122: 76.41439 | AA122: 76.922927 | AB122: 76.961463 | AC122: 77.365366 | AD122: 77.650488 | AE122: 78.064634 | AF122: 78.483659 | AG122: 78.399268 | AH122: 78.818049 | AI122: 78.836829 | AJ122: 79.100732 | AK122: 79.153902 | AL122: 79.293659 | AM122: 79.687073 | AN122: 79.536341 | AO122: 80.200244 | AP122: 80.424146 | AQ122: 80.501463 | AR122: 80.570732 | AS122: 81.076098 | AT122: 81.417073 | AU122: 81.563415 | AV122: 81.76 | AW122: 82.030244 | AX122: 81.925122 | AY122: 82.321951 | AZ122: 82.507073 | BA122: 82.587561 | BB122: 82.931463 | BC122: 82.842683 | BD122: 82.59122 | BE122: 83.096098 | BF122: 83.331951 | BG122: 83.587805 | BH122: 83.843659
A123: Kazakhstan | B123: KAZ | C123: Life expectancy at birth, total (years) | D123: SP.DYN.LE00.IN | E123: 58.367585 | F123: 58.781585 | G123: 59.199073 | H123: 59.618561 | I123: 60.036049 | J123: 60.449024 | K123: 60.852 | L123: 61.239488 | M123: 61.608976 | N123: 61.956463 | O123: 62.276463 | P123: 62.564951 | Q123: 62.824951 | R123: 63.060439 | S123: 63.279927 | T123: 63.492366 | U123: 63.709756 | V123: 63.940585 | W123: 64.191902 | X123: 64.466732 | Y123: 66.62439 | Z123: 66.706098 | AA123: 66.787805 | AB123: 67.662195 | AC123: 68.536585 | AD123: 68.536585 | AE123: 68.913415 | AF123: 69.290244 | AG123: 68.84878 | AH123: 68.290244 | AI123: 68.336585 | AJ123: 67.982927 | AK123: 67.731707 | AL123: 66.726829 | AM123: 65.673171 | AN123: 64.919512 | AO123: 64.109756 | AP123: 64.463415 | AQ123: 64.560976 | AR123: 65.519512 | AS123: 65.517073 | AT123: 65.768293 | AU123: 65.968293 | AV123: 65.865854 | AW123: 65.887805 | AX123: 65.909756 | AY123: 66.160976 | AZ123: 66.504878 | BA123: 67.021951 | BB123: 68.429268 | BC123: 68.295366 | BD123: 68.98 | BE123: 69.61 | BF123: 70.45 | BG123: 71.62 | BH123: 72
...

Sheet Fecundidade - BM
A1: Data Source | B1: World Development Indicators
A2: Last Updated Date | B2: 43091
A4: Country Name | B4: Country Code | C4: Indicator Name | D4: Indicator Code | E4: 1960 | F4: 1961 | G4: 1962 | H4: 1963 | I4: 1964 | J4: 1965 | K4: 1966 | L4: 1967 | M4: 1968 | N4: 1969 | O4: 1970 | P4: 1971 | Q4: 1972 | R4: 1973 | S4: 1974 | T4: 1975 | U4: 1976 | V4: 1977 | W4: 1978 | X4: 1979 | Y4: 1980 | Z4: 1981 | AA4: 1982 | AB4: 1983 | AC4: 1984 | AD4: 1985 | AE4: 1986 | AF4: 1987 | AG4: 1988 | AH4: 1989 | AI4: 1990 | AJ4: 1991 | AK4: 1992 | AL4: 1993 | AM4: 1994 | AN4: 1995 | AO4: 1996 | AP4: 1997 | AQ4: 1998 | AR4: 1999 | AS4: 2000 | AT4: 2001 | AU4: 2002 | AV4: 2003 | AW4: 2004 | AX4: 2005 | AY4: 2006 | AZ4: 2007 | BA4: 2008 | BB4: 2009 | BC4: 2010 | BD4: 2011 | BE4: 2012 | BF4: 2013 | BG4: 2014 | BH4: 2015 | BI4: 2016 | BJ4: 2017
A5: Aruba | B5: ABW | C5: Fertility rate, total (births per woman) | D5: SP.DYN.TFRT.IN | E5: 4.82 | F5: 4.655 | G5: 4.471 | H5: 4.271 | I5: 4.059 | J5: 3.842 | K5: 3.625 | L5: 3.417 | M5: 3.226 | N5: 3.054 | O5: 2.908 | P5: 2.788 | Q5: 2.691 | R5: 2.613 | S5: 2.552 | T5: 2.506 | U5: 2.472 | V5: 2.446 | W5: 2.425 | X5: 2.408 | Y5: 2.392 | Z5: 2.377 | AA5: 2.364 | AB5: 2.353 | AC5: 2.342 | AD5: 2.332 | AE5: 2.32 | AF5: 2.307 | AG5: 2.291 | AH5: 2.272 | AI5: 2.249 | AJ5: 2.221 | AK5: 2.187 | AL5: 2.149 | AM5: 2.108 | AN5: 2.064 | AO5: 2.021 | AP5: 1.978 | AQ5: 1.939 | AR5: 1.903 | AS5: 1.872 | AT5: 1.846 | AU5: 1.823 | AV5: 1.803 | AW5: 1.787 | AX5: 1.774 | AY5: 1.766 | AZ5: 1.763 | BA5: 1.764 | BB5: 1.769 | BC5: 1.776 | BD5: 1.783 | BE5: 1.791 | BF5: 1.796 | BG5: 1.8 | BH5: 1.801
A6: Afghanistan | B6: AFG | C6: Fertility rate, total (births per woman) | D6: SP.DYN.TFRT.IN | E6: 7.45 | F6: 7.45 | G6: 7.45 | H6: 7.45 | I6: 7.45 | J6: 7.45 | K6: 7.45 | L6: 7.45 | M6: 7.45 | N6: 7.45 | O6: 7.45 | P6: 7.45 | Q6: 7.45 | R6: 7.45 | S6: 7.45 | T6: 7.45 | U6: 7.45 | V6: 7.449 | W6: 7.449 | X6: 7.449 | Y6: 7.449 | Z6: 7.449 | AA6: 7.45 | AB6: 7.452 | AC6: 7.455 | AD6: 7.458 | AE6: 7.46 | AF6: 7.461 | AG6: 7.461 | AH6: 7.461 | AI6: 7.466 | AJ6: 7.479 | AK6: 7.502 | AL6: 7.535 | AM6: 7.572 | AN6: 7.606 | AO6: 7.63 | AP6: 7.635 | AQ6: 7.616 | AR6: 7.569 | AS6: 7.494 | AT6: 7.392 | AU6: 7.271 | AV6: 7.136 | AW6: 6.988 | AX6: 6.827 | AY6: 6.651 | AZ6: 6.46 | BA6: 6.254 | BB6: 6.038 | BC6: 5.816 | BD6: 5.595 | BE6: 5.38 | BF6: 5.174 | BG6: 4.981 | BH6: 4.802
A7: Angola | B7: AGO | C7: Fertility rate, total (births per woman) | D7: SP.DYN.TFRT.IN | E7: 7.478 | F7: 7.524 | G7: 7.563 | H7: 7.592 | I7: 7.611 | J7: 7.619 | K7: 7.618 | L7: 7.613 | M7: 7.608 | N7: 7.604 | O7: 7.601 | P7: 7.603 | Q7: 7.606 | R7: 7.611 | S7: 7.614 | T7: 7.615 | U7: 7.609 | V7: 7.594 | W7: 7.571 | X7: 7.54 | Y7: 7.504 | Z7: 7.469 | AA7: 7.438 | AB7: 7.413 | AC7: 7.394 | AD7: 7.38 | AE7: 7.366 | AF7: 7.349 | AG7: 7.324 | AH7: 7.291 | AI7: 7.247 | AJ7: 7.193 | AK7: 7.13 | AL7: 7.063 | AM7: 6.992 | AN7: 6.922 | AO7: 6.854 | AP7: 6.791 | AQ7: 6.734 | AR7: 6.683 | AS7: 6.639 | AT7: 6.602 | AU7: 6.568 | AV7: 6.536 | AW7: 6.502 | AX7: 6.465 | AY7: 6.42 | AZ7: 6.368 | BA7: 6.307 | BB7: 6.238 | BC7: 6.162 | BD7: 6.082 | BE7: 6 | BF7: 5.92 | BG7: 5.841 | BH7: 5.766
A8: Albania | B8: ALB | C8: Fertility rate, total (births per woman) | D8: SP.DYN.TFRT.IN | E8: 6.489 | F8: 6.401 | G8: 6.282 | H8: 6.133 | I8: 5.96 | J8: 5.773 | K8: 5.581 | L8: 5.394 | M8: 5.218 | N8: 5.057 | O8: 4.91 | P8: 4.775 | Q8: 4.642 | R8: 4.509 | S8: 4.373 | T8: 4.235 | U8: 4.099 | V8: 3.966 | W8: 3.841 | X8: 3.725 | Y8: 3.621 | Z8: 3.53 | AA8: 3.452 | AB8: 3.383 | AC8: 3.323 | AD8: 3.269 | AE8: 3.217 | AF8: 3.164 | AG8: 3.108 | AH8: 3.046 | AI8: 2.978 | AJ8: 2.905 | AK8: 2.829 | AL8: 2.751 | AM8: 2.672 | AN8: 2.591 | AO8: 2.507 | AP8: 2.422 | AQ8: 2.334 | AR8: 2.246 | AS8: 2.157 | AT8: 2.068 | AU8: 1.981 | AV8: 1.897 | AW8: 1.821 | AX8: 1.754 | AY8: 1.703 | AZ8: 1.668 | BA8: 1.65 | BB8: 1.646 | BC8: 1.653 | BD8: 1.668 | BE8: 1.685 | BF8: 1.7 | BG8: 1.71 | BH8: 1.714
A9: Andorra | B9: AND | C9: Fertility rate, total (births per woman) | D9: SP.DYN.TFRT.IN | AY9: 1.24 | AZ9: 1.18 | BA9: 1.25 | BB9: 1.19 | BC9: 1.27
A10: Arab World | B10: ARB | C10: Fertility rate, total (births per woman) | D10: SP.DYN.TFRT.IN | E10: 6.9487467 | F10: 6.97137 | G10: 6.9923495 | H10: 7.0092647 | I10: 7.020105 | J10: 7.0231594 | K10: 7.0158238 | L10: 6.9986282 | M10: 6.972205 | N10: 6.9361107 | O10: 6.891975 | P10: 6.841981 | Q10: 6.7889413 | R10: 6.735216 | S10: 6.6820123 | T10: 6.6298747 | U10: 6.5777911 | V10: 6.5242998 | W10: 6.4669519 | X10: 6.4040736 | Y10: 6.3357556 | Z10: 6.2603705 | AA10: 6.1789562 | AB10: 6.0902733 | AC10: 5.9941504 | AD10: 5.8887245 | AE10: 5.7702484 | AF10: 5.6401183 | AG10: 5.499388 | AH10: 5.3495054 | AI10: 5.2061923 | AJ10: 5.0455184 | AK10: 4.9018785 | AL10: 4.737134 | AM10: 4.5758055 | AN10: 4.4106931 | AO10: 4.2678181 | AP10: 4.1358822 | AQ10: 4.0158821 | AR10: 3.9091089 | AS10: 3.8162258 | AT10: 3.7361412 | AU10: 3.6673746 | AV10: 3.6089118 | AW10: 3.5597601 | AX10: 3.5210015 | AY10: 3.493351 | AZ10: 3.476805 | BA10: 3.4701265 | BB10: 3.4697365 | BC10: 3.4716658 | BD10: 3.4700027 | BE10: 3.4613473 | BF10: 3.4428287 | BG10: 3.4132995 | BH10: 3.3738397
A11: United Arab Emirates | B11: ARE | C11: Fertility rate, total (births per woman) | D11: SP.DYN.TFRT.IN | E11: 6.929 | F11: 6.91 | G11: 6.892 | H11: 6.875 | I11: 6.857 | J11: 6.838 | K11: 6.817 | L11: 6.791 | M11: 6.757 | N11: 6.713 | O11: 6.655 | P11: 6.579 | Q11: 6.484 | R11: 6.372 | S11: 6.245 | T11: 6.111 | U11: 5.973 | V11: 5.84 | W11: 5.716 | X11: 5.603 | Y11: 5.505 | Z11: 5.422 | AA11: 5.35 | AB11: 5.283 | AC11: 5.215 | AD11: 5.139 | AE11: 5.047 | AF11: 4.934 | AG11: 4.797 | AH11: 4.636 | AI11: 4.454 | AJ11: 4.253 | AK11: 4.041 | AL11: 3.827 | AM11: 3.618 | AN11: 3.418 | AO11: 3.232 | AP11: 3.062 | AQ11: 2.907 | AR11: 2.768 | AS11: 2.644 | AT11: 2.532 | AU11: 2.428 | AV11: 2.33 | AW11: 2.238 | AX11: 2.151 | AY11: 2.073 | AZ11: 2.005 | BA11: 1.949 | BB11: 1.904 | BC11: 1.869 | BD11: 1.841 | BE11: 1.82 | BF11: 1.801 | BG11: 1.783 | BH11: 1.765
A12: Argentina | B12: ARG | C12: Fertility rate, total (births per woman) | D12: SP.DYN.TFRT.IN | E12: 3.109 | F12: 3.1 | G12: 3.089 | H12: 3.078 | I12: 3.068 | J12: 3.058 | K12: 3.051 | L12: 3.048 | M12: 3.049 | N12: 3.056 | O12: 3.073 | P12: 3.104 | Q12: 3.148 | R12: 3.203 | S12: 3.264 | T12: 3.321 | U12: 3.366 | V12: 3.391 | W12: 3.391 | X12: 3.368 | Y12: 3.325 | Z12: 3.27 | AA12: 3.213 | AB12: 3.163 | AC12: 3.123 | AD12: 3.093 | AE12: 3.073 | AF12: 3.056 | AG12: 3.037 | AH12: 3.016 | AI12: 2.989 | AJ12: 2.954 | AK12: 2.913 | AL12: 2.866 | AM12: 2.815 | AN12: 2.762 | AO12: 2.711 | AP12: 2.664 | AQ12: 2.623 | AR12: 2.589 | AS12: 2.561 | AT12: 2.537 | AU12: 2.516 | AV12: 2.495 | AW12: 2.474 | AX12: 2.452 | AY12: 2.432 | AZ12: 2.413 | BA12: 2.396 | BB12: 2.382 | BC12: 2.37 | BD12: 2.358 | BE12: 2.347 | BF12: 2.335 | BG12: 2.322 | BH12: 2.308
A13: Armenia | B13: ARM | C13: Fertility rate, total (births per woman) | D13: SP.DYN.TFRT.IN | E13: 4.786 | F13: 4.67 | G13: 4.521 | H13: 4.345 | I13: 4.15 | J13: 3.95 | K13: 3.758 | L13: 3.582 | M13: 3.429 | N13: 3.302 | O13: 3.199 | P13: 3.114 | Q13: 3.035 | R13: 2.956 | S13: 2.875 | T13: 2.792 | U13: 2.712 | V13: 2.641 | W13: 2.582 | X13: 2.538 | Y13: 2.51 | Z13: 2.499 | AA13: 2.503 | AB13: 2.517 | AC13: 2.538 | AD13: 2.559 | AE13: 2.578 | AF13: 2.591 | AG13: 2.592 | AH13: 2.578 | AI13: 2.544 | AJ13: 2.484 | AK13: 2.4 | AL13: 2.297 | AM13: 2.179 | AN13: 2.056 | AO13: 1.938 | AP13: 1.832 | AQ13: 1.747 | AR13: 1.685 | AS13: 1.648 | AT13: 1.635 | AU13: 1.637 | AV13: 1.648 | AW13: 1.665 | AX13: 1.681 | AY13: 1.694 | AZ13: 1.702 | BA13: 1.706 | BB13: 1.703 | BC13: 1.693 | BD13: 1.68 | BE13: 1.664 | BF13: 1.648 | BG13: 1.634 | BH13: 1.622
A14: American Samoa | B14: ASM | C14: Fertility rate, total (births per woman) | D14: SP.DYN.TFRT.IN
A15: Antigua and Barbuda | B15: ATG | C15: Fertility rate, total (births per woman) | D15: SP.DYN.TFRT.IN | E15: 4.425 | F15: 4.386 | G15: 4.344 | H15: 4.299 | I15: 4.25 | J15: 4.193 | K15: 4.125 | L15: 4.042 | M15: 3.942 | N15: 3.824 | O15: 3.684 | P15: 3.517 | Q15: 3.328 | R15: 3.122 | S15: 2.908 | T15: 2.701 | U15: 2.514 | V15: 2.358 | W15: 2.239 | X15: 2.159 | Y15: 2.115 | Z15: 2.098 | AA15: 2.096 | AB15: 2.098 | AC15: 2.098 | AD15: 2.092 | AE15: 2.082 | AF15: 2.07 | AG15: 2.062 | AH15: 2.058 | AI15: 2.061 | AJ15: 2.073 | AK15: 2.096 | AL15: 2.128 | AM15: 2.166 | AN15: 2.208 | AO15: 2.248 | AP15: 2.281 | AQ15: 2.304 | AR15: 2.316 | AS15: 2.316 | AT15: 2.305 | AU15: 2.288 | AV15: 2.268 | AW15: 2.246 | AX15: 2.224 | AY15: 2.203 | AZ15: 2.183 | BA15: 2.164 | BB15: 2.146 | BC15: 2.13 | BD15: 2.115 | BE15: 2.102 | BF15: 2.089 | BG15: 2.076 | BH15: 2.063
A16: Australia | B16: AUS | C16: Fertility rate, total (births per woman) | D16: SP.DYN.TFRT.IN | E16: 3.453 | F16: 3.54 | G16: 3.442 | H16: 3.332 | I16: 3.146 | J16: 2.977 | K16: 2.881 | L16: 2.848 | M16: 2.888 | N16: 2.886 | O16: 2.859 | P16: 2.961 | Q16: 2.744 | R16: 2.491 | S16: 2.397 | T16: 2.148 | U16: 2.06 | V16: 2.007 | W16: 1.949 | X16: 1.907 | Y16: 1.891 | Z16: 1.935 | AA16: 1.929 | AB16: 1.924 | AC16: 1.84 | AD16: 1.923 | AE16: 1.868 | AF16: 1.845 | AG16: 1.831 | AH16: 1.838 | AI16: 1.902 | AJ16: 1.849 | AK16: 1.888 | AL16: 1.859 | AM16: 1.842 | AN16: 1.822 | AO16: 1.796 | AP16: 1.778 | AQ16: 1.762 | AR16: 1.755 | AS16: 1.756 | AT16: 1.739 | AU16: 1.756 | AV16: 1.748 | AW16: 1.768 | AX16: 1.807 | AY16: 1.908 | AZ16: 1.959 | BA16: 1.984 | BB16: 1.971 | BC16: 1.928 | BD16: 1.927 | BE16: 1.921 | BF16: 1.859 | BG16: 1.833 | BH16: 1.833
A17: Austria | B17: AUT | C17: Fertility rate, total (births per woman) | D17: SP.DYN.TFRT.IN | E17: 2.69 | F17: 2.78 | G17: 2.8 | H17: 2.82 | I17: 2.79 | J17: 2.7 | K17: 2.66 | L17: 2.62 | M17: 2.58 | N17: 2.49 | O17: 2.29 | P17: 2.2 | Q17: 2.08 | R17: 1.94 | S17: 1.91 | T17: 1.83 | U17: 1.69 | V17: 1.63 | W17: 1.6 | X17: 1.6 | Y17: 1.65 | Z17: 1.67 | AA17: 1.66 | AB17: 1.56 | AC17: 1.52 | AD17: 1.47 | AE17: 1.45 | AF17: 1.43 | AG17: 1.45 | AH17: 1.45 | AI17: 1.46 | AJ17: 1.51 | AK17: 1.51 | AL17: 1.5 | AM17: 1.47 | AN17: 1.42 | AO17: 1.45 | AP17: 1.39 | AQ17: 1.37 | AR17: 1.34 | AS17: 1.36 | AT17: 1.33 | AU17: 1.39 | AV17: 1.38 | AW17: 1.42 | AX17: 1.41 | AY17: 1.41 | AZ17: 1.38 | BA17: 1.42 | BB17: 1.39 | BC17: 1.44 | BD17: 1.43 | BE17: 1.44 | BF17: 1.44 | BG17: 1.47 | BH17: 1.47
A18: Azerbaijan | B18: AZE | C18: Fertility rate, total (births per woman) | D18: SP.DYN.TFRT.IN | E18: 5.878 | F18: 5.937 | G18: 5.961 | H18: 5.945 | I18: 5.888 | J18: 5.792 | K18: 5.663 | L18: 5.512 | M18: 5.351 | N18: 5.185 | O18: 5.018 | P18: 4.85 | Q18: 4.681 | R18: 4.51 | S18: 4.341 | T18: 4.176 | U18: 4.018 | V18: 3.869 | W18: 3.73 | X18: 3.605 | Y18: 3.497 | Z18: 3.41 | AA18: 3.343 | AB18: 3.293 | AC18: 3.259 | AD18: 2.91 | AE18: 2.9 | AF18: 2.9026 | AG18: 2.8 | AH18: 2.8 | AI18: 2.74 | AJ18: 2.87 | AK18: 2.74 | AL18: 2.7 | AM18: 2.52 | AN18: 2.29 | AO18: 2.06 | AP18: 2.07 | AQ18: 2 | AR18: 2.07 | AS18: 2 | AT18: 1.8 | AU18: 1.8 | AV18: 1.9 | AW18: 2.0535 | AX18: 2 | AY18: 1.97 | AZ18: 1.97 | BA18: 1.9 | BB18: 1.82 | BC18: 1.92 | BD18: 1.96 | BE18: 2 | BF18: 1.98 | BG18: 1.97 | BH18: 1.97
A19: Burundi | B19: BDI | C19: Fertility rate, total (births per woman) | D19: SP.DYN.TFRT.IN | E19: 6.953 | F19: 6.999 | G19: 7.046 | H19: 7.094 | I19: 7.141 | J19: 7.183 | K19: 7.218 | L19: 7.245 | M19: 7.265 | N19: 7.279 | O19: 7.289 | P19: 7.299 | Q19: 7.312 | R19: 7.329 | S19: 7.35 | T19: 7.373 | U19: 7.394 | V19: 7.41 | W19: 7.418 | X19: 7.42 | Y19: 7.418 | Z19: 7.417 | AA19: 7.423 | AB19: 7.438 | AC19: 7.459 | AD19: 7.485 | AE19: 7.509 | AF19: 7.527 | AG19: 7.533 | AH19: 7.526 | AI19: 7.505 | AJ19: 7.473 | AK19: 7.432 | AL19: 7.387 | AM19: 7.338 | AN19: 7.288 | AO19: 7.236 | AP19: 7.182 | AQ19: 7.126 | AR19: 7.068 | AS19: 7.008 | AT19: 6.948 | AU19: 6.887 | AV19: 6.824 | AW19: 6.759 | AX19: 6.69 | AY19: 6.616 | AZ19: 6.534 | BA19: 6.447 | BB19: 6.353 | BC19: 6.256 | BD19: 6.156 | BE19: 6.058 | BF19: 5.962 | BG19: 5.869 | BH19: 5.781
A20: Belgium | B20: BEL | C20: Fertility rate, total (births per woman) | D20: SP.DYN.TFRT.IN | E20: 2.54 | F20: 2.63 | G20: 2.59 | H20: 2.68 | I20: 2.71 | J20: 2.61 | K20: 2.52 | L20: 2.41 | M20: 2.31 | N20: 2.27 | O20: 2.25 | P20: 2.21 | Q20: 2.09 | R20: 1.95 | S20: 1.83 | T20: 1.74 | U20: 1.73 | V20: 1.71 | W20: 1.69 | X20: 1.69 | Y20: 1.68 | Z20: 1.66 | AA20: 1.61 | AB20: 1.57 | AC20: 1.54 | AD20: 1.51 | AE20: 1.54 | AF20: 1.54 | AG20: 1.57 | AH20: 1.58 | AI20: 1.62 | AJ20: 1.66 | AK20: 1.65 | AL20: 1.61 | AM20: 1.56 | AN20: 1.56 | AO20: 1.59 | AP20: 1.6 | AQ20: 1.6 | AR20: 1.62 | AS20: 1.67 | AT20: 1.67 | AU20: 1.65 | AV20: 1.67 | AW20: 1.72 | AX20: 1.76 | AY20: 1.8 | AZ20: 1.82 | BA20: 1.85 | BB20: 1.84 | BC20: 1.86 | BD20: 1.81 | BE20: 1.79 | BF20: 1.75 | BG20: 1.74 | BH20: 1.74
A21: Benin | B21: BEN | C21: Fertility rate, total (births per woman) | D21: SP.DYN.TFRT.IN | E21: 6.282 | F21: 6.339 | G21: 6.394 | H21: 6.447 | I21: 6.497 | J21: 6.544 | K21: 6.588 | L21: 6.63 | M21: 6.671 | N21: 6.71 | O21: 6.748 | P21: 6.786 | Q21: 6.823 | R21: 6.86 | S21: 6.896 | T21: 6.929 | U21: 6.959 | V21: 6.984 | W21: 7.004 | X21: 7.018 | Y21: 7.025 | Z21: 7.025 | AA21: 7.021 | AB21: 7.01 | AC21: 6.994 | AD21: 6.972 | AE21: 6.942 | AF21: 6.904 | AG21: 6.858 | AH21: 6.805 | AI21: 6.744 | AJ21: 6.677 | AK21: 6.603 | AL21: 6.526 | AM21: 6.446 | AN21: 6.364 | AO21: 6.282 | AP21: 6.199 | AQ21: 6.118 | AR21: 6.038 | AS21: 5.962 | AT21: 5.889 | AU21: 5.82 | AV21: 5.754 | AW21: 5.691 | AX21: 5.632 | AY21: 5.576 | AZ21: 5.522 | BA21: 5.469 | BB21: 5.416 | BC21: 5.362 | BD21: 5.305 | BE21: 5.246 | BF21: 5.183 | BG21: 5.117 | BH21: 5.048
A22: Burkina Faso | B22: BFA | C22: Fertility rate, total (births per woman) | D22: SP.DYN.TFRT.IN | E22: 6.291 | F22: 6.316 | G22: 6.344 | H22: 6.377 | I22: 6.414 | J22: 6.454 | K22: 6.493 | L22: 6.53 | M22: 6.563 | N22: 6.593 | O22: 6.623 | P22: 6.657 | Q22: 6.697 | R22: 6.744 | S22: 6.799 | T22: 6.859 | U22: 6.922 | V22: 6.984 | W22: 7.041 | X22: 7.09 | Y22: 7.127 | Z22: 7.152 | AA22: 7.165 | AB22: 7.167 | AC22: 7.159 | AD22: 7.142 | AE22: 7.119 | AF22: 7.092 | AG22: 7.064 | AH22: 7.036 | AI22: 7.007 | AJ22: 6.979 | AK22: 6.95 | AL22: 6.917 | AM22: 6.882 | AN22: 6.844 | AO22: 6.801 | AP22: 6.754 | AQ22: 6.704 | AR22: 6.65 | AS22: 6.592 | AT22: 6.531 | AU22: 6.468 | AV22: 6.403 | AW22: 6.335 | AX22: 6.265 | AY22: 6.192 | AZ22: 6.116 | BA22: 6.036 | BB22: 5.953 | BC22: 5.868 | BD22: 5.781 | BE22: 5.693 | BF22: 5.607 | BG22: 5.521 | BH22: 5.436
A23: Bangladesh | B23: BGD | C23: Fertility rate, total (births per woman) | D23: SP.DYN.TFRT.IN | E23: 6.725 | F23: 6.761 | G23: 6.794 | H23: 6.825 | I23: 6.853 | J23: 6.878 | K23: 6.901 | L23: 6.92 | M23: 6.935 | N23: 6.945 | O23: 6.947 | P23: 6.942 | Q23: 6.928 | R23: 6.904 | S23: 6.869 | T23: 6.821 | U23: 6.758 | V23: 6.681 | W23: 6.59 | X23: 6.483 | Y23: 6.359 | Z23: 6.217 | AA23: 6.058 | AB23: 5.884 | AC23: 5.698 | AD23: 5.501 | AE23: 5.298 | AF23: 5.092 | AG23: 4.887 | AH23: 4.686 | AI23: 4.494 | AJ23: 4.314 | AK23: 4.146 | AL23: 3.99 | AM23: 3.846 | AN23: 3.713 | AO23: 3.592 | AP23: 3.479 | AQ23: 3.372 | AR23: 3.27 | AS23: 3.17 | AT23: 3.071 | AU23: 2.973 | AV23: 2.876 | AW23: 2.782 | AX23: 2.69 | AY23: 2.603 | AZ23: 2.522 | BA23: 2.449 | BB23: 2.384 | BC23: 2.328 | BD23: 2.279 | BE23: 2.236 | BF23: 2.199 | BG23: 2.165 | BH23: 2.133
A24: Bulgaria | B24: BGR | C24: Fertility rate, total (births per woman) | D24: SP.DYN.TFRT.IN | E24: 2.31 | F24: 2.29 | G24: 2.24 | H24: 2.21 | I24: 2.19 | J24: 2.09 | K24: 2.03 | L24: 2.02 | M24: 2.27 | N24: 2.27 | O24: 2.17 | P24: 2.1 | Q24: 2.03 | R24: 2.15 | S24: 2.29 | T24: 2.23 | U24: 2.24 | V24: 2.21 | W24: 2.15 | X24: 2.16 | Y24: 2.05 | Z24: 2 | AA24: 2.01 | AB24: 2.01 | AC24: 2.01 | AD24: 1.97 | AE24: 2.02 | AF24: 1.96 | AG24: 1.97 | AH24: 1.9 | AI24: 1.82 | AJ24: 1.66 | AK24: 1.55 | AL24: 1.46 | AM24: 1.37 | AN24: 1.23 | AO24: 1.23 | AP24: 1.09 | AQ24: 1.11 | AR24: 1.23 | AS24: 1.26 | AT24: 1.21 | AU24: 1.23 | AV24: 1.26 | AW24: 1.33 | AX24: 1.37 | AY24: 1.44 | AZ24: 1.49 | BA24: 1.56 | BB24: 1.66 | BC24: 1.57 | BD24: 1.51 | BE24: 1.5 | BF24: 1.48 | BG24: 1.53 | BH24: 1.53
A25: Bahrain | B25: BHR | C25: Fertility rate, total (births per woman) | D25: SP.DYN.TFRT.IN | E25: 7.087 | F25: 7.129 | G25: 7.163 | H25: 7.185 | I25: 7.188 | J25: 7.162 | K25: 7.099 | L25: 6.997 | M25: 6.86 | N25: 6.692 | O25: 6.501 | P25: 6.297 | Q25: 6.094 | R25: 5.899 | S25: 5.721 | T25: 5.56 | U25: 5.417 | V25: 5.285 | W25: 5.158 | X25: 5.036 | Y25: 4.916 | Z25: 4.8 | AA25: 4.688 | AB25: 4.578 | AC25: 4.47 | AD25: 4.36 | AE25: 4.245 | AF25: 4.124 | AG25: 3.997 | AH25: 3.866 | AI25: 3.732 | AJ25: 3.599 | AK25: 3.471 | AL25: 3.352 | AM25: 3.244 | AN25: 3.147 | AO25: 3.062 | AP25: 2.987 | AQ25: 2.919 | AR25: 2.856 | AS25: 2.795 | AT25: 2.731 | AU25: 2.663 | AV25: 2.59 | AW25: 2.514 | AX25: 2.436 | AY25: 2.363 | AZ25: 2.297 | BA25: 2.241 | BB25: 2.197 | BC25: 2.164 | BD25: 2.139 | BE25: 2.118 | BF25: 2.098 | BG25: 2.078 | BH25: 2.056
A26: Bahamas, The | B26: BHS | C26: Fertility rate, total (births per woman) | D26: SP.DYN.TFRT.IN | E26: 4.495 | F26: 4.496 | G26: 4.45 | H26: 4.356 | I26: 4.22 | J26: 4.057 | K26: 3.893 | L26: 3.75 | M26: 3.641 | N26: 3.571 | O26: 3.531 | P26: 3.504 | Q26: 3.469 | R26: 3.411 | S26: 3.33 | T26: 3.234 | U26: 3.139 | V26: 3.062 | W26: 3.012 | X26: 2.99 | Y26: 2.989 | Z26: 2.994 | AA26: 2.989 | AB26: 2.965 | AC26: 2.919 | AD26: 2.857 | AE26: 2.789 | AF26: 2.728 | AG26: 2.683 | AH26: 2.654 | AI26: 2.639 | AJ26: 2.631 | AK26: 2.621 | AL26: 2.601 | AM26: 2.566 | AN26: 2.514 | AO26: 2.443 | AP26: 2.357 | AQ26: 2.263 | AR26: 2.165 | AS26: 2.071 | AT26: 1.99 | AU26: 1.927 | AV26: 1.885 | AW26: 1.863 | AX26: 1.859 | AY26: 1.865 | AZ26: 1.874 | BA26: 1.879 | BB26: 1.876 | BC26: 1.865 | BD26: 1.847 | BE26: 1.827 | BF26: 1.808 | BG26: 1.792 | BH26: 1.778
... A29: Belize | B29: BLZ | C29: Fertility rate, total (births per woman) | D29: SP.DYN.TFRT.IN | E29: 6.5 | F29: 6.48 | G29: 6.46 | H29: 6.44 | I29: 6.42 | J29: 6.4 | K29: 6.379 | L29: 6.358 | M29: 6.337 | N29: 6.316 | O29: 6.299 | P29: 6.288 | Q29: 6.284 | R29: 6.285 | S29: 6.287 | T29: 6.278 | U29: 6.25 | V29: 6.195 | W29: 6.109 | X29: 5.992 | Y29: 5.849 | Z29: 5.684 | AA29: 5.51 | AB29: 5.336 | AC29: 5.17 | AD29: 5.019 | AE29: 4.886 | AF29: 4.771 | AG29: 4.671 | AH29: 4.584 | AI29: 4.508 | AJ29: 4.436 | AK29: 4.363 | AL29: 4.286 | AM29: 4.201 | AN29: 4.109 | AO29: 4.01 | AP29: 3.908 | AQ29: 3.805 | AR29: 3.703 | AS29: 3.6 | AT29: 3.496 | AU29: 3.39 | AV29: 3.282 | AW29: 3.175 | AX29: 3.072 | AY29: 2.977 | AZ29: 2.893 | BA29: 2.821 | BB29: 2.762 | BC29: 2.715 | BD29: 2.676 | BE29: 2.642 | BF29: 2.61 | BG29: 2.578 | BH29: 2.544
A30: Bermuda | B30: BMU | C30: Fertility rate, total (births per woman) | D30: SP.DYN.TFRT.IN | AN30: 1.8 | AS30: 1.74 | AT30: 1.75 | AU30: 1.77 | AV30: 1.8 | AW30: 1.78 | AX30: 1.76 | AY30: 1.76 | AZ30: 1.76 | BA30: 1.77 | BB30: 1.76 | BC30: 1.76 | BD30: 1.59 | BE30: 1.59 | BF30: 1.63 | BG30: 1.63 | BH30: 1.62
A31: Bolivia | B31: BOL | C31: Fertility rate, total (births per woman) | D31: SP.DYN.TFRT.IN | E31: 6.7 | F31: 6.668 | G31: 6.633 | H31: 6.597 | I31: 6.559 | J31: 6.519 | K31: 6.477 | L31: 6.432 | M31: 6.384 | N31: 6.335 | O31: 6.284 | P31: 6.233 | Q31: 6.182 | R31: 6.132 | S31: 6.081 | T31: 6.029 | U31: 5.975 | V31: 5.917 | W31: 5.855 | X31: 5.787 | Y31: 5.715 | Z31: 5.637 | AA31: 5.556 | AB31: 5.472 | AC31: 5.386 | AD31: 5.3 | AE31: 5.215 | AF31: 5.132 | AG31: 5.051 | AH31: 4.971 | AI31: 4.894 | AJ31: 4.817 | AK31: 4.741 | AL31: 4.664 | AM31: 4.585 | AN31: 4.503 | AO31: 4.418 | AP31: 4.331 | AQ31: 4.241 | AR31: 4.148 | AS31: 4.055 | AT31: 3.96 | AU31: 3.866 | AV31: 3.773 | AW31: 3.683 | AX31: 3.595 | AY31: 3.51 | AZ31: 3.427 | BA31: 3.348 | BB31: 3.272 | BC31: 3.2 | BD31: 3.134 | BE31: 3.072 | BF31: 3.017 | BG31: 2.966 | BH31: 2.921
A32: Brazil | B32: BRA | C32: Fertility rate, total (births per woman) | D32: SP.DYN.TFRT.IN | E32: 6.07 | F32: 6.047 | G32: 6.004 | H32: 5.937 | I32: 5.847 | J32: 5.733 | K32: 5.6 | L32: 5.454 | M32: 5.304 | N32: 5.153 | O32: 5.009 | P32: 4.877 | Q32: 4.756 | R32: 4.647 | S32: 4.55 | T32: 4.463 | U32: 4.385 | V32: 4.311 | W32: 4.235 | X32: 4.156 | Y32: 4.068 | Z32: 3.97 | AA32: 3.861 | AB32: 3.743 | AC32: 3.618 | AD32: 3.488 | AE32: 3.358 | AF32: 3.232 | AG32: 3.113 | AH32: 3.005 | AI32: 2.909 | AJ32: 2.827 | AK32: 2.756 | AL32: 2.694 | AM32: 2.638 | AN32: 2.586 | AO32: 2.535 | AP32: 2.482 | AQ32: 2.426 | AR32: 2.365 | AS32: 2.3 | AT32: 2.232 | AU32: 2.163 | AV32: 2.096 | AW32: 2.033 | AX32: 1.975 | AY32: 1.926 | AZ32: 1.884 | BA32: 1.851 | BB32: 1.824 | BC32: 1.805 | BD32: 1.79 | BE32: 1.777 | BF32: 1.765 | BG32: 1.753 | BH32: 1.74
A33: Barbados | B33: BRB | C33: Fertility rate, total (births per woman) | D33: SP.DYN.TFRT.IN | E33: 4.333 | F33: 4.313 | G33: 4.269 | H33: 4.196 | I33: 4.094 | J33: 3.963 | K33: 3.807 | L33: 3.637 | M33: 3.46 | N33: 3.284 | O33: 3.113 | P33: 2.949 | Q33: 2.794 | R33: 2.648 | S33: 2.513 | T33: 2.393 | U33: 2.288 | V33: 2.198 | W33: 2.121 | X33: 2.057 | Y33: 2.004 | Z33: 1.96 | AA33: 1.922 | AB33: 1.889 | AC33: 1.858 | AD33: 1.83 | AE33: 1.805 | AF33: 1.782 | AG33: 1.765 | AH33: 1.75 | AI33: 1.74 | AJ33: 1.733 | AK33: 1.729 | AL33: 1.728 | AM33: 1.729 | AN33: 1.73 | AO33: 1.733 | AP33: 1.736 | AQ33: 1.739 | AR33: 1.742 | AS33: 1.744 | AT33: 1.746 | AU33: 1.749 | AV33: 1.752 | AW33: 1.755 | AX33: 1.759 | AY33: 1.763 | AZ33: 1.768 | BA33: 1.772 | BB33: 1.777 | BC33: 1.781 | BD33: 1.785 | BE33: 1.788 | BF33: 1.791 | BG33: 1.794 | BH33: 1.796
A34: Brunei Darussalam | B34: BRN | C34: Fertility rate, total (births per woman) | D34: SP.DYN.TFRT.IN | E34: 6.836 | F34: 6.771 | G34: 6.683 | H34: 6.572 | I34: 6.44 | J34: 6.297 | K34: 6.156 | L34: 6.026 | M34: 5.912 | N34: 5.812 | O34: 5.719 | P34: 5.619 | Q34: 5.5 | R34: 5.355 | S34: 5.183 | T34: 4.99 | U34: 4.784 | V34: 4.58 | W34: 4.389 | X34: 4.216 | Y34: 4.067 | Z34: 3.943 | AA34: 3.84 | AB34: 3.751 | AC34: 3.675 | AD34: 3.608 | AE34: 3.546 | AF34: 3.488 | AG34: 3.428 | AH34: 3.363 | AI34: 3.291 | AJ34: 3.209 | AK34: 3.118 | AL34: 3.02 | AM34: 2.914 | AN34: 2.802 | AO34: 2.685 | AP34: 2.564 | AQ34: 2.444 | AR34: 2.328 | AS34: 2.218 | AT34: 2.119 | AU34: 2.03 | AV34: 1.954 | AW34: 1.893 | AX34: 1.847 | AY34: 1.819 | AZ34: 1.808 | BA34: 1.809 | BB34: 1.821 | BC34: 1.838 | BD34: 1.857 | BE34: 1.874 | BF34: 1.884 | BG34: 1.888 | BH34: 1.884
A35: Bhutan | B35: BTN | C35: Fertility rate, total (births per woman) | D35: SP.DYN.TFRT.IN | E35: 6.67 | F35: 6.67 | G35: 6.67 | H35: 6.67 | I35: 6.67 | J35: 6.67 | K35: 6.67 | L35: 6.67 | M35: 6.67 | N35: 6.67 | O35: 6.671 | P35: 6.674 | Q35: 6.679 | R35: 6.685 | S35: 6.69 | T35: 6.692 | U35: 6.685 | V35: 6.668 | W35: 6.64 | X35: 6.601 | Y35: 6.553 | Z35: 6.504 | AA35: 6.456 | AB35: 6.41 | AC35: 6.362 | AD35: 6.306 | AE35: 6.23 | AF35: 6.127 | AG35: 5.994 | AH35: 5.829 | AI35: 5.639 | AJ35: 5.431 | AK35: 5.216 | AL35: 5.003 | AM35: 4.796 | AN35: 4.597 | AO35: 4.4 | AP35: 4.203 | AQ35: 4.002 | AR35: 3.801 | AS35: 3.604 | AT35: 3.416 | AU35: 3.244 | AV35: 3.089 | AW35: 2.954 | AX35: 2.837 | AY35: 2.734 | AZ35: 2.64 | BA35: 2.55 | BB35: 2.464 | BC35: 2.382 | BD35: 2.305 | BE35: 2.236 | BF35: 2.177 | BG35: 2.128 | BH35: 2.086
A36: Botswana | B36: BWA | C36: Fertility rate, total (births per woman) | D36: SP.DYN.TFRT.IN | E36: 6.615 | F36: 6.632 | G36: 6.649 | H36: 6.666 | I36: 6.681 | J36: 6.692 | K36: 6.698 | L36: 6.697 | M36: 6.687 | N36: 6.67 | O36: 6.645 | P36: 6.615 | Q36: 6.582 | R36: 6.547 | S36: 6.51 | T36: 6.472 | U36: 6.433 | V36: 6.392 | W36: 6.345 | X36: 6.288 | Y36: 6.214 | Z36: 6.114 | AA36: 5.984 | AB36: 5.826 | AC36: 5.644 | AD36: 5.445 | AE36: 5.239 | AF36: 5.04 | AG36: 4.854 | AH36: 4.687 | AI36: 4.54 | AJ36: 4.411 | AK36: 4.292 | AL36: 4.177 | AM36: 4.064 | AN36: 3.951 | AO36: 3.836 | AP36: 3.72 | AQ36: 3.606 | AR36: 3.494 | AS36: 3.387 | AT36: 3.286 | AU36: 3.194 | AV36: 3.113 | AW36: 3.043 | AX36: 2.987 | AY36: 2.946 | AZ36: 2.918 | BA36: 2.901 | BB36: 2.891 | BC36: 2.884 | BD36: 2.876 | BE36: 2.863 | BF36: 2.842 | BG36: 2.812 | BH36: 2.774
A37: Central African Republic | B37: CAF | C37: Fertility rate, total (births per woman) | D37: SP.DYN.TFRT.IN | E37: 5.84 | F37: 5.867 | G37: 5.891 | H37: 5.91 | I37: 5.925 | J37: 5.937 | K37: 5.945 | L37: 5.95 | M37: 5.953 | N37: 5.954 | O37: 5.954 | P37: 5.954 | Q37: 5.953 | R37: 5.952 | S37: 5.951 | T37: 5.95 | U37: 5.951 | V37: 5.952 | W37: 5.953 | X37: 5.954 | Y37: 5.954 | Z37: 5.955 | AA37: 5.955 | AB37: 5.953 | AC37: 5.949 | AD37: 5.94 | AE37: 5.926 | AF37: 5.905 | AG37: 5.878 | AH37: 5.845 | AI37: 5.808 | AJ37: 5.767 | AK37: 5.727 | AL37: 5.687 | AM37: 5.651 | AN37: 5.618 | AO37: 5.589 | AP37: 5.564 | AQ37: 5.541 | AR37: 5.52 | AS37: 5.5 | AT37: 5.48 | AU37: 5.459 | AV37: 5.436 | AW37: 5.411 | AX37: 5.383 | AY37: 5.353 | AZ37: 5.322 | BA37: 5.289 | BB37: 5.254 | BC37: 5.215 | BD37: 5.172 | BE37: 5.123 | BF37: 5.067 | BG37: 5.006 | BH37: 4.94
A38: Canada | B38: CAN | C38: Fertility rate, total (births per woman) | D38: SP.DYN.TFRT.IN | E38: 3.811 | F38: 3.753 | G38: 3.681 | H38: 3.607 | I38: 3.456 | J38: 3.115 | K38: 2.749 | L38: 2.528 | M38: 2.386 | N38: 2.334 | O38: 2.258 | P38: 2.141 | Q38: 1.98 | R38: 1.89 | S38: 1.837 | T38: 1.824 | U38: 1.796 | V38: 1.782 | W38: 1.768 | X38: 1.754 | Y38: 1.74 | Z38: 1.7 | AA38: 1.69 | AB38: 1.68 | AC38: 1.65 | AD38: 1.67 | AE38: 1.675 | AF38: 1.68 | AG38: 1.68 | AH38: 1.77 | AI38: 1.83 | AJ38: 1.7 | AK38: 1.71 | AL38: 1.7 | AM38: 1.6695 | AN38: 1.639 | AO38: 1.592 | AP38: 1.55 | AQ38: 1.53 | AR38: 1.51 | AS38: 1.49 | AT38: 1.505 | AU38: 1.52 | AV38: 1.53 | AW38: 1.53 | AX38: 1.54 | AY38: 1.5862 | AZ38: 1.6589 | BA38: 1.6808 | BB38: 1.668 | BC38: 1.6269 | BD38: 1.61 | BE38: 1.6142 | BF38: 1.587 | BG38: 1.6 | BH38: 1.6
A39: Central Europe and the Baltics | B39: CEB | C39: Fertility rate, total (births per woman) | D39: SP.DYN.TFRT.IN | E39: 2.4970817 | F39: 2.4006636 | G39: 2.3091606 | H39: 2.3138525 | I39: 2.2586917 | J39: 2.1986924 | K39: 2.1186198 | L39: 2.4706042 | M39: 2.4527828 | N39: 2.3552746 | O39: 2.2889037 | P39: 2.2590635 | Q39: 2.2337323 | R39: 2.2467713 | S39: 2.3641353 | T39: 2.3381169 | U39: 2.3223459 | V39: 2.2833651 | W39: 2.2463973 | X39: 2.2516062 | Y39: 2.1944176 | Z39: 2.1505629 | AA39: 2.140748 | AB39: 2.1435453 | AC39: 2.1642161 | AD39: 2.162157 | AE39: 2.1376261 | AF39: 2.0968461 | AG39: 2.0776056 | AH39: 2.0177297 | AI39: 1.9310601 | AJ39: 1.8563052 | AK39: 1.7515038 | AL39: 1.6710096 | AM39: 1.5901649 | AN39: 1.4688452 | AO39: 1.4291942 | AP39: 1.3816974 | AQ39: 1.3384345 | AR39: 1.3115117 | AS39: 1.3177127 | AT39: 1.2757351 | AU39: 1.2535153 | AV39: 1.2510799 | AW39: 1.2764819 | AX39: 1.3126694 | AY39: 1.3419383 | AZ39: 1.3811925 | BA39: 1.4663723 | BB39: 1.4905543 | BC39: 1.4653245 | BD39: 1.3961472 | BE39: 1.4157251 | BF39: 1.3782476 | BG39: 1.4351255 | BH39: 1.4348297
A40: Switzerland | B40: CHE | C40: Fertility rate, total (births per woman) | D40: SP.DYN.TFRT.IN | E40: 2.44 | F40: 2.52 | G40: 2.58 | H40: 2.65 | I40: 2.66 | J40: 2.59 | K40: 2.5 | L40: 2.39 | M40: 2.29 | N40: 2.19 | O40: 2.1 | P40: 2.04 | Q40: 1.91 | R40: 1.81 | S40: 1.73 | T40: 1.61 | U40: 1.55 | V40: 1.53 | W40: 1.51 | X40: 1.52 | Y40: 1.55 | Z40: 1.55 | AA40: 1.56 | AB40: 1.52 | AC40: 1.53 | AD40: 1.52 | AE40: 1.53 | AF40: 1.52 | AG40: 1.57 | AH40: 1.56 | AI40: 1.58 | AJ40: 1.58 | AK40: 1.58 | AL40: 1.51 | AM40: 1.49 | AN40: 1.48 | AO40: 1.5 | AP40: 1.48 | AQ40: 1.47 | AR40: 1.48 | AS40: 1.5 | AT40: 1.38 | AU40: 1.39 | AV40: 1.39 | AW40: 1.42 | AX40: 1.42 | AY40: 1.44 | AZ40: 1.46 | BA40: 1.48 | BB40: 1.5 | BC40: 1.52 | BD40: 1.52 | BE40: 1.52 | BF40: 1.52 | BG40: 1.54 | BH40: 1.54
A41: Channel Islands | B41: CHI | C41: Fertility rate, total (births per woman) | D41: SP.DYN.TFRT.IN | E41: 2.421 | F41: 2.481 | G41: 2.525 | H41: 2.55 | I41: 2.551 | J41: 2.526 | K41: 2.475 | L41: 2.404 | M41: 2.318 | N41: 2.222 | O41: 2.121 | P41: 2.019 | Q41: 1.918 | R41: 1.822 | S41: 1.735 | T41: 1.659 | U41: 1.596 | V41: 1.546 | W41: 1.505 | X41: 1.475 | Y41: 1.454 | Z41: 1.441 | AA41: 1.434 | AB41: 1.433 | AC41: 1.434 | AD41: 1.437 | AE41: 1.441 | AF41: 1.446 | AG41: 1.452 | AH41: 1.457 | AI41: 1.46 | AJ41: 1.461 | AK41: 1.457 | AL41: 1.45 | AM41: 1.441 | AN41: 1.43 | AO41: 1.42 | AP41: 1.411 | AQ41: 1.405 | AR41: 1.402 | AS41: 1.402 | AT41: 1.404 | AU41: 1.408 | AV41: 1.411 | AW41: 1.413 | AX41: 1.415 | AY41: 1.417 | AZ41: 1.42 | BA41: 1.424 | BB41: 1.43 | BC41: 1.436 | BD41: 1.444 | BE41: 1.451 | BF41: 1.459 | BG41: 1.465 | BH41: 1.472
A42: Chile | B42: CHL | C42: Fertility rate, total (births per woman) | D42: SP.DYN.TFRT.IN | E42: 5.102 | F42: 5.054 | G42: 4.996 | H42: 4.926 | I42: 4.844 | J42: 4.747 | K42: 4.632 | L42: 4.499 | M42: 4.351 | N42: 4.189 | O42: 4.019 | P42: 3.844 | Q42: 3.672 | R42: 3.506 | S42: 3.353 | T42: 3.215 | U42: 3.095 | V42: 2.993 | W42: 2.906 | X42: 2.834 | Y42: 2.778 | Z42: 2.737 | AA42: 2.709 | AB42: 2.691 | AC42: 2.678 | AD42: 2.667 | AE42: 2.654 | AF42: 2.637 | AG42: 2.614 | AH42: 2.584 | AI42: 2.547 | AJ42: 2.503 | AK42: 2.456 | AL42: 2.408 | AM42: 2.36 | AN42: 2.313 | AO42: 2.269 | AP42: 2.225 | AQ42: 2.183 | AR42: 2.144 | AS42: 2.107 | AT42: 2.074 | AU42: 2.046 | AV42: 2.022 | AW42: 2.001 | AX42: 1.982 | AY42: 1.964 | AZ42: 1.945 | BA42: 1.925 | BB42: 1.903 | BC42: 1.879 | BD42: 1.856 | BE42: 1.834 | BF42: 1.815 | BG42: 1.798 | BH42: 1.785
... A53: Cuba | B53: CUB | C53: Fertility rate, total (births per woman) | D53: SP.DYN.TFRT.IN | E53: 4.182 | F53: 4.36 | G53: 4.509 | H53: 4.606 | I53: 4.643 | J53: 4.617 | K53: 4.54 | L53: 4.433 | M53: 4.312 | N53: 4.18 | O53: 4.033 | P53: 3.857 | Q53: 3.646 | R53: 3.4 | S53: 3.127 | T53: 2.844 | U53: 2.573 | V53: 2.332 | W53: 2.134 | X53: 1.987 | Y53: 1.892 | Z53: 1.843 | AA53: 1.826 | AB53: 1.825 | AC53: 1.832 | AD53: 1.837 | AE53: 1.836 | AF53: 1.826 | AG53: 1.809 | AH53: 1.782 | AI53: 1.75 | AJ53: 1.715 | AK53: 1.684 | AL53: 1.66 | AM53: 1.645 | AN53: 1.637 | AO53: 1.635 | AP53: 1.634 | AQ53: 1.631 | AR53: 1.625 | AS53: 1.617 | AT53: 1.606 | AU53: 1.594 | AV53: 1.583 | AW53: 1.575 | AX53: 1.57 | AY53: 1.572 | AZ53: 1.581 | BA53: 1.596 | BB53: 1.616 | BC53: 1.639 | BD53: 1.663 | BE53: 1.685 | BF53: 1.702 | BG53: 1.713 | BH53: 1.72
A54: Curacao | B54: CUW | C54: Fertility rate, total (births per woman) | D54: SP.DYN.TFRT.IN | AY54: 2.1 | AZ54: 2 | BA54: 2.2 | BB54: 2.1 | BC54: 2.2 | BD54: 2.1 | BE54: 2.2 | BF54: 2.1 | BG54: 2 | BH54: 1.9
A55: Cayman Islands | B55: CYM | C55: Fertility rate, total (births per woman) | D55: SP.DYN.TFRT.IN
A56: Cyprus | B56: CYP | C56: Fertility rate, total (births per woman) | D56: SP.DYN.TFRT.IN | E56: 3.5 | F56: 3.471 | G56: 3.421 | H56: 3.346 | I56: 3.249 | J56: 3.133 | K56: 3.01 | L56: 2.889 | M56: 2.779 | N56: 2.686 | O56: 2.61 | P56: 2.547 | Q56: 2.491 | R56: 2.44 | S56: 2.393 | T56: 2.352 | U56: 2.323 | V56: 2.31 | W56: 2.312 | X56: 2.328 | Y56: 2.354 | Z56: 2.385 | AA56: 2.415 | AB56: 2.438 | AC56: 2.453 | AD56: 2.458 | AE56: 2.456 | AF56: 2.45 | AG56: 2.442 | AH56: 2.43 | AI56: 2.411 | AJ56: 2.381 | AK56: 2.337 | AL56: 2.278 | AM56: 2.206 | AN56: 2.124 | AO56: 2.036 | AP56: 1.946 | AQ56: 1.861 | AR56: 1.783 | AS56: 1.716 | AT56: 1.66 | AU56: 1.614 | AV56: 1.576 | AW56: 1.545 | AX56: 1.52 | AY56: 1.498 | AZ56: 1.479 | BA56: 1.461 | BB56: 1.443 | BC56: 1.424 | BD56: 1.405 | BE56: 1.388 | BF56: 1.373 | BG56: 1.36 | BH56: 1.35
A57: Czech Republic | B57: CZE | C57: Fertility rate, total (births per woman) | D57: SP.DYN.TFRT.IN | E57: 2.09 | F57: 2.11 | G57: 2.12 | H57: 2.31 | I57: 2.34 | J57: 2.18 | K57: 2.02 | L57: 1.91 | M57: 1.84 | N57: 1.87 | O57: 1.92 | P57: 2 | Q57: 2.09 | R57: 2.31 | S57: 2.46 | T57: 2.43 | U57: 2.39 | V57: 2.34 | W57: 2.33 | X57: 2.27 | Y57: 2.08 | Z57: 2 | AA57: 2 | AB57: 1.97 | AC57: 1.97 | AD57: 1.95 | AE57: 1.92 | AF57: 1.91 | AG57: 1.94 | AH57: 1.87 | AI57: 1.9 | AJ57: 1.86 | AK57: 1.71 | AL57: 1.67 | AM57: 1.44 | AN57: 1.28 | AO57: 1.18 | AP57: 1.17 | AQ57: 1.16 | AR57: 1.13 | AS57: 1.15 | AT57: 1.15 | AU57: 1.17 | AV57: 1.18 | AW57: 1.23 | AX57: 1.29 | AY57: 1.34 | AZ57: 1.45 | BA57: 1.51 | BB57: 1.51 | BC57: 1.51 | BD57: 1.43 | BE57: 1.45 | BF57: 1.46 | BG57: 1.53 | BH57: 1.53
A58: Germany | B58: DEU | C58: Fertility rate, total (births per woman) | D58: SP.DYN.TFRT.IN | E58: 2.37 | F58: 2.45 | G58: 2.44 | H58: 2.51 | I58: 2.54 | J58: 2.5 | K58: 2.53 | L58: 2.48 | M58: 2.38 | N58: 2.21 | O58: 2.03 | P58: 1.92 | Q58: 1.71 | R58: 1.54 | S58: 1.51 | T58: 1.45 | U58: 1.45 | V58: 1.4 | W58: 1.38 | X58: 1.38 | Y58: 1.44 | Z58: 1.43 | AA58: 1.41 | AB58: 1.33 | AC58: 1.29 | AD58: 1.37 | AE58: 1.43 | AF58: 1.43 | AG58: 1.46 | AH58: 1.42 | AI58: 1.45 | AJ58: 1.33 | AK58: 1.29 | AL58: 1.28 | AM58: 1.24 | AN58: 1.25 | AO58: 1.3 | AP58: 1.35 | AQ58: 1.36 | AR58: 1.36 | AS58: 1.38 | AT58: 1.35 | AU58: 1.34 | AV58: 1.34 | AW58: 1.36 | AX58: 1.34 | AY58: 1.33 | AZ58: 1.37 | BA58: 1.38 | BB58: 1.36 | BC58: 1.39 | BD58: 1.39 | BE58: 1.41 | BF58: 1.42 | BG58: 1.47 | BH58: 1.5
A59: Djibouti | B59: DJI | C59: Fertility rate, total (births per woman) | D59: SP.DYN.TFRT.IN | E59: 6.461 | F59: 6.493 | G59: 6.527 | H59: 6.561 | I59: 6.595 | J59: 6.629 | K59: 6.665 | L59: 6.702 | M59: 6.739 | N59: 6.774 | O59: 6.804 | P59: 6.823 | Q59: 6.83 | R59: 6.823 | S59: 6.803 | T59: 6.77 | U59: 6.729 | V59: 6.685 | W59: 6.639 | X59: 6.596 | Y59: 6.554 | Z59: 6.513 | AA59: 6.471 | AB59: 6.426 | AC59: 6.378 | AD59: 6.328 | AE59: 6.28 | AF59: 6.234 | AG59: 6.188 | AH59: 6.137 | AI59: 6.073 | AJ59: 5.986 | AK59: 5.869 | AL59: 5.721 | AM59: 5.546 | AN59: 5.352 | AO59: 5.152 | AP59: 4.958 | AQ59: 4.78 | AR59: 4.622 | AS59: 4.484 | AT59: 4.359 | AU59: 4.24 | AV59: 4.118 | AW59: 3.994 | AX59: 3.867 | AY59: 3.739 | AZ59: 3.617 | BA59: 3.502 | BB59: 3.397 | BC59: 3.301 | BD59: 3.213 | BE59: 3.131 | BF59: 3.055 | BG59: 2.982 | BH59: 2.913
A60: Dominica | B60: DMA | C60: Fertility rate, total (births per woman) | D60: SP.DYN.TFRT.IN | Q60: 5.5 | AA60: 3.52 | AF60: 3 | AK60: 2.5 | AP60: 1.9 | AU60: 1.9 | AV60: 1.9
A61: Denmark | B61: DNK | C61: Fertility rate, total (births per woman) | D61: SP.DYN.TFRT.IN | E61: 2.57 | F61: 2.55 | G61: 2.55 | H61: 2.67 | I61: 2.6 | J61: 2.61 | K61: 2.62 | L61: 2.35 | M61: 2.12 | N61: 2 | O61: 1.95 | P61: 2.04 | Q61: 2.03 | R61: 1.92 | S61: 1.9 | T61: 1.92 | U61: 1.75 | V61: 1.66 | W61: 1.67 | X61: 1.6 | Y61: 1.55 | Z61: 1.44 | AA61: 1.43 | AB61: 1.38 | AC61: 1.4 | AD61: 1.45 | AE61: 1.48 | AF61: 1.5 | AG61: 1.56 | AH61: 1.62 | AI61: 1.67 | AJ61: 1.68 | AK61: 1.76 | AL61: 1.75 | AM61: 1.81 | AN61: 1.8 | AO61: 1.75 | AP61: 1.75 | AQ61: 1.72 | AR61: 1.73 | AS61: 1.77 | AT61: 1.74 | AU61: 1.72 | AV61: 1.76 | AW61: 1.78 | AX61: 1.8 | AY61: 1.85 | AZ61: 1.84 | BA61: 1.89 | BB61: 1.84 | BC61: 1.87 | BD61: 1.75 | BE61: 1.73 | BF61: 1.67 | BG61: 1.69 | BH61: 1.69
A62: Dominican Republic | B62: DOM | C62: Fertility rate, total (births per woman) | D62: SP.DYN.TFRT.IN | E62: 7.555 | F62: 7.487 | G62: 7.404 | H62: 7.303 | I62: 7.186 | J62: 7.053 | K62: 6.903 | L62: 6.738 | M62: 6.561 | N62: 6.375 | O62: 6.182 | P62: 5.983 | Q62: 5.781 | R62: 5.58 | S62: 5.382 | T62: 5.193 | U62: 5.014 | V62: 4.847 | W62: 4.693 | X62: 4.552 | Y62: 4.422 | Z62: 4.303 | AA62: 4.19 | AB62: 4.082 | AC62: 3.978 | AD62: 3.878 | AE62: 3.783 | AF62: 3.694 | AG62: 3.612 | AH62: 3.537 | AI62: 3.465 | AJ62: 3.397 | AK62: 3.329 | AL62: 3.262 | AM62: 3.195 | AN62: 3.13 | AO62: 3.069 | AP62: 3.014 | AQ62: 2.966 | AR62: 2.926 | AS62: 2.892 | AT62: 2.862 | AU62: 2.835 | AV62: 2.807 | AW62: 2.779 | AX62: 2.749 | AY62: 2.718 | AZ62: 2.687 | BA62: 2.656 | BB62: 2.626 | BC62: 2.597 | BD62: 2.568 | BE62: 2.539 | BF62: 2.51 | BG62: 2.481 | BH62: 2.451
A63: Algeria | B63: DZA | C63: Fertility rate, total (births per woman) | D63: SP.DYN.TFRT.IN | E63: 7.524 | F63: 7.573 | G63: 7.614 | H63: 7.646 | I63: 7.665 | J63: 7.675 | K63: 7.676 | L63: 7.672 | M63: 7.666 | N63: 7.656 | O63: 7.643 | P63: 7.624 | Q63: 7.597 | R63: 7.558 | S63: 7.505 | T63: 7.434 | U63: 7.344 | V63: 7.234 | W63: 7.105 | X63: 6.957 | Y63: 6.794 | Z63: 6.617 | AA63: 6.43 | AB63: 6.237 | AC63: 6.038 | AD63: 5.835 | AE63: 5.627 | AF63: 5.412 | AG63: 5.191 | AH63: 4.962 | AI63: 4.726 | AJ63: 4.479 | AK63: 4.223 | AL63: 3.962 | AM63: 3.702 | AN63: 3.448 | AO63: 3.208 | AP63: 2.988 | AQ63: 2.796 | AR63: 2.635 | AS63: 2.514 | AT63: 2.438 | AU63: 2.403 | AV63: 2.405 | AW63: 2.438 | AX63: 2.497 | AY63: 2.575 | AZ63: 2.662 | BA63: 2.749 | BB63: 2.828 | BC63: 2.889 | BD63: 2.925 | BE63: 2.936 | BF63: 2.924 | BG63: 2.89 | BH63: 2.839
A64: East Asia & Pacific (excluding high income) | B64: EAP | C64: Fertility rate, total (births per woman) | D64: SP.DYN.TFRT.IN | E64: 5.8211196 | F64: 5.9432091 | G64: 6.0616484 | H64: 6.1633449 | I64: 6.2370127 | J64: 6.2686666 | K64: 6.2473692 | L64: 6.1755851 | M64: 6.0542386 | N64: 5.8849311 | O64: 5.6675589 | P64: 5.406185 | Q64: 5.1115699 | R64: 4.7995245 | S64: 4.4832523 | T64: 4.1780588 | U64: 3.8964981 | V64: 3.6478127 | W64: 3.4356505 | X64: 3.2654243 | Y64: 3.1411932 | Z64: 3.0624547 | AA64: 3.0194969 | AB64: 2.9997176 | AC64: 2.994557 | AD64: 2.987742 | AE64: 2.9646 | AF64: 2.9177153 | AG64: 2.8440766 | AH64: 2.74164 | AI64: 2.6159057 | AJ64: 2.4753396 | AK64: 2.3332555 | AL64: 2.2011547 | AM64: 2.0873307 | AN64: 1.9961398 | AO64: 1.9281151 | AP64: 1.8808028 | AQ64: 1.8509269 | AR64: 1.8340582 | AS64: 1.8272435 | AT64: 1.8279378 | AU64: 1.8327808 | AV64: 1.837791 | AW64: 1.8419027 | AX64: 1.8441798 | AY64: 1.8446561 | AZ64: 1.8440739 | BA64: 1.8432296 | BB64: 1.8437067 | BC64: 1.8437853 | BD64: 1.8437446 | BE64: 1.8443504 | BF64: 1.8448403 | BG64: 1.8458406 | BH64: 1.8470751
A65: Early-demographic dividend | B65: EAR | C65: Fertility rate, total (births per woman) | D65: SP.DYN.TFRT.IN | E65: 6.1461116 | F65: 6.1452836 | G65: 6.1408609 | H65: 6.1317721 | I65: 6.1172716 | J65: 6.0969374 | K65: 6.0711491 | L65: 6.0397761 | M65: 6.0031446 | N65: 5.9613272 | O65: 5.9128942 | P65: 5.8566475 | Q65: 5.7929281 | R65: 5.7219068 | S65: 5.6452233 | T65: 5.5648326 | U65: 5.4833839 | V65: 5.4027389 | W65: 5.3239289 | X65: 5.2471323 | Y65: 5.1719119 | Z65: 5.0957922 | AA65: 5.0170984 | AB65: 4.9342431 | AC65: 4.8461249 | AD65: 4.7518664 | AE65: 4.651148 | AF65: 4.5467806 | AG65: 4.4375464 | AH65: 4.3275164 | AI65: 4.2207004 | AJ65: 4.1140486 | AK65: 4.0078304 | AL65: 3.9063165 | AM65: 3.8084165 | AN65: 3.7191655 | AO65: 3.6318892 | AP65: 3.5493593 | AQ65: 3.4699688 | AR65: 3.3962659 | AS65: 3.3251826 | AT65: 3.2573601 | AU65: 3.1942534 | AV65: 3.1317258 | AW65: 3.0736752 | AX65: 3.0160094 | AY65: 2.9615415 | AZ65: 2.9103569 | BA65: 2.8608087 | BB65: 2.8110711 | BC65: 2.7631783 | BD65: 2.7176078 | BE65: 2.6758293 | BF65: 2.6385314 | BG65: 2.6031853 | BH65: 2.5693953
A66: East Asia & Pacific | B66: EAS | C66: Fertility rate, total (births per woman) | D66: SP.DYN.TFRT.IN | E66: 5.3935904 | F66: 5.4817178 | G66: 5.5634651 | H66: 5.6398985 | I66: 5.6945494 | J66: 5.7234969 | K66: 5.6405441 | L66: 5.6212032 | M66: 5.5371664 | N66: 5.3918674 | O66: 5.2153518 | P66: 5.0009542 | Q66: 4.7370712 | R66: 4.4715331 | S66: 4.1850506 | T66: 3.8998321 | U66: 3.649886 | V66: 3.4304731 | W66: 3.2409416 | X66: 3.1018393 | Y66: 2.9920588 | Z66: 2.918698 | AA66: 2.8799641 | AB66: 2.8565669 | AC66: 2.8445604 | AD66: 2.833908 | AE66: 2.8072022 | AF66: 2.7648482 | AG66: 2.7026616 | AH66: 2.6054926 | AI66: 2.4966408 | AJ66: 2.374792 | AK66: 2.2504746 | AL66: 2.1292546 | AM66: 2.0315853 | AN66: 1.9458668 | AO66: 1.8840867 | AP66: 1.8388696 | AQ66: 1.8064125 | AR66: 1.7897601 | AS66: 1.7885693 | AT66: 1.7799697 | AU66: 1.7806209 | AV66: 1.7832851 | AW66: 1.7869275 | AX66: 1.7863012 | AY66: 1.7923004 | AZ66: 1.7968016 | BA66: 1.7963227 | BB66: 1.7955963 | BC66: 1.7969519 | BD66: 1.7995526 | BE66: 1.8049179 | BF66: 1.8003744 | BG66: 1.8025009 | BH66: 1.8063298
A67: Europe & Central Asia (excluding high income) | B67: ECA | C67: Fertility rate, total (births per woman) | D67: SP.DYN.TFRT.IN | E67: 3.1343078 | F67: 3.0691144 | G67: 3.0248772 | H67: 2.9614426 | I67: 2.8910142 | J67: 2.8575553 | K67: 2.8365795 | L67: 2.9129343 | M67: 2.8841726 | N67: 2.8471368 | O67: 2.8368494 | P67: 2.8220387 | Q67: 2.8119724 | R67: 2.7754306 | S67: 2.7758958 | T67: 2.7365263 | U67: 2.7042529 | V67: 2.6692271 | W67: 2.6360157 | X67: 2.6025411 | Y67: 2.5705547 | Z67: 2.5485625 | AA67: 2.5966674 | AB67: 2.6212358 | AC67: 2.6007789 | AD67: 2.5721604 | AE67: 2.6074948 | AF67: 2.6163063 | AG67: 2.5420451 | AH67: 2.4442736 | AI67: 2.3333592 | AJ67: 2.2223756 | AK67: 2.1071246 | AL67: 1.9797322 | AM67: 1.9315854 | AN67: 1.8737099 | AO67: 1.8007619 | AP67: 1.736042 | AQ67: 1.7017151 | AR67: 1.6439788 | AS67: 1.6382801 | AT67: 1.6290549 | AU67: 1.6573436 | AV67: 1.666325 | AW67: 1.697719 | AX67: 1.6712849 | AY67: 1.7001114 | AZ67: 1.7677128 | BA67: 1.8395247 | BB67: 1.8504394 | BC67: 1.8474417 | BD67: 1.8435131 | BE67: 1.897219 | BF67: 1.9074702 | BG67: 1.942261 | BH67: 1.9449716
A68: Europe & Central Asia | B68: ECS | C68: Fertility rate, total (births per woman) | D68: SP.DYN.TFRT.IN | E68: 2.8345249 | F68: 2.8220573 | G68: 2.8024664 | H68: 2.7973897 | I68: 2.787499 | J68: 2.740978 | K68: 2.7085031 | L68: 2.7143405 | M68: 2.6630478 | N68: 2.6090374 | O68: 2.5623503 | P68: 2.5426005 | Q68: 2.4795517 | R68: 2.4156671 | S68: 2.4022956 | T68: 2.3473811 | U68: 2.3091375 | V68: 2.2549554 | W68: 2.219764 | X68: 2.1937575 | Y68: 2.167578 | Z68: 2.1332878 | AA68: 2.1413894 | AB68: 2.1314572 | AC68: 2.1067113 | AD68: 2.0913233 | AE68: 2.0976217 | AF68: 2.0920124 | AG68: 2.0621023 | AH68: 2.0013517 | AI68: 1.9579975 | AJ68: 1.893166 | AK68: 1.8203033 | AL68: 1.7421605 | AM68: 1.6989151 | AN68: 1.6544234 | AO68: 1.6203592 | AP68: 1.5926084 | AQ68: 1.5708924 | AR68: 1.5446128 | AS68: 1.5559164 | AT68: 1.5419441 | AU68: 1.5546708 | AV68: 1.5684175 | AW68: 1.5972456 | AX68: 1.588704 | AY68: 1.6188837 | AZ68: 1.6637199 | BA68: 1.7218935 | BB68: 1.7206931 | BC68: 1.727758 | BD68: 1.7127833 | BE68: 1.7383258 | BF68: 1.7265701 | BG68: 1.7537572 | BH68: 1.7582915
A69: Ecuador | B69: ECU | C69: Fertility rate, total (births per woman) | D69: SP.DYN.TFRT.IN | E69: 6.721 | F69: 6.7 | G69: 6.676 | H69: 6.646 | I69: 6.61 | J69: 6.564 | K69: 6.507 | L69: 6.436 | M69: 6.351 | N69: 6.252 | O69: 6.138 | P69: 6.011 | Q69: 5.873 | R69: 5.727 | S69: 5.577 | T69: 5.426 | U69: 5.276 | V69: 5.129 | W69: 4.988 | X69: 4.853 | Y69: 4.727 | Z69: 4.611 | AA69: 4.503 | AB69: 4.401 | AC69: 4.305 | AD69: 4.213 | AE69: 4.123 | AF69: 4.034 | AG69: 3.945 | AH69: 3.856 | AI69: 3.767 | AJ69: 3.679 | AK69: 3.594 | AL69: 3.514 | AM69: 3.437 | AN69: 3.364 | AO69: 3.294 | AP69: 3.225 | AQ69: 3.157 | AR69: 3.09 | AS69: 3.027 | AT69: 2.968 | AU69: 2.914 | AV69: 2.868 | AW69: 2.828 | AX69: 2.793 | AY69: 2.763 | AZ69: 2.736 | BA69: 2.71 | BB69: 2.684 | BC69: 2.656 | BD69: 2.628 | BE69: 2.599 | BF69: 2.571 | BG69: 2.542 | BH69: 2.514
A70: Egypt, Arab Rep. | B70: EGY | C70: Fertility rate, total (births per woman) | D70: SP.DYN.TFRT.IN | E70: 6.716 | F70: 6.696 | G70: 6.673 | H70: 6.646 | I70: 6.615 | J70: 6.577 | K70: 6.529 | L70: 6.469 | M70: 6.399 | N70: 6.319 | O70: 6.233 | P70: 6.144 | Q70: 6.056 | R70: 5.974 | S70: 5.899 | T70: 5.833 | U70: 5.776 | V70: 5.727 | W70: 5.682 | X70: 5.639 | Y70: 5.6 | Z70: 5.563 | AA70: 5.528 | AB70: 5.489 | AC70: 5.444 | AD70: 5.382 | AE70: 5.294 | AF70: 5.177 | AG70: 5.031 | AH70: 4.857 | AI70: 4.663 | AJ70: 4.455 | AK70: 4.247 | AL70: 4.048 | AM70: 3.865 | AN70: 3.705 | AO70: 3.571 | AP70: 3.459 | AQ70: 3.367 | AR70: 3.293 | AS70: 3.233 | AT70: 3.181 | AU70: 3.133 | AV70: 3.088 | AW70: 3.047 | AX70: 3.016 | AY70: 3.004 | AZ70: 3.016 | BA70: 3.055 | BB70: 3.114 | BC70: 3.185 | BD70: 3.253 | BE70: 3.306 | BF70: 3.335 | BG70: 3.336 | BH70: 3.311
A71: Euro area | B71: EMU | C71: Fertility rate, total (births per woman) | D71: SP.DYN.TFRT.IN | E71: 2.6011659 | F71: 2.6329989 | G71: 2.6386016 | H71: 2.679864 | I71: 2.7333643 | J71: 2.6794134 | K71: 2.6611461 | L71: 2.6197878 | M71: 2.5572119 | N71: 2.4870876 | O71: 2.3931529 | P71: 2.3444571 | Q71: 2.2357556 | R71: 2.1317597 | S71: 2.0997284 | T71: 2.0233881 | U71: 1.9826163 | V71: 1.9083122 | W71: 1.8528351 | X71: 1.8009896 | Y71: 1.7742671 | Z71: 1.7260247 | AA71: 1.6978074 | AB71: 1.6388712 | AC71: 1.6014683 | AD71: 1.5904832 | AE71: 1.5793515 | AF71: 1.5578388 | AG71: 1.5623111 | AH71: 1.5295845 | AI71: 1.5341578 | AJ71: 1.4886001 | AK71: 1.4674651 | AL71: 1.4348546 | AM71: 1.3975209 | AN71: 1.3827617 | AO71: 1.3955899 | AP71: 1.4146808 | AQ71: 1.4155254 | AR71: 1.4308863 | AS71: 1.4703049 | AT71: 1.4560461 | AU71: 1.4587326 | AV71: 1.4730023 | AW71: 1.4954753 | AX71: 1.4993921 | AY71: 1.5226494 | AZ71: 1.5398369 | BA71: 1.5803327 | BB71: 1.5637325 | BC71: 1.5797881 | BD71: 1.561493 | BE71: 1.5538279 | BF71: 1.5302113 | BG71: 1.5541118 | BH71: 1.5621542
A72: Eritrea | B72: ERI | C72: Fertility rate, total (births per woman) | D72: SP.DYN.TFRT.IN | E72: 6.899 | F72: 6.868 | G72: 6.837 | H72: 6.806 | I72: 6.778 | J72: 6.752 | K72: 6.728 | L72: 6.706 | M72: 6.686 | N72: 6.667 | O72: 6.65 | P72: 6.636 | Q72: 6.624 | R72: 6.615 | S72: 6.609 | T72: 6.609 | U72: 6.614 | V72: 6.625 | W72: 6.64 | X72: 6.658 | Y72: 6.675 | Z72: 6.686 | AA72: 6.69 | AB72: 6.683 | AC72: 6.665 | AD72: 6.636 | AE72: 6.597 | AF72: 6.552 | AG72: 6.502 | AH72: 6.448 | AI72: 6.387 | AJ72: 6.316 | AK72: 6.233 | AL72: 6.137 | AM72: 6.03 | AN72: 5.914 | AO72: 5.793 | AP72: 5.67 | AQ72: 5.549 | AR72: 5.434 | AS72: 5.328 | AT72: 5.233 | AU72: 5.149 | AV72: 5.073 | AW72: 5.005 | AX72: 4.942 | AY72: 4.881 | AZ72: 4.818 | BA72: 4.752 | BB72: 4.681 | BC72: 4.605 | BD72: 4.525 | BE72: 4.444 | BF72: 4.363 | BG72: 4.285 | BH72: 4.208
... A80: France | B80: FRA | C80: Fertility rate, total (births per woman) | D80: SP.DYN.TFRT.IN | E80: 2.85 | F80: 2.87 | G80: 2.89 | H80: 2.89 | I80: 2.87 | J80: 2.84 | K80: 2.8 | L80: 2.75 | M80: 2.69 | N80: 2.62 | O80: 2.55 | P80: 2.47 | Q80: 2.38 | R80: 2.28 | S80: 2.18 | T80: 2.09 | U80: 2.01 | V80: 1.94 | W80: 1.89 | X80: 1.87 | Y80: 1.85 | Z80: 1.85 | AA80: 1.86 | AB80: 1.86 | AC80: 1.86 | AD80: 1.86 | AE80: 1.85 | AF80: 1.83 | AG80: 1.81 | AH80: 1.79 | AI80: 1.77 | AJ80: 1.75 | AK80: 1.74 | AL80: 1.73 | AM80: 1.73 | AN80: 1.74 | AO80: 1.75 | AP80: 1.77 | AQ80: 1.78 | AR80: 1.81 | AS80: 1.89 | AT80: 1.9 | AU80: 1.88 | AV80: 1.89 | AW80: 1.92 | AX80: 1.94 | AY80: 2 | AZ80: 1.98 | BA80: 2.01 | BB80: 2 | BC80: 2.03 | BD80: 2.01 | BE80: 2.01 | BF80: 1.99 | BG80: 2.01 | BH80: 2.01
A81: Faroe Islands | B81: FRO | C81: Fertility rate, total (births per woman) | D81: SP.DYN.TFRT.IN | O81: 3.4 | P81: 3.2 | Q81: 3.3 | R81: 3.2 | S81: 3.1 | T81: 2.9 | U81: 2.7 | V81: 2.7 | W81: 2.6 | X81: 2.7 | Y81: 2.5 | Z81: 2.5 | AA81: 2.3 | AB81: 2.2 | AC81: 2.2 | AD81: 2.3 | AE81: 2.4 | AF81: 2.4 | AG81: 2.6 | AH81: 2.7 | AI81: 2.8 | AJ81: 2.6 | AK81: 2.5 | AL81: 2.5 | AM81: 2.4 | AN81: 2.5 | AO81: 2.6 | AP81: 2.5 | AQ81: 2.3 | AR81: 2.3 | AS81: 2.6 | AT81: 2.3 | AU81: 2.6 | AV81: 2.5 | AW81: 2.6 | AX81: 2.6 | AY81: 2.5 | AZ81: 2.6 | BA81: 2.6 | BB81: 2.4 | BC81: 2.5 | BD81: 2.3 | BE81: 2.6 | BF81: 2.5 | BG81: 2.6 | BH81: 2.4
A82: Micronesia, Fed. Sts. | B82: FSM | C82: Fertility rate, total (births per woman) | D82: SP.DYN.TFRT.IN | E82: 6.934 | F82: 6.917 | G82: 6.905 | H82: 6.897 | I82: 6.893 | J82: 6.894 | K82: 6.9 | L82: 6.911 | M82: 6.924 | N82: 6.935 | O82: 6.938 | P82: 6.925 | Q82: 6.894 | R82: 6.842 | S82: 6.77 | T82: 6.682 | U82: 6.586 | V82: 6.49 | W82: 6.398 | X82: 6.311 | Y82: 6.223 | Z82: 6.129 | AA82: 6.02 | AB82: 5.894 | AC82: 5.752 | AD82: 5.6 | AE82: 5.446 | AF82: 5.299 | AG82: 5.167 | AH82: 5.052 | AI82: 4.958 | AJ82: 4.882 | AK82: 4.82 | AL82: 4.766 | AM82: 4.716 | AN82: 4.664 | AO82: 4.608 | AP82: 4.544 | AQ82: 4.471 | AR82: 4.39 | AS82: 4.3 | AT82: 4.204 | AU82: 4.105 | AV82: 4.007 | AW82: 3.912 | AX82: 3.823 | AY82: 3.739 | AZ82: 3.661 | BA82: 3.589 | BB82: 3.522 | BC82: 3.46 | BD82: 3.402 | BE82: 3.347 | BF82: 3.294 | BG82: 3.243 | BH82: 3.194
A83: Gabon | B83: GAB | C83: Fertility rate, total (births per woman) | D83: SP.DYN.TFRT.IN | E83: 4.384 | F83: 4.462 | G83: 4.541 | H83: 4.619 | I83: 4.694 | J83: 4.766 | K83: 4.834 | L83: 4.899 | M83: 4.961 | N83: 5.021 | O83: 5.081 | P83: 5.143 | Q83: 5.208 | R83: 5.275 | S83: 5.343 | T83: 5.412 | U83: 5.48 | V83: 5.543 | W83: 5.6 | X83: 5.648 | Y83: 5.684 | Z83: 5.709 | AA83: 5.722 | AB83: 5.723 | AC83: 5.712 | AD83: 5.689 | AE83: 5.654 | AF83: 5.609 | AG83: 5.554 | AH83: 5.491 | AI83: 5.421 | AJ83: 5.345 | AK83: 5.263 | AL83: 5.176 | AM83: 5.087 | AN83: 4.996 | AO83: 4.903 | AP83: 4.809 | AQ83: 4.716 | AR83: 4.625 | AS83: 4.539 | AT83: 4.46 | AU83: 4.389 | AV83: 4.327 | AW83: 4.274 | AX83: 4.23 | AY83: 4.194 | AZ83: 4.164 | BA83: 4.137 | BB83: 4.112 | BC83: 4.083 | BD83: 4.05 | BE83: 4.01 | BF83: 3.963 | BG83: 3.91 | BH83: 3.85
A84: United Kingdom | B84: GBR | C84: Fertility rate, total (births per woman) | D84: SP.DYN.TFRT.IN | E84: 2.69 | F84: 2.78 | G84: 2.86 | H84: 2.88 | I84: 2.93 | J84: 2.86 | K84: 2.78 | L84: 2.68 | M84: 2.6 | N84: 2.51 | O84: 2.44 | P84: 2.41 | Q84: 2.2 | R84: 2.04 | S84: 1.92 | T84: 1.81 | U84: 1.74 | V84: 1.69 | W84: 1.75 | X84: 1.86 | Y84: 1.9 | Z84: 1.82 | AA84: 1.78 | AB84: 1.77 | AC84: 1.77 | AD84: 1.79 | AE84: 1.78 | AF84: 1.81 | AG84: 1.82 | AH84: 1.79 | AI84: 1.83 | AJ84: 1.82 | AK84: 1.79 | AL84: 1.76 | AM84: 1.74 | AN84: 1.71 | AO84: 1.73 | AP84: 1.72 | AQ84: 1.71 | AR84: 1.68 | AS84: 1.64 | AT84: 1.63 | AU84: 1.63 | AV84: 1.7 | AW84: 1.75 | AX84: 1.76 | AY84: 1.82 | AZ84: 1.86 | BA84: 1.91 | BB84: 1.89 | BC84: 1.92 | BD84: 1.91 | BE84: 1.92 | BF84: 1.83 | BG84: 1.81 | BH84: 1.81
A85: Georgia | B85: GEO | C85: Fertility rate, total (births per woman) | D85: SP.DYN.TFRT.IN | E85: 2.942 | F85: 2.943 | G85: 2.937 | H85: 2.924 | I85: 2.906 | J85: 2.882 | K85: 2.854 | L85: 2.821 | M85: 2.785 | N85: 2.747 | O85: 2.707 | P85: 2.665 | Q85: 2.622 | R85: 2.577 | S85: 2.533 | T85: 2.489 | U85: 2.448 | V85: 2.409 | W85: 2.373 | X85: 2.341 | Y85: 2.314 | Z85: 2.296 | AA85: 2.284 | AB85: 2.277 | AC85: 2.275 | AD85: 2.273 | AE85: 2.269 | AF85: 2.26 | AG85: 2.243 | AH85: 2.217 | AI85: 2.18 | AJ85: 2.132 | AK85: 2.076 | AL85: 2.013 | AM85: 1.946 | AN85: 1.879 | AO85: 1.812 | AP85: 1.749 | AQ85: 1.692 | AR85: 1.643 | AS85: 1.608 | AT85: 1.589 | AU85: 1.586 | AV85: 1.599 | AW85: 1.625 | AX85: 1.664 | AY85: 1.712 | AZ85: 1.766 | BA85: 1.821 | BB85: 1.873 | BC85: 1.918 | BD85: 1.954 | BE85: 1.98 | BF85: 1.996 | BG85: 2.003 | BH85: 2.003
A86: Ghana | B86: GHA | C86: Fertility rate, total (births per woman) | D86: SP.DYN.TFRT.IN | E86: 6.749 | F86: 6.789 | G86: 6.827 | H86: 6.862 | I86: 6.893 | J86: 6.918 | K86: 6.937 | L86: 6.95 | M86: 6.957 | N86: 6.957 | O86: 6.95 | P86: 6.936 | Q86: 6.915 | R86: 6.888 | S86: 6.855 | T86: 6.815 | U86: 6.771 | V86: 6.721 | W86: 6.665 | X86: 6.605 | Y86: 6.539 | Z86: 6.468 | AA86: 6.392 | AB86: 6.31 | AC86: 6.223 | AD86: 6.131 | AE86: 6.032 | AF86: 5.928 | AG86: 5.82 | AH86: 5.71 | AI86: 5.602 | AJ86: 5.499 | AK86: 5.403 | AL86: 5.317 | AM86: 5.239 | AN86: 5.168 | AO86: 5.102 | AP86: 5.036 | AQ86: 4.969 | AR86: 4.899 | AS86: 4.826 | AT86: 4.753 | AU86: 4.681 | AV86: 4.612 | AW86: 4.548 | AX86: 4.49 | AY86: 4.438 | AZ86: 4.392 | BA86: 4.35 | BB86: 4.311 | BC86: 4.273 | BD86: 4.234 | BE86: 4.192 | BF86: 4.146 | BG86: 4.096 | BH86: 4.042
A87: Gibraltar | B87: GIB | C87: Fertility rate, total (births per woman) | D87: SP.DYN.TFRT.IN
A88: Guinea | B88: GIN | C88: Fertility rate, total (births per woman) | D88: SP.DYN.TFRT.IN | E88: 6.114 | F88: 6.127 | G88: 6.138 | H88: 6.147 | I88: 6.154 | J88: 6.16 | K88: 6.168 | L88: 6.177 | M88: 6.189 | N88: 6.205 | O88: 6.225 | P88: 6.249 | Q88: 6.277 | R88: 6.306 | S88: 6.337 | T88: 6.369 | U88: 6.402 | V88: 6.436 | W88: 6.468 | X88: 6.5 | Y88: 6.529 | Z88: 6.557 | AA88: 6.581 | AB88: 6.602 | AC88: 6.619 | AD88: 6.631 | AE88: 6.637 | AF88: 6.637 | AG88: 6.631 | AH88: 6.618 | AI88: 6.598 | AJ88: 6.57 | AK88: 6.535 | AL88: 6.493 | AM88: 6.444 | AN88: 6.391 | AO88: 6.334 | AP88: 6.273 | AQ88: 6.211 | AR88: 6.147 | AS88: 6.082 | AT88: 6.015 | AU88: 5.947 | AV88: 5.877 | AW88: 5.804 | AX88: 5.729 | AY88: 5.653 | AZ88: 5.575 | BA88: 5.496 | BB88: 5.417 | BC88: 5.336 | BD88: 5.256 | BE88: 5.175 | BF88: 5.094 | BG88: 5.014 | BH88: 4.934
A89: Gambia, The | B89: GMB | C89: Fertility rate, total (births per woman) | D89: SP.DYN.TFRT.IN | E89: 5.573 | F89: 5.621 | G89: 5.672 | H89: 5.723 | I89: 5.776 | J89: 5.83 | K89: 5.884 | L89: 5.938 | M89: 5.991 | N89: 6.043 | O89: 6.093 | P89: 6.141 | Q89: 6.185 | R89: 6.226 | S89: 6.262 | T89: 6.293 | U89: 6.316 | V89: 6.333 | W89: 6.342 | X89: 6.343 | Y89: 6.337 | Z89: 6.323 | AA89: 6.303 | AB89: 6.277 | AC89: 6.248 | AD89: 6.219 | AE89: 6.19 | AF89: 6.164 | AG89: 6.141 | AH89: 6.122 | AI89: 6.107 | AJ89: 6.094 | AK89: 6.082 | AL89: 6.069 | AM89: 6.054 | AN89: 6.038 | AO89: 6.021 | AP89: 6.002 | AQ89: 5.984 | AR89: 5.966 | AS89: 5.947 | AT89: 5.927 | AU89: 5.906 | AV89: 5.884 | AW89: 5.86 | AX89: 5.835 | AY89: 5.81 | AZ89: 5.785 | BA89: 5.76 | BB89: 5.735 | BC89: 5.707 | BD89: 5.676 | BE89: 5.638 | BF89: 5.595 | BG89: 5.544 | BH89: 5.488
A90: Guinea-Bissau | B90: GNB | C90: Fertility rate, total (births per woman) | D90: SP.DYN.TFRT.IN | E90: 5.921 | F90: 5.931 | G90: 5.941 | H90: 5.951 | I90: 5.961 | J90: 5.971 | K90: 5.982 | L90: 5.994 | M90: 6.008 | N90: 6.024 | O90: 6.041 | P90: 6.06 | Q90: 6.078 | R90: 6.098 | S90: 6.12 | T90: 6.15 | U90: 6.192 | V90: 6.249 | W90: 6.32 | X90: 6.401 | Y90: 6.487 | Z90: 6.569 | AA90: 6.64 | AB90: 6.694 | AC90: 6.727 | AD90: 6.739 | AE90: 6.734 | AF90: 6.717 | AG90: 6.693 | AH90: 6.663 | AI90: 6.627 | AJ90: 6.582 | AK90: 6.526 | AL90: 6.458 | AM90: 6.381 | AN90: 6.294 | AO90: 6.201 | AP90: 6.105 | AQ90: 6.009 | AR90: 5.913 | AS90: 5.82 | AT90: 5.73 | AU90: 5.641 | AV90: 5.555 | AW90: 5.47 | AX90: 5.389 | AY90: 5.312 | AZ90: 5.241 | BA90: 5.174 | BB90: 5.11 | BC90: 5.049 | BD90: 4.987 | BE90: 4.923 | BF90: 4.855 | BG90: 4.784 | BH90: 4.71
A91: Equatorial Guinea | B91: GNQ | C91: Fertility rate, total (births per woman) | D91: SP.DYN.TFRT.IN | E91: 5.653 | F91: 5.661 | G91: 5.673 | H91: 5.69 | I91: 5.711 | J91: 5.734 | K91: 5.756 | L91: 5.776 | M91: 5.791 | N91: 5.802 | O91: 5.808 | P91: 5.808 | Q91: 5.805 | R91: 5.8 | S91: 5.795 | T91: 5.791 | U91: 5.791 | V91: 5.795 | W91: 5.804 | X91: 5.817 | Y91: 5.835 | Z91: 5.856 | AA91: 5.88 | AB91: 5.903 | AC91: 5.926 | AD91: 5.946 | AE91: 5.962 | AF91: 5.974 | AG91: 5.982 | AH91: 5.986 | AI91: 5.987 | AJ91: 5.985 | AK91: 5.984 | AL91: 5.981 | AM91: 5.978 | AN91: 5.971 | AO91: 5.96 | AP91: 5.941 | AQ91: 5.914 | AR91: 5.878 | AS91: 5.834 | AT91: 5.785 | AU91: 5.731 | AV91: 5.675 | AW91: 5.618 | AX91: 5.559 | AY91: 5.498 | AZ91: 5.433 | BA91: 5.363 | BB91: 5.288 | BC91: 5.209 | BD91: 5.126 | BE91: 5.04 | BF91: 4.952 | BG91: 4.864 | BH91: 4.775
A92: Greece | B92: GRC | C92: Fertility rate, total (births per woman) | D92: SP.DYN.TFRT.IN | E92: 2.23 | F92: 2.13 | G92: 2.16 | H92: 2.14 | I92: 2.24 | J92: 2.25 | K92: 2.32 | L92: 2.45 | M92: 2.42 | N92: 2.36 | O92: 2.4 | P92: 2.32 | Q92: 2.32 | R92: 2.27 | S92: 2.38 | T92: 2.33 | U92: 2.35 | V92: 2.27 | W92: 2.28 | X92: 2.26 | Y92: 2.23 | Z92: 2.09 | AA92: 2.03 | AB92: 1.94 | AC92: 1.83 | AD92: 1.67 | AE92: 1.6 | AF92: 1.5 | AG92: 1.5 | AH92: 1.4 | AI92: 1.39 | AJ92: 1.37 | AK92: 1.36 | AL92: 1.32 | AM92: 1.33 | AN92: 1.28 | AO92: 1.26 | AP92: 1.27 | AQ92: 1.24 | AR92: 1.23 | AS92: 1.25 | AT92: 1.25 | AU92: 1.28 | AV92: 1.29 | AW92: 1.31 | AX92: 1.34 | AY92: 1.4 | AZ92: 1.41 | BA92: 1.5 | BB92: 1.5 | BC92: 1.48 | BD92: 1.4 | BE92: 1.34 | BF92: 1.29 | BG92: 1.3 | BH92: 1.3
A93: Grenada | B93: GRD | C93: Fertility rate, total (births per woman) | D93: SP.DYN.TFRT.IN | E93: 6.743 | F93: 6.627 | G93: 6.442 | H93: 6.196 | I93: 5.906 | J93: 5.597 | K93: 5.3 | L93: 5.04 | M93: 4.835 | N93: 4.69 | O93: 4.604 | P93: 4.561 | Q93: 4.537 | R93: 4.512 | S93: 4.479 | T93: 4.436 | U93: 4.385 | V93: 4.337 | W93: 4.299 | X93: 4.269 | Y93: 4.251 | Z93: 4.244 | AA93: 4.243 | AB93: 4.245 | AC93: 4.243 | AD93: 4.231 | AE93: 4.2 | AF93: 4.146 | AG93: 4.068 | AH93: 3.966 | AI93: 3.842 | AJ93: 3.701 | AK93: 3.551 | AL93: 3.401 | AM93: 3.254 | AN93: 3.116 | AO93: 2.988 | AP93: 2.87 | AQ93: 2.762 | AR93: 2.666 | AS93: 2.582 | AT93: 2.512 | AU93: 2.455 | AV93: 2.409 | AW93: 2.373 | AX93: 2.344 | AY93: 2.321 | AZ93: 2.301 | BA93: 2.282 | BB93: 2.262 | BC93: 2.24 | BD93: 2.217 | BE93: 2.194 | BF93: 2.171 | BG93: 2.148 | BH93: 2.126
A94: Greenland | B94: GRL | C94: Fertility rate, total (births per woman) | D94: SP.DYN.TFRT.IN | T94: 2.345 | U94: 2.255 | V94: 2.349 | W94: 2.197 | X94: 2.187 | Y94: 2.435 | Z94: 2.332 | AA94: 2.236 | AB94: 2.054 | AC94: 2.107 | AD94: 2.241 | AE94: 2.044 | AF94: 2.083 | AG94: 2.317 | AH94: 2.299 | AI94: 2.444 | AJ94: 2.421 | AK94: 2.607 | AL94: 2.578 | AM94: 2.527 | AN94: 2.512 | AO94: 2.493 | AP94: 2.69 | AQ94: 2.457 | AR94: 2.415 | AS94: 2.329 | AT94: 2.51 | AU94: 2.566 | AV94: 2.372 | AW94: 2.415 | AX94: 2.377 | AY94: 2.256 | AZ94: 2.299 | BA94: 2.247 | BB94: 2.359 | BC94: 2.195 | BD94: 2.117 | BE94: 2.019 | BF94: 2.077 | BG94: 2.037 | BH94: 2
A95: Guatemala | B95: GTM | C95: Fertility rate, total (births per woman) | D95: SP.DYN.TFRT.IN | E95: 6.896 | F95: 6.859 | G95: 6.824 | H95: 6.794 | I95: 6.767 | J95: 6.744 | K95: 6.724 | L95: 6.705 | M95: 6.685 | N95: 6.664 | O95: 6.642 | P95: 6.62 | Q95: 6.599 | R95: 6.578 | S95: 6.558 | T95: 6.535 | U95: 6.51 | V95: 6.48 | W95: 6.443 | X95: 6.399 | Y95: 6.342 | Z95: 6.271 | AA95: 6.185 | AB95: 6.086 | AC95: 5.977 | AD95: 5.865 | AE95: 5.757 | AF95: 5.658 | AG95: 5.572 | AH95: 5.5 | AI95: 5.437 | AJ95: 5.38 | AK95: 5.32 | AL95: 5.252 | AM95: 5.174 | AN95: 5.087 | AO95: 4.993 | AP95: 4.895 | AQ95: 4.797 | AR95: 4.699 | AS95: 4.598 | AT95: 4.49 | AU95: 4.372 | AV95: 4.245 | AW95: 4.11 | AX95: 3.971 | AY95: 3.833 | AZ95: 3.701 | BA95: 3.58 | BB95: 3.471 | BC95: 3.375 | BD95: 3.292 | BE95: 3.219 | BF95: 3.151 | BG95: 3.089 | BH95: 3.029
A96: Guam | B96: GUM | C96: Fertility rate, total (births per woman) | D96: SP.DYN.TFRT.IN | E96: 6.052 | F96: 6.048 | G96: 5.984 | H96: 5.857 | I96: 5.67 | J96: 5.439 | K96: 5.187 | L96: 4.939 | M96: 4.716 | N96: 4.526 | O96: 4.372 | P96: 4.248 | Q96: 4.137 | R96: 4.028 | S96: 3.917 | T96: 3.801 | U96: 3.681 | V96: 3.561 | W96: 3.447 | X96: 3.34 | Y96: 3.248 | Z96: 3.177 | AA96: 3.128 | AB96: 3.1 | AC96: 3.092 | AD96: 3.095 | AE96: 3.099 | AF96: 3.097 | AG96: 3.082 | AH96: 3.053 | AI96: 3.013 | AJ96: 2.969 | AK96: 2.929 | AL96: 2.899 | AM96: 2.881 | AN96: 2.872 | AO96: 2.87 | AP96: 2.867 | AQ96: 2.86 | AR96: 2.846 | AS96: 2.824 | AT96: 2.794 | AU96: 2.759 | AV96: 2.72 | AW96: 2.679 | AX96: 2.638 | AY96: 2.599 | AZ96: 2.562 | BA96: 2.528 | BB96: 2.498 | BC96: 2.472 | BD96: 2.448 | BE96: 2.427 | BF96: 2.406 | BG96: 2.386 | BH96: 2.367
A97: Guyana | B97: GUY | C97: Fertility rate, total (births per woman) | D97: SP.DYN.TFRT.IN | E97: 6.372 | F97: 6.305 | G97: 6.226 | H97: 6.14 | I97: 6.05 | J97: 5.957 | K97: 5.86 | L97: 5.756 | M97: 5.642 | N97: 5.517 | O97: 5.38 | P97: 5.226 | Q97: 5.057 | R97: 4.877 | S97: 4.689 | T97: 4.503 | U97: 4.327 | V97: 4.169 | W97: 4.031 | X97: 3.915 | Y97: 3.817 | Z97: 3.728 | AA97: 3.64 | AB97: 3.548 | AC97: 3.452 | AD97: 3.354 | AE97: 3.263 | AF97: 3.186 | AG97: 3.127 | AH97: 3.089 | AI97: 3.069 | AJ97: 3.063 | AK97: 3.066 | AL97: 3.071 | AM97: 3.074 | AN97: 3.074 | AO97: 3.069 | AP97: 3.061 | AQ97: 3.05 | AR97: 3.036 | AS97: 3.017 | AT97: 2.992 | AU97: 2.961 | AV97: 2.924 | AW97: 2.883 | AX97: 2.84 | AY97: 2.797 | AZ97: 2.755 | BA97: 2.718 | BB97: 2.684 | BC97: 2.655 | BD97: 2.63 | BE97: 2.606 | BF97: 2.582 | BG97: 2.559 | BH97: 2.534
A98: High income | B98: HIC | C98: Fertility rate, total (births per woman) | D98: SP.DYN.TFRT.IN | E98: 3.0368967 | F98: 3.0405038 | G98: 2.9919775 | H98: 2.9709363 | I98: 2.9491993 | J98: 2.8502972 | K98: 2.6846383 | L98: 2.6641057 | M98: 2.6161405 | N98: 2.5694635 | O98: 2.5360169 | P98: 2.4706954 | Q98: 2.3290205 | R98: 2.2435838 | S98: 2.1887617 | T98: 2.0980514 | U98: 2.0457272 | V98: 2.0093481 | W98: 1.9678485 | X98: 1.9778712 | Y98: 1.9675614 | Z98: 1.9244675 | AA98: 1.9144736 | AB98: 1.8754534 | AC98: 1.8471974 | AD98: 1.8437227 | AE98: 1.8186203 | AF98: 1.8138696 | AG98: 1.8336787 | AH98: 1.8261167 | AI98: 1.8495782 | AJ98: 1.8271007 | AK98: 1.8047446 | AL98: 1.7683682 | AM98: 1.7476502 | AN98: 1.7122808 | AO98: 1.7047864 | AP98: 1.6935602 | AQ98: 1.6818706 | AR98: 1.677794 | AS98: 1.7080509 | AT98: 1.6710904 | AU98: 1.6569562 | AV98: 1.6655706 | AW98: 1.6751416 | AX98: 1.6722344 | AY98: 1.7114383 | AZ98: 1.736501 | BA98: 1.7432183 | BB98: 1.7146121 | BC98: 1.702563 | BD98: 1.6856016 | BE98: 1.6913137 | BF98: 1.6582863 | BG98: 1.6703339 | BH98: 1.6727143
A99: Hong Kong SAR, China | B99: HKG | C99: Fertility rate, total (births per woman) | D99: SP.DYN.TFRT.IN | E99: 5.014 | F99: 5.03 | G99: 4.98 | H99: 4.857 | I99: 4.665 | J99: 4.422 | K99: 4.152 | L99: 3.887 | M99: 3.649 | N99: 3.448 | O99: 3.284 | P99: 3.459 | Q99: 3.315 | R99: 3.177 | S99: 2.967 | T99: 2.666 | U99: 2.48 | V99: 2.376 | W99: 2.272 | X99: 2.12 | Y99: 2.047 | Z99: 1.933 | AA99: 1.86 | AB99: 1.722 | AC99: 1.559 | AD99: 1.491 | AE99: 1.367 | AF99: 1.311 | AG99: 1.4 | AH99: 1.296 | AI99: 1.272 | AJ99: 1.281 | AK99: 1.347 | AL99: 1.342 | AM99: 1.355 | AN99: 1.295 | AO99: 1.191 | AP99: 1.127 | AQ99: 1.017 | AR99: 0.982 | AS99: 1.035 | AT99: 0.932 | AU99: 0.939 | AV99: 0.901 | AW99: 0.927 | AX99: 0.966 | AY99: 0.984 | AZ99: 1.028 | BA99: 1.064 | BB99: 1.055 | BC99: 1.127 | BD99: 1.204 | BE99: 1.285 | BF99: 1.124 | BG99: 1.234 | BH99: 1.195
A100: Honduras | B100: HND | C100: Fertility rate, total (births per woman) | D100: SP.DYN.TFRT.IN | E100: 7.458 | F100: 7.448 | G100: 7.443 | H100: 7.441 | I100: 7.443 | J100: 7.442 | K100: 7.435 | L100: 7.417 | M100: 7.383 | N100: 7.334 | O100: 7.27 | P100: 7.195 | Q100: 7.111 | R100: 7.025 | S100: 6.935 | T100: 6.844 | U100: 6.749 | V100: 6.649 | W100: 6.543 | X100: 6.431 | Y100: 6.313 | Z100: 6.19 | AA100: 6.062 | AB100: 5.932 | AC100: 5.802 | AD100: 5.674 | AE100: 5.553 | AF100: 5.439 | AG100: 5.333 | AH100: 5.233 | AI100: 5.139 | AJ100: 5.046 | AK100: 4.952 | AL100: 4.853 | AM100: 4.749 | AN100: 4.64 | AO100: 4.525 | AP100: 4.408 | AQ100: 4.291 | AR100: 4.173 | AS100: 4.055 | AT100: 3.936 | AU100: 3.815 | AV100: 3.693 | AW100: 3.57 | AX100: 3.447 | AY100: 3.325 | AZ100: 3.204 | BA100: 3.087 | BB100: 2.975 | BC100: 2.871 | BD100: 2.777 | BE100: 2.694 | BF100: 2.621 | BG100: 2.559 | BH100: 2.507
A101: Heavily indebted poor countries (HIPC) | B101: HPC | C101: Fertility rate, total (births per woman) | D101: SP.DYN.TFRT.IN | E101: 6.748299 | F101: 6.7611813 | G101: 6.7742102 | H101: 6.7872276 | I101: 6.7995727 | J101: 6.8113677 | K101: 6.8228701 | L101: 6.8346695 | M101: 6.846332 | N101: 6.8582265 | O101: 6.8700362 | P101: 6.8812097 | Q101: 6.8918146 | R101: 6.9012368 | S101: 6.9086923 | T101: 6.9144317 | U101: 6.9185135 | V101: 6.9208821 | W101: 6.920982 | X101: 6.9185121 | Y101: 6.9125649 | Z101: 6.901911 | AA101: 6.8863433 | AB101: 6.8659908 | AC101: 6.8407442 | AD101: 6.8103827 | AE101: 6.7756271 | AF101: 6.7364399 | AG101: 6.693368 | AH101: 6.6467019 | AI101: 6.5980154 | AJ101: 6.5472583 | AK101: 6.4974432 | AL101: 6.4483066 | AM101: 6.3997087 | AN101: 6.3509067 | AO101: 6.2994695 | AP101: 6.2452009 | AQ101: 6.1877655 | AR101: 6.1273814 | AS101: 6.0644944 | AT101: 5.9992272 | AU101: 5.9325594 | AV101: 5.864842 | AW101: 5.79576 | AX101: 5.7250828 | AY101: 5.651692 | AZ101: 5.5765121 | BA101: 5.4997781 | BB101: 5.4214822 | BC101: 5.342116 | BD101: 5.2611046 | BE101: 5.1794654 | BF101: 5.0976808 | BG101: 5.0164506 | BH101: 4.935826
A102: Croatia | B102: HRV | C102: Fertility rate, total (births per woman) | D102: SP.DYN.TFRT.IN | E102: 2.288 | F102: 2.253 | G102: 2.218 | H102: 2.18 | I102: 2.14 | J102: 2.1 | K102: 2.062 | L102: 2.03 | M102: 2.006 | N102: 1.989 | O102: 1.979 | P102: 1.973 | Q102: 1.967 | R102: 1.96 | S102: 1.95 | T102: 1.937 | U102: 1.925 | V102: 1.913 | W102: 1.903 | X102: 1.895 | Y102: 1.888 | Z102: 1.879 | AA102: 1.9 | AB102: 1.88 | AC102: 1.87 | AD102: 1.82 | AE102: 1.76 | AF102: 1.64 | AG102: 1.79 | AH102: 1.63 | AI102: 1.63 | AJ102: 1.53 | AK102: 1.48 | AL102: 1.52 | AM102: 1.47 | AN102: 1.58 | AO102: 1.67 | AP102: 1.69 | AQ102: 1.45 | AR102: 1.38 | AS102: 1.39 | AT102: 1.46 | AU102: 1.42 | AV102: 1.41 | AW102: 1.43 | AX102: 1.5 | AY102: 1.47 | AZ102: 1.48 | BA102: 1.55 | BB102: 1.58 | BC102: 1.55 | BD102: 1.48 | BE102: 1.51 | BF102: 1.46 | BG102: 1.46 | BH102: 1.46
A103: Haiti | B103: HTI | C103: Fertility rate, total (births per woman) | D103: SP.DYN.TFRT.IN | E103: 6.324 | F103: 6.318 | G103: 6.302 | H103: 6.274 | I103: 6.233 | J103: 6.179 | K103: 6.109 | L103: 6.026 | M103: 5.937 | N103: 5.846 | O103: 5.762 | P103: 5.692 | Q103: 5.642 | R103: 5.616 | S103: 5.614 | T103: 5.641 | U103: 5.698 | V103: 5.779 | W103: 5.872 | X103: 5.97 | Y103: 6.058 | Z103: 6.122 | AA103: 6.154 | AB103: 6.149 | AC103: 6.106 | AD103: 6.028 | AE103: 5.921 | AF103: 5.799 | AG103: 5.673 | AH103: 5.548 | AI103: 5.43 | AJ103: 5.318 | AK103: 5.21 | AL103: 5.103 | AM103: 4.997 | AN103: 4.89 | AO103: 4.779 | AP103: 4.665 | AQ103: 4.547 | AR103: 4.425 | AS103: 4.302 | AT103: 4.182 | AU103: 4.065 | AV103: 3.955 | AW103: 3.853 | AX103: 3.757 | AY103: 3.667 | AZ103: 3.579 | BA103: 3.493 | BB103: 3.408 | BC103: 3.325 | BD103: 3.245 | BE103: 3.169 | BF103: 3.098 | BG103: 3.033 | BH103: 2.973
A104: Hungary | B104: HUN | C104: Fertility rate, total (births per woman) | D104: SP.DYN.TFRT.IN | E104: 2.02 | F104: 1.94 | G104: 1.79 | H104: 1.82 | I104: 1.82 | J104: 1.82 | K104: 1.89 | L104: 2.01 | M104: 2.06 | N104: 2.04 | O104: 1.98 | P104: 1.93 | Q104: 1.93 | R104: 1.93 | S104: 2.27 | T104: 2.35 | U104: 2.23 | V104: 2.15 | W104: 2.06 | X104: 2.01 | Y104: 1.91 | Z104: 1.88 | AA104: 1.8 | AB104: 1.75 | AC104: 1.75 | AD104: 1.85 | AE104: 1.84 | AF104: 1.82 | AG104: 1.81 | AH104: 1.82 | AI104: 1.87 | AJ104: 1.87 | AK104: 1.77 | AL104: 1.68 | AM104: 1.64 | AN104: 1.57 | AO104: 1.46 | AP104: 1.37 | AQ104: 1.32 | AR104: 1.28 | AS104: 1.32 | AT104: 1.31 | AU104: 1.3 | AV104: 1.27 | AW104: 1.28 | AX104: 1.31 | AY104: 1.34 | AZ104: 1.32 | BA104: 1.35 | BB104: 1.32 | BC104: 1.25 | BD104: 1.23 | BE104: 1.34 | BF104: 1.35 | BG104: 1.44 | BH104: 1.44
A105: IBRD only | B105: IBD | C105: Fertility rate, total (births per woman) | D105: SP.DYN.TFRT.IN | E105: 5.4308257 | F105: 5.4660662 | G105: 5.5200409 | H105: 5.5540257 | I105: 5.5681951 | J105: 5.5666236 | K105: 5.535666 | L105: 5.4957216 | M105: 5.4138206 | N105: 5.3082313 | O105: 5.1839701 | P105: 5.0291719 | Q105: 4.8729982 | R105: 4.6970836 | S105: 4.5238348 | T105: 4.3500405 | U105: 4.1878562 | V105: 4.0396161 | W105: 3.9094729 | X105: 3.7999719 | Y105: 3.7110553 | Z105: 3.6392434 | AA105: 3.5992952 | AB105: 3.5630604 | AC105: 3.5255268 | AD105: 3.4849449 | AE105: 3.4411314 | AF105: 3.3816207 | AG105: 3.3008722 | AH105: 3.20211 | AI105: 3.0916017 | AJ105: 2.9717848 | AK105: 2.8553259 | AL105: 2.7432518 | AM105: 2.6507947 | AN105: 2.5657378 | AO105: 2.4979597 | AP105: 2.4396021 | AQ105: 2.396825 | AR105: 2.3570058 | AS105: 2.3273019 | AT105: 2.3022233 | AU105: 2.2824826 | AV105: 2.2632893 | AW105: 2.2453699 | AX105: 2.2238661 | AY105: 2.2063907 | AZ105: 2.1922524 | BA105: 2.1799955 | BB105: 2.1642362 | BC105: 2.1488165 | BD105: 2.1332627 | BE105: 2.1245587 | BF105: 2.1118123 | BG105: 2.1031232 | BH105: 2.0933661
A106: IDA & IBRD total | B106: IBT | C106: Fertility rate, total (births per woman) | D106: SP.DYN.TFRT.IN | E106: 5.6268432 | F106: 5.6608745 | G106: 5.710821 | H106: 5.742451 | I106: 5.7569504 | J106: 5.7576065 | K106: 5.7333592 | L106: 5.7011758 | M106: 5.6337654 | N106: 5.5465331 | O106: 5.4437597 | P106: 5.3139921 | Q106: 5.1845723 | R106: 5.0375872 | S106: 4.8923857 | T106: 4.7463854 | U106: 4.6092887 | V106: 4.4837744 | W106: 4.3728637 | X106: 4.2784986 | Y106: 4.2005304 | Z106: 4.1333047 | AA106: 4.0938056 | AB106: 4.0557603 | AC106: 4.0161944 | AD106: 3.9733929 | AE106: 3.9267129 | AF106: 3.866664 | AG106: 3.787749 | AH106: 3.6941276 | AI106: 3.5907708 | AJ106: 3.4802572 | AK106: 3.3731918 | AL106: 3.2693069 | AM106: 3.1822053 | AN106: 3.10335 | AO106: 3.0367309 | AP106: 2.9773044 | AQ106: 2.9328539 | AR106: 2.8907557 | AS106: 2.8560313 | AT106: 2.8261405 | AU106: 2.8020147 | AV106: 2.7779563 | AW106: 2.7570205 | AX106: 2.7328157 | AY106: 2.7128216 | AZ106: 2.6964171 | BA106: 2.6816493 | BB106: 2.6634526 | BC106: 2.645597 | BD106: 2.6274731 | BE106: 2.6153678 | BF106: 2.6012745 | BG106: 2.5903003 | BH106: 2.5779837
... A110: IDA only | B110: IDX | C110: Fertility rate, total (births per woman) | D110: SP.DYN.TFRT.IN | E110: 6.6894848 | F110: 6.7086236 | G110: 6.7270513 | H110: 6.7442724 | I110: 6.7591403 | J110: 6.7716047 | K110: 6.7815366 | L110: 6.7890679 | M110: 6.7938866 | N110: 6.7962387 | O110: 6.7953821 | P110: 6.7908412 | Q110: 6.7826183 | R110: 6.7706448 | S110: 6.7549268 | T110: 6.7362301 | U110: 6.7151008 | V110: 6.6918764 | W110: 6.6658681 | X110: 6.6361043 | Y110: 6.6008585 | Z110: 6.5577051 | AA110: 6.5065294 | AB110: 6.4471085 | AC110: 6.3798197 | AD110: 6.3046132 | AE110: 6.2230043 | AF110: 6.136634 | AG110: 6.0475531 | AH110: 5.9563448 | AI110: 5.8655786 | AJ110: 5.7783918 | AK110: 5.6953136 | AL110: 5.6140007 | AM110: 5.5358904 | AN110: 5.4636711 | AO110: 5.3863175 | AP110: 5.3101971 | AQ110: 5.2361953 | AR110: 5.1607413 | AS110: 5.0846825 | AT110: 5.0100387 | AU110: 4.9357282 | AV110: 4.8626761 | AW110: 4.7903239 | AX110: 4.7168756 | AY110: 4.6448133 | AZ110: 4.5725112 | BA110: 4.5030659 | BB110: 4.4358739 | BC110: 4.3721939 | BD110: 4.3090418 | BE110: 4.2491025 | BF110: 4.1901452 | BG110: 4.1342676 | BH110: 4.0790176
A111: Isle of Man | B111: IMN | C111: Fertility rate, total (births per woman) | D111: SP.DYN.TFRT.IN | F111: 2.707 | AM111: 1.8 | AU111: 1.65
A112: India | B112: IND | C112: Fertility rate, total (births per woman) | D112: SP.DYN.TFRT.IN | E112: 5.906 | F112: 5.902 | G112: 5.894 | H112: 5.88 | I112: 5.859 | J112: 5.83 | K112: 5.794 | L112: 5.751 | M112: 5.702 | N112: 5.648 | O112: 5.587 | P112: 5.519 | Q112: 5.444 | R112: 5.363 | S112: 5.278 | T112: 5.192 | U112: 5.108 | V112: 5.029 | W112: 4.956 | X112: 4.889 | Y112: 4.827 | Z112: 4.766 | AA112: 4.703 | AB112: 4.636 | AC112: 4.563 | AD112: 4.484 | AE112: 4.399 | AF112: 4.311 | AG112: 4.222 | AH112: 4.132 | AI112: 4.045 | AJ112: 3.959 | AK112: 3.877 | AL112: 3.799 | AM112: 3.723 | AN112: 3.651 | AO112: 3.582 | AP112: 3.514 | AQ112: 3.446 | AR112: 3.379 | AS112: 3.311 | AT112: 3.243 | AU112: 3.175 | AV112: 3.107 | AW112: 3.038 | AX112: 2.969 | AY112: 2.897 | AZ112: 2.823 | BA112: 2.748 | BB112: 2.673 | BC112: 2.601 | BD112: 2.534 | BE112: 2.475 | BF112: 2.425 | BG112: 2.384 | BH112: 2.352
A113: Not classified | B113: INX | C113: Fertility rate, total (births per woman) | D113: SP.DYN.TFRT.IN
A114: Ireland | B114: IRL | C114: Fertility rate, total (births per woman) | D114: SP.DYN.TFRT.IN | E114: 3.78 | F114: 3.78 | G114: 3.92 | H114: 4.01 | I114: 4.07 | J114: 4.04 | K114: 3.94 | L114: 3.84 | M114: 3.77 | N114: 3.83 | O114: 3.85 | P114: 3.93 | Q114: 3.84 | R114: 3.71 | S114: 3.59 | T114: 3.37 | U114: 3.29 | V114: 3.24 | W114: 3.21 | X114: 3.21 | Y114: 3.21 | Z114: 3.05 | AA114: 2.94 | AB114: 2.74 | AC114: 2.58 | AD114: 2.48 | AE114: 2.44 | AF114: 2.32 | AG114: 2.17 | AH114: 2.08 | AI114: 2.11 | AJ114: 2.08 | AK114: 1.99 | AL114: 1.9 | AM114: 1.85 | AN114: 1.84 | AO114: 1.88 | AP114: 1.93 | AQ114: 1.94 | AR114: 1.9 | AS114: 1.89 | AT114: 1.94 | AU114: 1.97 | AV114: 1.96 | AW114: 1.93 | AX114: 1.86 | AY114: 1.91 | AZ114: 2.01 | BA114: 2.06 | BB114: 2.06 | BC114: 2.05 | BD114: 2.03 | BE114: 2 | BF114: 1.96 | BG114: 1.94 | BH114: 1.94
A115: Iran, Islamic Rep. | B115: IRN | C115: Fertility rate, total (births per woman) | D115: SP.DYN.TFRT.IN | E115: 6.927 | F115: 6.924 | G115: 6.914 | H115: 6.896 | I115: 6.868 | J115: 6.827 | K115: 6.77 | L115: 6.699 | M115: 6.617 | N115: 6.528 | O115: 6.44 | P115: 6.359 | Q115: 6.292 | R115: 6.243 | S115: 6.214 | T115: 6.212 | U115: 6.238 | V115: 6.289 | W115: 6.354 | X115: 6.422 | Y115: 6.481 | Z115: 6.516 | AA115: 6.515 | AB115: 6.47 | AC115: 6.374 | AD115: 6.223 | AE115: 6.014 | AF115: 5.758 | AG115: 5.467 | AH115: 5.15 | AI115: 4.818 | AJ115: 4.478 | AK115: 4.139 | AL115: 3.81 | AM115: 3.5 | AN115: 3.216 | AO115: 2.961 | AP115: 2.734 | AQ115: 2.533 | AR115: 2.358 | AS115: 2.211 | AT115: 2.092 | AU115: 1.997 | AV115: 1.925 | AW115: 1.87 | AX115: 1.831 | AY115: 1.805 | AZ115: 1.788 | BA115: 1.778 | BB115: 1.772 | BC115: 1.765 | BD115: 1.755 | BE115: 1.742 | BF115: 1.727 | BG115: 1.708 | BH115: 1.686
A116: Iraq | B116: IRQ | C116: Fertility rate, total (births per woman) | D116: SP.DYN.TFRT.IN | E116: 6.252 | F116: 6.364 | G116: 6.514 | H116: 6.689 | I116: 6.872 | J116: 7.044 | K116: 7.188 | L116: 7.295 | M116: 7.362 | N116: 7.383 | O116: 7.362 | P116: 7.308 | Q116: 7.234 | R116: 7.153 | S116: 7.072 | T116: 6.993 | U116: 6.915 | V116: 6.834 | W116: 6.748 | X116: 6.658 | Y116: 6.569 | Z116: 6.485 | AA116: 6.407 | AB116: 6.338 | AC116: 6.276 | AD116: 6.22 | AE116: 6.164 | AF116: 6.105 | AG116: 6.039 | AH116: 5.965 | AI116: 5.882 | AJ116: 5.794 | AK116: 5.702 | AL116: 5.61 | AM116: 5.517 | AN116: 5.423 | AO116: 5.325 | AP116: 5.221 | AQ116: 5.112 | AR116: 5.002 | AS116: 4.894 | AT116: 4.796 | AU116: 4.711 | AV116: 4.644 | AW116: 4.594 | AX116: 4.563 | AY116: 4.549 | AZ116: 4.547 | BA116: 4.552 | BB116: 4.559 | BC116: 4.562 | BD116: 4.557 | BE116: 4.542 | BF116: 4.515 | BG116: 4.476 | BH116: 4.427
A117: Iceland | B117: ISL | C117: Fertility rate, total (births per woman) | D117: SP.DYN.TFRT.IN | E117: 4.29 | F117: 3.88 | G117: 3.98 | H117: 3.99 | I117: 3.88 | J117: 3.73 | K117: 3.59 | L117: 3.28 | M117: 3.06 | N117: 2.99 | O117: 2.81 | P117: 2.92 | Q117: 3.09 | R117: 2.94 | S117: 2.66 | T117: 2.65 | U117: 2.52 | V117: 2.31 | W117: 2.35 | X117: 2.49 | Y117: 2.48 | Z117: 2.33 | AA117: 2.27 | AB117: 2.24 | AC117: 2.08 | AD117: 1.93 | AE117: 1.92 | AF117: 2.06 | AG117: 2.26 | AH117: 2.19 | AI117: 2.3 | AJ117: 2.18 | AK117: 2.21 | AL117: 2.22 | AM117: 2.14 | AN117: 2.08 | AO117: 2.12 | AP117: 2.04 | AQ117: 2.05 | AR117: 1.99 | AS117: 2.08 | AT117: 1.95 | AU117: 1.93 | AV117: 1.99 | AW117: 2.04 | AX117: 2.05 | AY117: 2.08 | AZ117: 2.09 | BA117: 2.15 | BB117: 2.23 | BC117: 2.2 | BD117: 2.02 | BE117: 2.04 | BF117: 1.93 | BG117: 1.93 | BH117: 1.93
A118: Israel | B118: ISR | C118: Fertility rate, total (births per woman) | D118: SP.DYN.TFRT.IN | E118: 3.866 | F118: 3.858 | G118: 3.85 | H118: 3.838 | I118: 3.826 | J118: 3.814 | K118: 3.802 | L118: 3.79 | M118: 3.786 | N118: 3.782 | O118: 3.778 | P118: 3.774 | Q118: 3.77 | R118: 3.698 | S118: 3.626 | T118: 3.554 | U118: 3.482 | V118: 3.41 | W118: 3.354 | X118: 3.298 | Y118: 3.242 | Z118: 3.186 | AA118: 3.13 | AB118: 3.106 | AC118: 3.082 | AD118: 3.058 | AE118: 3.034 | AF118: 3.01 | AG118: 2.948 | AH118: 2.886 | AI118: 2.824 | AJ118: 2.762 | AK118: 2.7 | AL118: 2.8 | AM118: 2.9 | AN118: 2.9 | AO118: 2.9 | AP118: 2.94 | AQ118: 2.98 | AR118: 2.965 | AS118: 2.95 | AT118: 2.92 | AU118: 2.89 | AV118: 2.95 | AW118: 2.9 | AX118: 2.84 | AY118: 2.88 | AZ118: 2.9 | BA118: 2.96 | BB118: 2.96 | BC118: 3.03 | BD118: 2.98 | BE118: 3.05 | BF118: 3.03 | BG118: 3.08 | BH118: 3.09
A119: Italy | B119: ITA | C119: Fertility rate, total (births per woman) | D119: SP.DYN.TFRT.IN | E119: 2.37 | F119: 2.42 | G119: 2.44 | H119: 2.5 | I119: 2.65 | J119: 2.59 | K119: 2.57 | L119: 2.5 | M119: 2.49 | N119: 2.46 | O119: 2.38 | P119: 2.4 | Q119: 2.35 | R119: 2.3 | S119: 2.28 | T119: 2.17 | U119: 2.04 | V119: 1.93 | W119: 1.84 | X119: 1.73 | Y119: 1.64 | Z119: 1.58 | AA119: 1.56 | AB119: 1.51 | AC119: 1.46 | AD119: 1.42 | AE119: 1.35 | AF119: 1.33 | AG119: 1.36 | AH119: 1.33 | AI119: 1.33 | AJ119: 1.3 | AK119: 1.3 | AL119: 1.25 | AM119: 1.21 | AN119: 1.19 | AO119: 1.2 | AP119: 1.21 | AQ119: 1.21 | AR119: 1.23 | AS119: 1.26 | AT119: 1.25 | AU119: 1.27 | AV119: 1.29 | AW119: 1.34 | AX119: 1.34 | AY119: 1.37 | AZ119: 1.4 | BA119: 1.45 | BB119: 1.45 | BC119: 1.46 | BD119: 1.44 | BE119: 1.43 | BF119: 1.39 | BG119: 1.37 | BH119: 1.37
A120: Jamaica | B120: JAM | C120: Fertility rate, total (births per woman) | D120: SP.DYN.TFRT.IN | E120: 5.419 | F120: 5.529 | G120: 5.627 | H120: 5.711 | I120: 5.775 | J120: 5.815 | K120: 5.821 | L120: 5.79 | M120: 5.722 | N120: 5.617 | O120: 5.477 | P120: 5.305 | Q120: 5.108 | R120: 4.899 | S120: 4.685 | T120: 4.478 | U120: 4.286 | V120: 4.115 | W120: 3.965 | X120: 3.839 | Y120: 3.733 | Z120: 3.643 | AA120: 3.559 | AB120: 3.477 | AC120: 3.394 | AD120: 3.308 | AE120: 3.223 | AF120: 3.142 | AG120: 3.069 | AH120: 3.003 | AI120: 2.947 | AJ120: 2.899 | AK120: 2.86 | AL120: 2.826 | AM120: 2.797 | AN120: 2.768 | AO120: 2.738 | AP120: 2.704 | AQ120: 2.666 | AR120: 2.623 | AS120: 2.577 | AT120: 2.529 | AU120: 2.482 | AV120: 2.439 | AW120: 2.398 | AX120: 2.361 | AY120: 2.325 | AZ120: 2.289 | BA120: 2.251 | BB120: 2.212 | BC120: 2.173 | BD120: 2.136 | BE120: 2.102 | BF120: 2.072 | BG120: 2.047 | BH120: 2.026
A121: Jordan | B121: JOR | C121: Fertility rate, total (births per woman) | D121: SP.DYN.TFRT.IN | E121: 7.687 | F121: 7.802 | G121: 7.904 | H121: 7.983 | I121: 8.034 | J121: 8.057 | K121: 8.053 | L121: 8.033 | M121: 8.004 | N121: 7.968 | O121: 7.926 | P121: 7.876 | Q121: 7.818 | R121: 7.75 | S121: 7.675 | T121: 7.598 | U121: 7.523 | V121: 7.455 | W121: 7.391 | X121: 7.329 | Y121: 7.262 | Z121: 7.18 | AA121: 7.074 | AB121: 6.94 | AC121: 6.777 | AD121: 6.588 | AE121: 6.376 | AF121: 6.153 | AG121: 5.926 | AH121: 5.702 | AI121: 5.488 | AJ121: 5.286 | AK121: 5.096 | AL121: 4.918 | AM121: 4.754 | AN121: 4.605 | AO121: 4.469 | AP121: 4.345 | AQ121: 4.231 | AR121: 4.126 | AS121: 4.033 | AT121: 3.952 | AU121: 3.884 | AV121: 3.828 | AW121: 3.784 | AX121: 3.75 | AY121: 3.725 | AZ121: 3.707 | BA121: 3.693 | BB121: 3.68 | BC121: 3.663 | BD121: 3.638 | BE121: 3.604 | BF121: 3.56 | BG121: 3.506 | BH121: 3.445
A122: Japan | B122: JPN | C122: Fertility rate, total (births per woman) | D122: SP.DYN.TFRT.IN | E122: 2.001 | F122: 2.05 | G122: 2.01 | H122: 2.02 | I122: 2.05 | J122: 2.139 | K122: 1.58 | L122: 2.02 | M122: 2.13 | N122: 2.13 | O122: 2.135 | P122: 2.16 | Q122: 2.14 | R122: 2.14 | S122: 2.05 | T122: 1.909 | U122: 1.85 | V122: 1.8 | W122: 1.79 | X122: 1.77 | Y122: 1.75 | Z122: 1.74 | AA122: 1.77 | AB122: 1.8 | AC122: 1.81 | AD122: 1.76 | AE122: 1.72 | AF122: 1.69 | AG122: 1.66 | AH122: 1.57 | AI122: 1.54 | AJ122: 1.53 | AK122: 1.502 | AL122: 1.458 | AM122: 1.5 | AN122: 1.422 | AO122: 1.425 | AP122: 1.388 | AQ122: 1.384 | AR122: 1.342 | AS122: 1.359 | AT122: 1.33 | AU122: 1.32 | AV122: 1.29 | AW122: 1.29 | AX122: 1.26 | AY122: 1.32 | AZ122: 1.34 | BA122: 1.37 | BB122: 1.37 | BC122: 1.39 | BD122: 1.39 | BE122: 1.41 | BF122: 1.43 | BG122: 1.42 | BH122: 1.46
A123: Kazakhstan | B123: KAZ | C123: Fertility rate, total (births per woman) | D123: SP.DYN.TFRT.IN | E123: 4.562 | F123: 4.512 | G123: 4.432 | H123: 4.323 | I123: 4.191 | J123: 4.048 | K123: 3.912 | L123: 3.795 | M123: 3.705 | N123: 3.646 | O123: 3.611 | P123: 3.59 | Q123: 3.569 | R123: 3.536 | S123: 3.488 | T123: 3.427 | U123: 3.355 | V123: 3.283 | W123: 3.216 | X123: 3.019 | Y123: 2.9 | Z123: 2.95 | AA123: 3 | AB123: 3.04 | AC123: 3.08 | AD123: 3.08 | AE123: 3.135 | AF123: 3.19 | AG123: 3.13 | AH123: 2.82 | AI123: 2.72 | AJ123: 2.61 | AK123: 2.5 | AL123: 2.3 | AM123: 2.28 | AN123: 2.26 | AO123: 2.13 | AP123: 2 | AQ123: 1.8 | AR123: 1.7 | AS123: 1.8 | AT123: 1.9 | AU123: 2 | AV123: 2.03 | AW123: 2.21 | AX123: 2.22 | AY123: 2.36 | AZ123: 2.5 | BA123: 2.7 | BB123: 2.55 | BC123: 2.6 | BD123: 2.59 | BE123: 2.62 | BF123: 2.64 | BG123: 2.74 | BH123: 2.73
...

Sheet Exp de Vida Fecundidade - IBGE
B1: ESPERANÇA DE VIDA AO NASCER - e0 (em anos) | E1: TFT
B2: Ambos | C2: Homens | D2: Mulheres | G2: Mulheres - Homens
A3: 2000 | B3: 69.825672 | C3: 66.006267 | D3: 73.920245 | E3: 2.3857443 | G3: =D3-C3 -> 7.9139779
A4: 2001 | B4: 70.283509 | C4: 66.481097 | D4: 74.33987 | E4: 2.3189289 | G4: =D4-C4 -> 7.8587732
A5: 2002 | B5: 70.726992 | C5: 66.940825 | D5: 74.7463 | E5: 2.2559397 | G5: =D5-C5 -> 7.8054753
A6: 2003 | B6: 71.158394 | C6: 67.388907 | D6: 75.140883 | E6: 2.1963736 | G6: =D6-C6 -> 7.7519757
A7: 2004 | B7: 71.57998 | C7: 67.827217 | D7: 75.526402 | E7: 2.1401175 | G7: =D7-C7 -> 7.6991843
A8: 2005 | B8: 71.98938 | C8: 68.252502 | D8: 75.901498 | E8: 2.0870831 | G8: =D8-C8 -> 7.6489954
A9: 2006 | B9: 72.387502 | C9: 68.66815 | D9: 76.264446 | E9: 2.0372763 | G9: =D9-C9 -> 7.596296
A10: 2007 | B10: 72.772617 | C10: 69.070497 | D10: 76.616279 | E10: 1.9906721 | G10: =D10-C10 -> 7.5457824
A11: 2008 | B11: 73.145612 | C11: 69.462945 | D11: 76.954786 | E11: 1.9471334 | G11: =D11-C11 -> 7.4918412
A12: 2009 | B12: 73.507215 | C12: 69.84229 | D12: 77.285218 | E12: 1.9064985 | G12: =D12-C12 -> 7.4429283
A13: 2010 | B13: 73.856995 | C13: 70.209797 | D13: 77.604997 | E13: 1.8686073 | G13: =D13-C13 -> 7.3951997
A14: 2011 | B14: 74.195954 | C14: 70.56765 | D14: 77.914753 | E14: 1.8332933 | G14: =D14-C14 -> 7.347103
... A63: 2060 | B63: 81.195351 | C63: 78.031954 | D63: 84.416827 | E63: 1.500005 | G63: =D63-C63 -> 6.3848723

Sheet Brasil x Mundo
B1: Expectativa de vida (Brasil) | C1: Fecundidade (Brasil) | D1: Expectativa de vida (mundo) | E1: Fecundidade (mundo) | F1: Expectativa de vida (AL) | G1: Fecundidade (AL) | H1: Expectativa de vida (ARG) | I1: Fecundidade (ARG) | J1: Expectativa de vida (China) | K1: Fecundidade (China)
A2: 1960 | B2: 54.205463 | C2: 6.21 | D2: 52.585685 | E2: 4.9849051 | F2: 55.682654 | G2: 6.0188641 | H2: 65.215537 | I2: 3.109 | J2: 43.778366 | K2: 5.748
A3: =1+A2 -> 1961 | B3: 54.718707 | C3: 6.19 | D3: 53.08903 | E3: 5.0124278 | F3: 56.177946 | G3: 6.0166173 | H3: 65.338512 | I3: 3.1 | J3: 44.098707 | K3: 5.919
A4: =1+A3 -> 1962 | B4: 55.235659 | C4: 6.143 | D4: 53.510894 | E4: 5.0371722 | F4: 56.654546 | G4: 6.002488 | H4: 65.43261 | I4: 3.089 | J4: 44.82422 | K4: 6.089
A5: =1+A4 -> 1963 | B5: 55.75139 | C5: 6.063 | D5: 54.041987 | E5: 5.0584901 | F5: 57.112198 | G5: 5.9731348 | H5: 65.50939 | I5: 3.078 | J5: 46.005756 | K5: 6.237
A6: =1+A5 -> 1964 | B6: 56.262951 | C6: 5.953 | D6: 54.718962 | E6: 5.0684875 | F6: 57.553396 | G6: 5.9287088 | H6: 65.582415 | I6: 3.068 | J6: 47.617463 | K6: 6.346
A7: =1+A6 -> 1965 | B7: 56.767366 | C7: 5.815 | D7: 55.385826 | E7: 5.0497416 | F7: 57.983081 | G7: 5.8682519 | H7: 65.668683 | I7: 3.058 | J7: 49.566732 | K7: 6.396
A8: =1+A7 -> 1966 | B8: 57.265683 | C8: 5.658 | D8: 56.124478 | E8: 4.9966747 | F8: 58.407158 | G8: 5.7939754 | H8: 65.782244 | I8: 3.051 | J8: 51.706146 | K8: 6.375
A9: =1+A8 -> 1967 | B9: 57.757927 | C9: 5.491 | D9: 56.836767 | E9: 4.9739215 | F9: 58.830642 | G9: 5.709372 | H9: 65.930024 | I9: 3.048 | J9: 53.849805 | K9: 6.286
A10: =1+A9 -> 1968 | B10: 58.240683 | C10: 5.326 | D10: 57.441999 | E10: 4.9199215 | F10: 59.256614 | G10: 5.6181628 | H10: 66.113488 | I10: 3.049 | J10: 55.839561 | K10: 6.133
A11: =1+A10 -> 1969 | B11: 58.708024 | C11: 5.168 | D11: 58.055657 | E11: 4.8494505 | F11: 59.686776 | G11: 5.5214558 | H11: 66.335098 | I11: 3.056 | J11: 57.594 | K11: 5.92
A12: =1+A11 -> 1970 | B12: 59.150585 | C12: 5.024 | D12: 58.647313 | E12: 4.7703233 | F12: 60.118533 | G12: 5.4218068 | H12: 66.590829 | I12: 3.073 | J12: 59.071 | K12: 5.648
A13: =1+A12 -> 1971 | B13: 59.558 | C13: 4.896 | D13: 59.173368 | E13: 4.6615758 | F13: 60.547636 | G13: 5.3180323 | H13: 66.873122 | I13: 3.104 | J13: 60.285244 | K13: 5.322
A14: =1+A13 -> 1972 | B14: 59.924805 | C14: 4.782 | D14: 59.658695 | E14: 4.5325207 | F14: 60.967975 | G14: 5.211066 | H14: 67.167951 | I14: 3.148 | J14: 61.323659 | K14: 4.956
... A41: =1+A40 -> 1999 | B41: 69.591293 | C41: 2.399 | D41: 67.407277 | E41: 2.6887655 | F41: 70.93408 | G41: 2.698533 | H41: 73.544268 | I41: 2.589 | J41: 71.566244 | K41: 1.494
A42: =1+A41 -> 2000 | B42: ='Exp de Vida Fecundidade - IBGE'!B3 -> 69.825672 | C42: ='Exp de Vida Fecundidade - IBGE'!E3 -> 2.3857443 | D42: 67.684931 | E42: 2.6681845 | F42: 71.276076 | G42: 2.6410901 | H42: 73.755805 | I42: 2.561 | J42: 71.995585 | K42: 1.497
A43: =1+A42 -> 2001 | B43: ='Exp de Vida Fecundidade - IBGE'!B4 -> 70.283509 | C43: ='Exp de Vida Fecundidade - IBGE'!E4 -> 2.3189289 | D43: 67.982431 | E43: 2.6396829 | F43: 71.59848 | G43: 2.5842898 | H43: 73.960317 | I43: 2.537 | J43: 72.436902 | K43: 1.508
A44: =1+A43 -> 2002 | B44: ='Exp de Vida Fecundidade - IBGE'!B5 -> 70.726992 | C44: ='Exp de Vida Fecundidade - IBGE'!E5 -> 2.2559397 | D44: 68.249095 | E44: 2.619849 | F44: 71.904515 | G44: 2.528278 | H44: 74.15578 | I44: 2.516 | J44: 72.873 | K44: 1.524
A45: =1+A44 -> 2003 | B45: ='Exp de Vida Fecundidade - IBGE'!B6 -> 71.158394 | C45: ='Exp de Vida Fecundidade - IBGE'!E6 -> 2.1963736 | D45: 68.522616 | E45: 2.6035766 | F45: 72.195224 | G45: 2.4743531 | H45: 74.341268 | I45: 2.495 | J45: 73.287732 | K45: 1.54
A46: =1+A45 -> 2004 | B46: ='Exp de Vida Fecundidade - IBGE'!B7 -> 71.57998 | C46: ='Exp de Vida Fecundidade - IBGE'!E7 -> 2.1401175 | D46: 68.862514 | E46: 2.5895794 | F46: 72.474548 | G46: 2.4229839 | H46: 74.51878 | I46: 2.474 | J46: 73.672073 | K46: 1.554
A47: =1+A46 -> 2005 | B47: ='Exp de Vida Fecundidade - IBGE'!B8 -> 71.98938 | C47: ='Exp de Vida Fecundidade - IBGE'!E8 -> 2.0870831 | D47: 69.136153 | E47: 2.5705991 | F47: 72.743934 | G47: 2.3747536 | H47: 74.688317 | I47: 2.452 | J47: 74.017561 | K47: 1.565
A48: =1+A47 -> 2006 | B48: ='Exp de Vida Fecundidade - IBGE'!B9 -> 72.387502 | C48: ='Exp de Vida Fecundidade - IBGE'!E9 -> 2.0372763 | D48: 69.475579 | E48: 2.5614623 | F48: 73.006117 | G48: 2.3313926 | H48: 74.851415 | I48: 2.432 | J48: 74.322829 | K48: 1.572
A49: =1+A48 -> 2007 | B49: ='Exp de Vida Fecundidade - IBGE'!B10 -> 72.772617 | C49: ='Exp de Vida Fecundidade - IBGE'!E10 -> 1.9906721 | D49: 69.794631 | E49: 2.5528028 | F49: 73.262528 | G49: 2.292572 | H49: 75.011561 | I49: 2.413 | J49: 74.594073 | K49: 1.577
A50: =1+A49 -> 2008 | B50: ='Exp de Vida Fecundidade - IBGE'!B11 -> 73.145612 | C50: ='Exp de Vida Fecundidade - IBGE'!E11 -> 1.9471334 | D50: 70.084533 | E50: 2.5422411 | F50: 73.514966 | G50: 2.2592026 | H50: 75.171293 | I50: 2.396 | J50: 74.839927 | K50: 1.581
A51: =1+A50 -> 2009 | B51: ='Exp de Vida Fecundidade - IBGE'!B12 -> 73.507215 | C51: ='Exp de Vida Fecundidade - IBGE'!E12 -> 1.9064985 | D51: 70.406749 | E51: 2.5237627 | F51: 73.763326 | G51: 2.2298212 | H51: 75.331098 | I51: 2.382 | J51: 75.063439 | K51: 1.586
A52: =1+A51 -> 2010 | B52: ='Exp de Vida Fecundidade - IBGE'!B13 -> 73.856995 | C52: ='Exp de Vida Fecundidade - IBGE'!E13 -> 1.8686073 | D52: 70.684957 | E52: 2.5081501 | F52: 74.007892 | G52: 2.205085 | H52: 75.492024 | I52: 2.37 | J52: 75.266098 | K52: 1.59
A53: =1+A52 -> 2011 | B53: ='Exp de Vida Fecundidade - IBGE'!B14 -> 74.195954 | C53: ='Exp de Vida Fecundidade - IBGE'!E14 -> 1.8332933 | D53: 70.973763 | E53: 2.4920926 | F53: 74.247024 | G53: 2.1825791 | H53: 75.653561 | I53: 2.358 | J53: 75.453829 | K53: 1.594
... A57: =1+A56 -> 2015 | B57: ='Exp de Vida Fecundidade - IBGE'!B18 -> 75.491738 | C57: ='Exp de Vida Fecundidade - IBGE'!E18 -> 1.7163717 | D57: 71.888804 | E57: 2.4526456 | F57: 75.130396 | G57: 2.0996505 | H57: 76.293024 | I57: 2.308 | J57: 76.117098 | K57: 1.617
A58: =1+A57 -> 2016 | B58: ='Exp de Vida Fecundidade - IBGE'!B19 -> 75.8 | C58: ='Exp de Vida Fecundidade - IBGE'!E19 -> 1.6921031
A59: =1+A58 -> 2017 | B59: ='Exp de Vida Fecundidade - IBGE'!B20 -> 75.99034 | C59: ='Exp de Vida Fecundidade - IBGE'!E20 -> 1.669888
A60: =1+A59 -> 2018 | B60: ='Exp de Vida Fecundidade - IBGE'!B21 -> 76.251506 | C60: ='Exp de Vida Fecundidade - IBGE'!E21 -> 1.6495724
A61: =1+A60 -> 2019 | B61: ='Exp de Vida Fecundidade - IBGE'!B22 -> 76.501047 | C61: ='Exp de Vida Fecundidade - IBGE'!E22 -> 1.6310052
A62: =1+A61 -> 2020 | B62: ='Exp de Vida Fecundidade - IBGE'!B23 -> 76.741497 | C62: ='Exp de Vida Fecundidade - IBGE'!E23 -> 1.614031
A63: =1+A62 -> 2021 | B63: ='Exp de Vida Fecundidade - IBGE'!B24 -> 76.972163 | C63: ='Exp de Vida Fecundidade - IBGE'!E24 -> 1.5984867
A64: =1+A63 -> 2022 | B64: ='Exp de Vida Fecundidade - IBGE'!B25 -> 77.191697 | C64: ='Exp de Vida Fecundidade - IBGE'!E25 -> 1.5842255
A65: =1+A64 -> 2023 | B65: ='Exp de Vida Fecundidade - IBGE'!B26 -> 77.402385 | C65: ='Exp de Vida Fecundidade - IBGE'!E26 -> 1.5711408
A66: =1+A65 -> 2024 | B66: ='Exp de Vida Fecundidade - IBGE'!B27 -> 77.603631 | C66: ='Exp de Vida Fecundidade - IBGE'!E27 -> 1.559141
A67: =1+A66 -> 2025 | B67: ='Exp de Vida Fecundidade - IBGE'!B28 -> 77.796835 | C67: ='Exp de Vida Fecundidade - IBGE'!E28 -> 1.548142
A68: =1+A67 -> 2026 | B68: ='Exp de Vida Fecundidade - IBGE'!B29 -> 77.979457 | C68: ='Exp de Vida Fecundidade - IBGE'!E29 -> 1.5380653
A69: =1+A68 -> 2027 | B69: ='Exp de Vida Fecundidade - IBGE'!B30 -> 78.155547 | C69: ='Exp de Vida Fecundidade - IBGE'!E30 -> 1.5288299
... A92: =1+A91 -> 2050 | B92: ='Exp de Vida Fecundidade - IBGE'!B53 -> 80.687401 | C92: ='Exp de Vida Fecundidade - IBGE'!E53 -> 1.5018742

Sheet Comparativo - Brasil x Emergent
A1: (A) Expectativa de vida | C1: 1960 | D1: 1961 | E1: 1962 | F1: 1963 | G1: 1964 | H1: 1965 | I1: 1966 | J1: 1967 | K1: 1968 | L1: 1969 | M1: 1970 | N1: 1971 | O1: 1972 | P1: 1973 | Q1: 1974 | R1: 1975 | S1: 1976 | T1: 1977 | U1: 1978 | V1: 1979 | W1: 1980 | X1: 1981 | Y1: 1982 | Z1: 1983 | AA1: 1984 | AB1: 1985 | AC1: 1986 | AD1: 1987 | AE1: 1988 | AF1: 1989 | AG1: 1990 | AH1: 1991 | AI1: 1992 | AJ1: 1993 | AK1: 1994 | AL1: 1995 | AM1: 1996 | AN1: 1997 | AO1: 1998 | AP1: 1999 | AQ1: 2000 | AR1: 2001 | AS1: 2002 | AT1: 2003 | AU1: 2004 | AV1: 2005 | AW1: 2006 | AX1: 2007 | AY1: 2008 | AZ1: 2009 | BA1: 2010 | BB1: 2011 | BC1: 2012 | BD1: 2013 | BE1: 2014 | BG1: 1960-2014 | BH1: 1960-1988 | BI1: 1988-2014
A2: Argentina | B2: ARG | C2: 65.215537 | D2: 65.338512 | E2: 65.43261 | F2: 65.50939 | G2: 65.582415 | H2: 65.668683 | I2: 65.782244 | J2: 65.930024 | K2: 66.113488 | L2: 66.335098 | M2: 66.590829 | N2: 66.873122 | O2: 67.167951 | P2: 67.465317 | Q2: 67.758659 | R2: 68.047951 | S2: 68.336707 | T2: 68.629439 | U2: 68.926634 | V2: 69.224317 | W2: 69.514488 | X2: 69.786659 | Y2: 70.035317 | Z2: 70.257 | AA2: 70.454195 | AB2: 70.63139 | AC2: 70.799073 | AD2: 70.967756 | AE2: 71.145902 | AF2: 71.337537 | AG2: 71.543659 | AH2: 71.763293 | AI2: 71.988951 | AJ2: 72.215659 | AK2: 72.44139 | AL2: 72.665122 | AM2: 72.887341 | AN2: 73.108049 | AO2: 73.327683 | AP2: 73.544268 | AQ2: 73.755805 | AR2: 73.960317 | AS2: 74.15578 | AT2: 74.341268 | AU2: 74.51878 | AV2: 74.687805 | AW2: 74.849902 | AX2: 75.009049 | AY2: 75.166268 | AZ2: 75.324561 | BA2: 75.484976 | BB2: 75.649049 | BC2: 75.816244 | BD2: 75.986098 | BE2: 76.15861 | BG2: =BE2-C2 -> 10.943073 | BH2: =AE2-C2 -> 5.9303659 | BI2: =BE2-AE2 -> 5.0127073
A3: Brazil | B3: BRA | C3: 54.205463 | D3: 54.718707 | E3: 55.235659 | F3: 55.75139 | G3: 56.262951 | H3: 56.767366 | I3: 57.265683 | J3: 57.757927 | K3: 58.240683 | L3: 58.708024 | M3: 59.150585 | N3: 59.558 | O3: 59.924805 | P3: 60.251512 | Q3: 60.541098 | R3: 60.800512 | S3: 61.039122 | T3: 61.270829 | U3: 61.506463 | V3: 61.754976 | W3: 62.020293 | X3: 62.304366 | Y3: 62.602244 | Z3: 62.911463 | AA3: 63.232073 | AB3: 63.562561 | AC3: 63.900463 | AD3: 64.245829 | AE3: 64.59822 | AF3: 64.961195 | AG3: 65.340317 | AH3: 65.742683 | AI3: 66.171805 | AJ3: 66.627683 | AK3: 67.106829 | AL3: 67.603195 | AM3: 68.109732 | AN3: 68.61639 | AO3: 69.113098 | AP3: 69.591293 | AQ3: 69.825672 | AR3: 70.283509 | AS3: 70.726992 | AT3: 71.158394 | AU3: 71.57998 | AV3: 71.98938 | AW3: 72.387502 | AX3: 72.772617 | AY3: 73.145612 | AZ3: 73.507215 | BA3: 73.856995 | BB3: 74.195954 | BC3: 74.523301 | BD3: 74.838875 | BE3: 75.143354 | BG3: =BE3-C3 -> 20.93789 | BH3: =AE3-C3 -> 10.392756 | BI3: =BE3-AE3 -> 10.545134
A4: Chile | B4: CHL | C4: 57.458293 | D4: 57.986341 | E4: 58.51539 | F4: 59.046439 | G4: 59.578024 | H4: 60.110098 | I4: 60.64322 | J4: 61.17539 | K4: 61.707585 | L4: 62.238341 | M4: 62.768146 | N4: 63.296512 | O4: 63.822902 | P4: 64.347341 | Q4: 64.869805 | R4: 65.388805 | S4: 65.905341 | T4: 66.417902 | U4: 66.926512 | V4: 67.431659 | W4: 67.931341 | X4: 68.428073 | Y4: 68.919854 | Z4: 69.407659 | AA4: 69.891 | AB4: 70.36939 | AC4: 70.842805 | AD4: 71.310756 | AE4: 71.773244 | AF4: 72.229244 | AG4: 72.67878 | AH4: 73.121341 | AI4: 73.558439 | AJ4: 73.988561 | AK4: 74.412707 | AL4: 74.83039 | AM4: 75.24161 | AN4: 75.646366 | AO4: 76.044659 | AP4: 76.435976 | AQ4: 76.820829 | AR4: 77.198707 | AS4: 77.569585 | AT4: 77.932976 | AU4: 78.28939 | AV4: 78.638293 | AW4: 78.979171 | AX4: 79.313537 | AY4: 79.640902 | AZ4: 79.960805 | BA4: 80.275805 | BB4: 80.586976 | BC4: 80.894854 | BD4: 81.197927 | BE4: 81.496195 | BG4: =BE4-C4 -> 24.037902 | BH4: =AE4-C4 -> 14.314951 | BI4: =BE4-AE4 -> 9.7229512
A5: China | B5: CHN | C5: 43.354 | D5: 43.673341 | E5: 44.398341 | F5: 45.578878 | G5: 47.189561 | H5: 49.139317 | I5: 51.282195 | J5: 53.429805 | K5: 55.427512 | L5: 57.191878 | M5: 58.680805 | N5: 59.907976 | O5: 60.959341 | P5: 61.906463 | Q5: 62.768122 | R5: 63.558659 | S5: 64.282585 | T5: 64.936537 | U5: 65.52322 | V5: 66.049683 | W5: 66.521512 | X5: 66.939854 | Y5: 67.307756 | Z5: 67.628756 | AA5: 67.910366 | AB5: 68.157073 | AC5: 68.371805 | AD5: 68.559439 | AE5: 68.725439 | AF5: 68.880293 | AG5: 69.030512 | AH5: 69.182098 | AI5: 69.339634 | AJ5: 69.50922 | AK5: 69.699927 | AL5: 69.926415 | AM5: 70.199829 | AN5: 70.522683 | AO5: 70.890463 | AP5: 71.297122 | AQ5: 71.730463 | AR5: 72.17578 | AS5: 72.614878 | AT5: 73.033122 | AU5: 73.419951 | AV5: 73.766951 | AW5: 74.071707 | AX5: 74.340439 | AY5: 74.583268 | AZ5: 74.803268 | BA5: 75.007415 | BB5: 75.202171 | BC5: 75.392927 | BD5: 75.585146 | BE5: 75.782268 | BG5: =BE5-C5 -> 32.428268 | BH5: =AE5-C5 -> 25.371439 | BI5: =BE5-AE5 -> 7.0568293
A6: Colombia | B6: COL | C6: 56.716756 | D6: 57.247732 | E6: 57.73922 | F6: 58.200756 | G6: 58.641268 | H6: 59.062171 | I6: 59.463341 | J6: 59.84022 | K6: 60.19578 | L6: 60.537049 | M6: 60.873195 | N6: 61.21139 | O6: 61.56078 | P6: 61.92839 | Q6: 62.32161 | R6: 62.752146 | S6: 63.232122 | T6: 63.758268 | U6: 64.318976 | V6: 64.900341 | W6: 65.478171 | X6: 66.024927 | Y6: 66.520073 | Z6: 66.946927 | AA6: 67.299537 | AB6: 67.574293 | AC6: 67.776805 | AD6: 67.929195 | AE6: 68.054732 | AF6: 68.170976 | AG6: 68.297195 | AH6: 68.451317 | AI6: 68.64022 | AJ6: 68.865634 | AK6: 69.129585 | AL6: 69.426927 | AM6: 69.748366 | AN6: 70.075 | AO6: 70.394951 | AP6: 70.700561 | AQ6: 70.988707 | AR6: 71.26039 | AS6: 71.521732 | AT6: 71.776902 | AU6: 72.024951 | AV6: 72.263927 | AW6: 72.491439 | AX6: 72.705512 | AY6: 72.907171 | AZ6: 73.096951 | BA6: 73.277854 | BB6: 73.454805 | BC6: 73.63078 | BD6: 73.809732 | BE6: 73.993146 | BG6: =BE6-C6 -> 17.27639 | BH6: =AE6-C6 -> 11.337976 | BI6: =BE6-AE6 -> 5.9384146
A7: India | B7: IND | C7: 41.171951 | D7: 41.790488 | E7: 42.417415 | F7: 43.052732 | G7: 43.698415 | H7: 44.353512 | I7: 45.018512 | J7: 45.690927 | K7: 46.367756 | L7: 47.047 | M7: 47.727073 | N7: 48.407415 | O7: 49.086976 | P7: 49.760293 | Q7: 50.423415 | R7: 51.067927 | S7: 51.689463 | T7: 52.284634 | U7: 52.849024 | V7: 53.380707 | W7: 53.874707 | X7: 54.328537 | Y7: 54.74461 | Z7: 55.132341 | AA7: 55.499634 | AB7: 55.860902 | AC7: 56.230512 | AD7: 56.618439 | AE7: 57.031122 | AF7: 57.473049 | AG7: 57.943732 | AH7: 58.43822 | AI7: 58.945073 | AJ7: 59.452927 | AK7: 59.954829 | AL7: 60.444366 | AM7: 60.91561 | AN7: 61.369561 | AO7: 61.80722 | AP7: 62.227073 | AQ7: 62.630634 | AR7: 63.019854 | AS7: 63.399195 | AT7: 63.774537 | AU7: 64.147805 | AV7: 64.523878 | AW7: 64.908098 | AX7: 65.300439 | AY7: 65.699439 | AZ7: 66.102634 | BA7: 66.506146 | BB7: 66.904171 | BC7: 67.289878 | BD7: 67.660415 | BE7: 68.013805 | BG7: =BE7-C7 -> 26.841854 | BH7: =AE7-C7 -> 15.859171 | BI7: =BE7-AE7 -> 10.982683
A8: Latin America & Caribbean (excluding high income) | B8: LAC | C8: 54.599071 | D8: 55.150018 | E8: 55.682183 | F8: 56.194246 | G8: 56.687846 | H8: 57.166009 | I8: 57.634462 | J8: 58.098422 | K8: 58.560881 | L8: 59.022828 | M8: 59.482231 | N8: 59.934748 | O8: 60.374849 | P8: 60.799789 | Q8: 61.209133 | R8: 61.604521 | S8: 61.989682 | T8: 62.369925 | U8: 62.748771 | V8: 63.128643 | W8: 63.50949 | X8: 63.890167 | Y8: 64.269712 | Z8: 64.641978 | AA8: 65.012032 | AB8: 65.377871 | AC8: 65.738862 | AD8: 66.09762 | AE8: 66.452259 | AF8: 66.809093 | AG8: 67.171093 | AH8: 67.543518 | AI8: 67.929438 | AJ8: 68.325381 | AK8: 68.732183 | AL8: 69.144864 | AM8: 69.558373 | AN8: 69.966601 | AO8: 70.360487 | AP8: 70.7377 | AQ8: 71.092853 | AR8: 71.423116 | AS8: 71.731119 | AT8: 72.017519 | AU8: 72.28671 | AV8: 72.540276 | AW8: 72.781316 | AX8: 73.013243 | AY8: 73.239784 | AZ8: 73.464261 | BA8: 73.689137 | BB8: 73.916137 | BC8: 74.144677 | BD8: 74.374348 | BE8: 74.60591 | BG8: =BE8-C8 -> 20.00684 | BH8: =AE8-C8 -> 11.853188 | BI8: =BE8-AE8 -> 8.1536515
A9: Least developed countries: UN classification | B9: LDC | C9: 40.234669 | D9: 40.70911 | E9: 41.192886 | F9: 41.684906 | G9: 42.178943 | H9: 42.655154 | I9: 43.088349 | J9: 43.462321 | K9: 43.770487 | L9: 44.018008 | M9: 44.22599 | N9: 44.425956 | O9: 44.650727 | P9: 44.925207 | Q9: 45.262406 | R9: 45.669828 | S9: 46.143725 | T9: 46.659009 | U9: 47.185166 | V9: 47.697399 | W9: 48.180144 | X9: 48.631517 | Y9: 49.061879 | Z9: 49.47797 | AA9: 49.879373 | AB9: 50.256896 | AC9: 50.599323 | AD9: 50.902995 | AE9: 51.171372 | AF9: 51.416068 | AG9: 51.659042 | AH9: 51.925111 | AI9: 52.229333 | AJ9: 52.573549 | AK9: 52.949001 | AL9: 53.348004 | AM9: 53.766458 | AN9: 54.201109 | AO9: 54.650018 | AP9: 55.11305 | AQ9: 55.59398 | AR9: 56.099739 | AS9: 56.635375 | AT9: 57.201277 | AU9: 57.791774 | AV9: 58.399379 | AW9: 59.015323 | AX9: 59.627732 | AY9: 60.225939 | AZ9: 60.801345 | BA9: 61.345706 | BB9: 61.854552 | BC9: 62.330102 | BD9: 62.775384 | BE9: 63.190446 | BG9: =BE9-C9 -> 22.955776 | BH9: =AE9-C9 -> 10.936703 | BI9: =BE9-AE9 -> 12.019074
A10: Mexico | B10: MEX | C10: 57.065634 | D10: 57.656146 | E10: 58.180244 | F10: 58.642902 | G10: 59.055585 | H10: 59.433707 | I10: 59.79322 | J10: 60.151537 | K10: 60.523098 | L10: 60.919366 | M10: 61.350244 | N10: 61.819171 | O10: 62.317659 | P10: 62.837829 | Q10: 63.374268 | R10: 63.920146 | S10: 64.46861 | T10: 65.012829 | U10: 65.545927 | V10: 66.063024 | W10: 66.56022 | X10: 67.037049 | Y10: 67.495927 | Z10: 67.94078 | AA10: 68.372024 | AB10: 68.79261 | AC10: 69.203439 | AD10: 69.607415 | AE10: 70.006488 | AF10: 70.401585 | AG10: 70.795732 | AH10: 71.190976 | AI10: 71.585829 | AJ10: 71.977829 | AK10: 72.363854 | AL10: 72.73978 | AM10: 73.098902 | AN10: 73.437146 | AO10: 73.751415 | AP10: 74.039244 | AQ10: 74.299732 | AR10: 74.533488 | AS10: 74.744707 | AT10: 74.937512 | AU10: 75.115488 | AV10: 75.282098 | AW10: 75.43878 | AX10: 75.587927 | AY10: 75.732463 | AZ10: 75.877415 | BA10: 76.02678 | BB10: 76.185659 | BC10: 76.354098 | BD10: 76.532659 | BE10: 76.721854 | BG10: =BE10-C10 -> 19.65622 | BH10: =AE10-C10 -> 12.940854 | BI10: =BE10-AE10 -> 6.7153659
A11: OECD members | B11: OED | C11: 67.343964 | D11: 67.741094 | E11: 67.750051 | F11: 67.970193 | G11: 68.371069 | H11: 68.499051 | I11: 68.774417 | J11: 69.012522 | K11: 68.980268 | L11: 69.182547 | M11: 69.509259 | N11: 69.790057 | O11: 70.085684 | P11: 70.268887 | Q11: 70.684325 | R11: 71.036639 | S11: 71.31232 | T11: 71.676307 | U11: 71.855455 | V11: 72.198466 | W11: 72.254131 | X11: 72.624124 | Y11: 72.96251 | Z11: 73.096291 | AA11: 73.389949 | AB11: 73.531984 | AC11: 73.789004 | AD11: 74.0796 | AE11: 74.225407 | AF11: 74.495849 | AG11: 74.678225 | AH11: 74.878013 | AI11: 75.158672 | AJ11: 75.284387 | AK11: 75.591627 | AL11: 75.699882 | AM11: 76.071667 | AN11: 76.409971 | AO11: 76.62038 | AP11: 76.801823 | AQ11: 77.083199 | AR11: 77.38969 | AS11: 77.551085 | AT11: 77.700022 | AU11: 78.118178 | AV11: 78.248057 | AW11: 78.553549 | AX11: 78.790072 | AY11: 78.950153 | AZ11: 79.218231 | BA11: 79.405309 | BB11: 79.660201 | BC11: 79.786426 | BD11: 79.992525 | BE11: 80.126431 | BG11: =BE11-C11 -> 12.782467 | BH11: =AE11-C11 -> 6.8814426 | BI11: =BE11-AE11 -> 5.9010245
A12: Peru | B12: PER | C12: 47.691585 | D12: 48.232927 | E12: 48.75278 | F12: 49.248659 | G12: 49.728049 | H12: 50.214439 | I12: 50.73678 | J12: 51.318537 | K12: 51.969195 | L12: 52.687268 | M12: 53.453756 | N12: 54.241683 | O12: 55.017585 | P12: 55.758 | Q12: 56.451415 | R12: 57.096829 | S12: 57.704756 | T12: 58.294146 | U12: 58.881 | V12: 59.470341 | W12: 60.063634 | X12: 60.658927 | Y12: 61.249707 | Z12: 61.830512 | AA12: 62.399366 | AB12: 62.954829 | AC12: 63.494439 | AD12: 64.01922 | AE12: 64.532171 | AF12: 65.034756 | AG12: 65.530439 | AH12: 66.023659 | AI12: 66.517366 | AJ12: 67.013488 | AK12: 67.512512 | AL12: 68.015439 | AM12: 68.523756 | AN12: 69.032537 | AO12: 69.536805 | AP12: 70.030098 | AQ12: 70.507439 | AR12: 70.959878 | AS12: 71.383878 | AT12: 71.776488 | AU12: 72.136195 | AV12: 72.458512 | AW12: 72.743439 | AX12: 72.996951 | AY12: 73.225024 | AZ12: 73.436146 | BA12: 73.639805 | BB12: 73.844976 | BC12: 74.057659 | BD12: 74.283854 | BE12: 74.525537 | BG12: =BE12-C12 -> 26.833951 | BH12: =AE12-C12 -> 16.840585 | BI12: =BE12-AE12 -> 9.9933659
A13: Russian Federation | B13: RUS | C13: 66.055293 | D13: 66.597024 | E13: 67.021415 | F13: 67.339902 | G13: 67.566512 | H13: 67.718854 | I13: 67.812512 | J13: 67.860146 | K13: 67.874341 | L13: 67.867122 | M13: 68.133659 | N13: 68.376585 | O13: 68.308537 | P13: 68.294634 | Q13: 68.320244 | R13: 67.723902 | S13: 67.487561 | T13: 67.376341 | U13: 67.390976 | V13: 67.11439 | W13: 67.033902 | X13: 67.263902 | Y13: 67.806098 | Z13: 67.652683 | AA13: 67.202683 | AB13: 67.856829 | AC13: 69.389756 | AD13: 69.44 | AE13: 69.46439 | AF13: 69.171707 | AG13: 68.902439 | AH13: 68.47439 | AI13: 66.873171 | AJ13: 64.935854 | AK13: 64.467073 | AL13: 65.22122 | AM13: 66.194146 | AN13: 66.950732 | AO13: 66.783902 | AP13: 66.043659 | AQ13: 65.341463 | AR13: 65.487805 | AS13: 65.085366 | AT13: 65.007561 | AU13: 65.42122 | AV13: 65.47 | AW13: 66.643171 | AX13: 67.497561 | AY13: 67.84878 | AZ13: 68.604878 | BA13: 68.856098 | BB13: 69.658537 | BC13: 70.365854 | BD13: 70.365854 | BE13: 70.365854 | BG13: =BE13-C13 -> 4.310561 | BH13: =AE13-C13 -> 3.4090976 | BI13: =BE13-AE13 -> 0.90146341
